Workbook
Name Raison_sociale: Clients!$B$3
Name RaisonSociale: OFFSET(Clients!$B$4,0,0,COUNTA(Clients!$B:$B)-1,1)
Name Ref_Client: Clients!$A$3

Sheet Entrées Heures de travail 2019
A1: 1 | B1: 2019 | C1: Janvier
A2: Jours | C2: Date | D2: Client | E2: Heures de vol en min. | F2: Heures théorie en min. | H2: Recettes Vol | I2: Recettes Théorie | J2: Recette Client | K2: Heures de Présences | L2: Jours de présence | M2: Trajets | N2: Règlement | O2: Référence | P2: Pointage | Q2: Spécifique
A4: 1 | B4: =IF(C4>0,C4,"") -> 42195 | C4: 42195 | E4: 120 | H4: =IF(E4>0,'Base de données - Taxes'!F$4/60*E4,"") -> 80 | I4: =IF(F4>0,'Base de données - Taxes'!F$5/60*F4,"") | J4: =SUM(H4:I4) -> 80 | K4: 480 | L4: =IF(E4>0,1,IF(F4>0,1,"")) -> 1 | M4: 2
A5: 2 | B5: =IF(C5>0,C5,"") | E5: 120 | F5: 60 | H5: =IF(E5>0,'Base de données - Taxes'!F$4/60*E5,"") -> 80 | I5: =IF(F5>0,'Base de données - Taxes'!F$5/60*F5,"") -> 15 | J5: =SUM(H5:I5) -> 95 | K5: 480 | L5: =IF(E5>0,1,IF(F5>0,1,"")) -> 1 | M5: 2
A6: 3 | B6: =IF(C6>0,C6,"") | E6: 120 | F6: 60 | H6: =IF(E6>0,'Base de données - Taxes'!F$4/60*E6,"") -> 80 | I6: =IF(F6>0,'Base de données - Taxes'!F$5/60*F6,"") -> 15 | J6: =SUM(H6:I6) -> 95 | K6: 480 | L6: =IF(E6>0,1,IF(F6>0,1,"")) -> 1 | M6: 2
A7: 4 | B7: =IF(C7>0,C7,"") | E7: 120 | F7: 60 | H7: =IF(E7>0,'Base de données - Taxes'!F$4/60*E7,"") -> 80 | I7: =IF(F7>0,'Base de données - Taxes'!F$5/60*F7,"") -> 15 | J7: =SUM(H7:I7) -> 95 | K7: 480 | L7: =IF(E7>0,1,IF(F7>0,1,"")) -> 1
A8: 5 | B8: =IF(C8>0,C8,"") | E8: 120 | F8: 60 | H8: =IF(E8>0,'Base de données - Taxes'!F$4/60*E8,"") -> 80 | I8: =IF(F8>0,'Base de données - Taxes'!F$5/60*F8,"") -> 15 | J8: =SUM(H8:I8) -> 95 | K8: 480 | L8: =IF(E8>0,1,IF(F8>0,1,"")) -> 1
A9: 6 | B9: =IF(C9>0,C9,"") | E9: 120 | F9: 60 | H9: =IF(E9>0,'Base de données - Taxes'!F$4/60*E9,"") -> 80 | I9: =IF(F9>0,'Base de données - Taxes'!F$5/60*F9,"") -> 15 | J9: =SUM(H9:I9) -> 95 | K9: 480 | L9: =IF(E9>0,1,IF(F9>0,1,"")) -> 1 | M9: 1
A10: 7 | B10: =IF(C10>0,C10,"") | E10: 120 | F10: 60 | H10: =IF(E10>0,'Base de données - Taxes'!F$4/60*E10,"") -> 80 | I10: =IF(F10>0,'Base de données - Taxes'!F$5/60*F10,"") -> 15 | J10: =SUM(H10:I10) -> 95 | K10: 480 | L10: =IF(E10>0,1,IF(F10>0,1,"")) -> 1
A11: 8 | B11: =IF(C11>0,C11,"") | E11: 120 | F11: 60 | H11: =IF(E11>0,'Base de données - Taxes'!F$4/60*E11,"") -> 80 | I11: =IF(F11>0,'Base de données - Taxes'!F$5/60*F11,"") -> 15 | J11: =SUM(H11:I11) -> 95 | K11: 480 | L11: =IF(E11>0,1,IF(F11>0,1,"")) -> 1
A12: 9 | B12: =IF(C12>0,C12,"") | E12: 120 | F12: 60 | H12: =IF(E12>0,'Base de données - Taxes'!F$4/60*E12,"") -> 80 | I12: =IF(F12>0,'Base de données - Taxes'!F$5/60*F12,"") -> 15 | J12: =SUM(H12:I12) -> 95 | K12: 480 | L12: =IF(E12>0,1,IF(F12>0,1,"")) -> 1
A13: 10 | B13: =IF(C13>0,C13,"") | E13: 120 | F13: 60 | H13: =IF(E13>0,'Base de données - Taxes'!F$4/60*E13,"") -> 80 | I13: =IF(F13>0,'Base de données - Taxes'!F$5/60*F13,"") -> 15 | J13: =SUM(H13:I13) -> 95 | K13: 480 | L13: =IF(E13>0,1,IF(F13>0,1,"")) -> 1
A14: 11 | B14: =IF(C14>0,C14,"") | H14: =IF(E14>0,'Base de données - Taxes'!F$4/60*E14,"") | I14: =IF(F14>0,'Base de données - Taxes'!F$5/60*F14,"") | J14: =SUM(H14:I14) -> 0 | L14: =IF(E14>0,1,IF(F14>0,1,""))
A15: 12 | B15: =IF(C15>0,C15,"") | H15: =IF(E15>0,'Base de données - Taxes'!F$4/60*E15,"") | I15: =IF(F15>0,'Base de données - Taxes'!F$5/60*F15,"") | J15: =SUM(H15:I15) -> 0 | L15: =IF(E15>0,1,IF(F15>0,1,""))
A16: 13 | B16: =IF(C16>0,C16,"") | H16: =IF(E16>0,'Base de données - Taxes'!F$4/60*E16,"") | I16: =IF(F16>0,'Base de données - Taxes'!F$5/60*F16,"") | J16: =SUM(H16:I16) -> 0 | L16: =IF(E16>0,1,IF(F16>0,1,""))
A17: 14 | B17: =IF(C17>0,C17,"") | H17: =IF(E17>0,'Base de données - Taxes'!F$4/60*E17,"") | I17: =IF(F17>0,'Base de données - Taxes'!F$5/60*F17,"") | J17: =SUM(H17:I17) -> 0 | L17: =IF(E17>0,1,IF(F17>0,1,""))
A18: 15 | B18: =IF(C18>0,C18,"") | H18: =IF(E18>0,'Base de données - Taxes'!F$4/60*E18,"") | I18: =IF(F18>0,'Base de données - Taxes'!F$5/60*F18,"") | J18: =SUM(H18:I18) -> 0 | L18: =IF(E18>0,1,IF(F18>0,1,""))
A19: 16 | B19: =IF(C19>0,C19,"") | H19: =IF(E19>0,'Base de données - Taxes'!F$4/60*E19,"") | I19: =IF(F19>0,'Base de données - Taxes'!F$5/60*F19,"") | J19: =SUM(H19:I19) -> 0 | L19: =IF(E19>0,1,IF(F19>0,1,""))
A20: 17 | B20: =IF(C20>0,C20,"") | H20: =IF(E20>0,'Base de données - Taxes'!F$4/60*E20,"") | I20: =IF(F20>0,'Base de données - Taxes'!F$5/60*F20,"") | J20: =SUM(H20:I20) -> 0 | L20: =IF(E20>0,1,IF(F20>0,1,""))
A21: 18 | B21: =IF(C21>0,C21,"") | H21: =IF(E21>0,'Base de données - Taxes'!F$4/60*E21,"") | I21: =IF(F21>0,'Base de données - Taxes'!F$5/60*F21,"") | J21: =SUM(H21:I21) -> 0 | L21: =IF(E21>0,1,IF(F21>0,1,""))
A22: 19 | B22: =IF(C22>0,C22,"") | H22: =IF(E22>0,'Base de données - Taxes'!F$4/60*E22,"") | I22: =IF(F22>0,'Base de données - Taxes'!F$5/60*F22,"") | J22: =SUM(H22:I22) -> 0 | L22: =IF(E22>0,1,IF(F22>0,1,""))
A23: 20 | B23: =IF(C23>0,C23,"") | H23: =IF(E23>0,'Base de données - Taxes'!F$4/60*E23,"") | I23: =IF(F23>0,'Base de données - Taxes'!F$5/60*F23,"") | J23: =SUM(H23:I23) -> 0 | L23: =IF(E23>0,1,IF(F23>0,1,""))
A24: 21 | B24: =IF(C24>0,C24,"") | H24: =IF(E24>0,'Base de données - Taxes'!F$4/60*E24,"") | I24: =IF(F24>0,'Base de données - Taxes'!F$5/60*F24,"") | J24: =SUM(H24:I24) -> 0 | L24: =IF(E24>0,1,IF(F24>0,1,""))
A25: 22 | B25: =IF(C25>0,C25,"") | H25: =IF(E25>0,'Base de données - Taxes'!F$4/60*E25,"") | I25: =IF(F25>0,'Base de données - Taxes'!F$5/60*F25,"") | J25: =SUM(H25:I25) -> 0 | L25: =IF(E25>0,1,IF(F25>0,1,""))
... A34: 31 | B34: =IF(C34>0,C34,"") | H34: =IF(E34>0,'Base de données - Taxes'!F$4/60*E34,"") | I34: =IF(F34>0,'Base de données - Taxes'!F$5/60*F34,"") | J34: =SUM(H34:I34) -> 0 | L34: =IF(E34>0,1,IF(F34>0,1,""))
D37: Minutes | E37: =SUM(E4:E35) -> 1200 | F37: =SUM(F4:F35) -> 540 | H37: =SUM(H4:H35) -> 800 | I37: =SUM(I4:I35) -> 135 | J37: =SUM(J4:J35) -> 935 | K37: =SUM(K4:K34) -> 4800 | L37: =SUM(L4:L34) -> 10 | M37: =SUM(M4:M36) -> 7
D38: Heures | E38: =E37/60 -> 20 | F38: =F37/60 -> 9 | K38: =K37/60 -> 80
A39: 2 | B39: =B1 -> 2019 | C39: Février
C40: Date | D40: Client | E40: Heures de vol en min. | F40: Heures théorie en min. | H40: Recettes Vol | I40: Recettes Théorie | J40: Recette Client | K40: Heures de Présences | L40: Jours de présence | M40: Trajets | N40: Règlement | O40: Référence | P40: Pointage | Q40: Spécifique
A42: 1 | B42: =IF(C42>0,C42,"") -> 42269 | C42: 42269 | D42: HUGO | E42: 23 | F42: 15 | H42: =IF(E42>0,'Base de données - Taxes'!F$4/60*E42,"") -> 15.333333 | I42: =IF(F42>0,'Base de données - Taxes'!F$5/60*F42,"") -> 3.75 | J42: =SUM(H42:I42) -> 19.083333 | K42: 480 | L42: =IF(E42>0,1,IF(F42>0,1,"")) -> 1
A43: 2 | B43: =IF(C43>0,C43,"") -> 42270 | C43: 42270 | E43: 60 | F43: 30 | H43: =IF(E43>0,'Base de données - Taxes'!F$4/60*E43,"") -> 40 | I43: =IF(F43>0,'Base de données - Taxes'!F$5/60*F43,"") -> 7.5 | J43: =SUM(H43:I43) -> 47.5 | L43: =IF(E43>0,1,IF(F43>0,1,"")) -> 1
A44: 3 | B44: =IF(C44>0,C44,"") -> 42271 | C44: 42271 | E44: 50 | F44: 45 | H44: =IF(E44>0,'Base de données - Taxes'!F$4/60*E44,"") -> 33.333333 | I44: =IF(F44>0,'Base de données - Taxes'!F$5/60*F44,"") -> 11.25 | J44: =SUM(H44:I44) -> 44.583333 | L44: =IF(E44>0,1,IF(F44>0,1,"")) -> 1
A45: 4 | B45: =IF(C45>0,C45,"") -> 42272 | C45: 42272 | E45: 180 | F45: 120 | H45: =IF(E45>0,'Base de données - Taxes'!F$4/60*E45,"") -> 120 | I45: =IF(F45>0,'Base de données - Taxes'!F$5/60*F45,"") -> 30 | J45: =SUM(H45:I45) -> 150 | L45: =IF(E45>0,1,IF(F45>0,1,"")) -> 1
A46: 5 | B46: =IF(C46>0,C46,"") | F46: 50 | H46: =IF(E46>0,'Base de données - Taxes'!F$4/60*E46,"") | I46: =IF(F46>0,'Base de données - Taxes'!F$5/60*F46,"") -> 12.5 | J46: =SUM(H46:I46) -> 12.5 | L46: =IF(E46>0,1,IF(F46>0,1,"")) -> 1
A47: 6 | B47: =IF(C47>0,C47,"") | H47: =IF(E47>0,'Base de données - Taxes'!F$4/60*E47,"") | I47: =IF(F47>0,'Base de données - Taxes'!F$5/60*F47,"") | J47: =SUM(H47:I47) -> 0 | L47: =IF(E47>0,1,IF(F47>0,1,""))
A48: 7 | B48: =IF(C48>0,C48,"") | H48: =IF(E48>0,'Base de données - Taxes'!F$4/60*E48,"") | I48: =IF(F48>0,'Base de données - Taxes'!F$5/60*F48,"") | J48: =SUM(H48:I48) -> 0 | L48: =IF(E48>0,1,IF(F48>0,1,""))
A49: 8 | B49: =IF(C49>0,C49,"") | H49: =IF(E49>0,'Base de données - Taxes'!F$4/60*E49,"") | I49: =IF(F49>0,'Base de données - Taxes'!F$5/60*F49,"") | J49: =SUM(H49:I49) -> 0 | L49: =IF(E49>0,1,IF(F49>0,1,""))
A50: 9 | B50: =IF(C50>0,C50,"") | H50: =IF(E50>0,'Base de données - Taxes'!F$4/60*E50,"") | I50: =IF(F50>0,'Base de données - Taxes'!F$5/60*F50,"") | J50: =SUM(H50:I50) -> 0 | L50: =IF(E50>0,1,IF(F50>0,1,""))
A51: 10 | B51: =IF(C51>0,C51,"") | H51: =IF(E51>0,'Base de données - Taxes'!F$4/60*E51,"") | I51: =IF(F51>0,'Base de données - Taxes'!F$5/60*F51,"") | J51: =SUM(H51:I51) -> 0 | L51: =IF(E51>0,1,IF(F51>0,1,""))
A52: 11 | B52: =IF(C52>0,C52,"") | H52: =IF(E52>0,'Base de données - Taxes'!F$4/60*E52,"") | I52: =IF(F52>0,'Base de données - Taxes'!F$5/60*F52,"") | J52: =SUM(H52:I52) -> 0 | L52: =IF(E52>0,1,IF(F52>0,1,""))
A53: 12 | B53: =IF(C53>0,C53,"") | H53: =IF(E53>0,'Base de données - Taxes'!F$4/60*E53,"") | I53: =IF(F53>0,'Base de données - Taxes'!F$5/60*F53,"") | J53: =SUM(H53:I53) -> 0 | L53: =IF(E53>0,1,IF(F53>0,1,""))
A54: 13 | B54: =IF(C54>0,C54,"") | H54: =IF(E54>0,'Base de données - Taxes'!F$4/60*E54,"") | I54: =IF(F54>0,'Base de données - Taxes'!F$5/60*F54,"") | J54: =SUM(H54:I54) -> 0 | L54: =IF(E54>0,1,IF(F54>0,1,""))
A55: 14 | B55: =IF(C55>0,C55,"") | H55: =IF(E55>0,'Base de données - Taxes'!F$4/60*E55,"") | I55: =IF(F55>0,'Base de données - Taxes'!F$5/60*F55,"") | J55: =SUM(H55:I55) -> 0 | L55: =IF(E55>0,1,IF(F55>0,1,""))
A56: 15 | B56: =IF(C56>0,C56,"") | H56: =IF(E56>0,'Base de données - Taxes'!F$4/60*E56,"") | I56: =IF(F56>0,'Base de données - Taxes'!F$5/60*F56,"") | J56: =SUM(H56:I56) -> 0 | L56: =IF(E56>0,1,IF(F56>0,1,""))
A57: 16 | B57: =IF(C57>0,C57,"") | H57: =IF(E57>0,'Base de données - Taxes'!F$4/60*E57,"") | I57: =IF(F57>0,'Base de données - Taxes'!F$5/60*F57,"") | J57: =SUM(H57:I57) -> 0 | L57: =IF(E57>0,1,IF(F57>0,1,""))
A58: 17 | B58: =IF(C58>0,C58,"") | H58: =IF(E58>0,'Base de données - Taxes'!F$4/60*E58,"") | I58: =IF(F58>0,'Base de données - Taxes'!F$5/60*F58,"") | J58: =SUM(H58:I58) -> 0 | L58: =IF(E58>0,1,IF(F58>0,1,""))
... A72: 31 | B72: =IF(C72>0,C72,"") | H72: =IF(E72>0,'Base de données - Taxes'!F$4/60*E72,"") | I72: =IF(F72>0,'Base de données - Taxes'!F$5/60*F72,"") | J72: =SUM(H72:I72) -> 0 | L72: =IF(E72>0,1,IF(F72>0,1,""))
D75: Minutes | E75: =SUM(E42:E73) -> 313 | F75: =SUM(F42:F73) -> 260 | H75: =SUM(H42:H73) -> 208.66667 | I75: =SUM(I42:I73) -> 65 | J75: =SUM(J42:J73) -> 273.66667 | K75: =SUM(K42:K72) -> 480 | L75: =SUM(L42:L72) -> 5 | M75: =SUM(M42:M72) -> 0
D76: Heures | E76: =E75/60 -> 5.2166667 | F76: =F75/60 -> 4.3333333
B77: =B1 -> 2019 | C77: Mars
C78: Date | D78: Client | E78: Heures de vol en min. | F78: Heures théorie en min. | H78: Recettes Vol | I78: Recettes Théorie | J78: Recette Client | K78: Heures de Présences | L78: Jours de présence | M78: Trajets | N78: Règlement | O78: Référence | P78: Pointage | Q78: Spécifique
A80: 1 | B80: =IF(C80>0,C80,"") -> 42269 | C80: 42269 | D80: HUGO | E80: 23 | F80: 15 | H80: =IF(E80>0,'Base de données - Taxes'!F$4/60*E80,"") -> 15.333333 | I80: =IF(F80>0,'Base de données - Taxes'!F$5/60*F80,"") -> 3.75 | J80: =SUM(H80:I80) -> 19.083333 | L80: =IF(E80>0,1,IF(F80>0,1,"")) -> 1
A81: 2 | B81: =IF(C81>0,C81,"") -> 42270 | C81: 42270 | E81: 60 | F81: 30 | H81: =IF(E81>0,'Base de données - Taxes'!F$4/60*E81,"") -> 40 | I81: =IF(F81>0,'Base de données - Taxes'!F$5/60*F81,"") -> 7.5 | J81: =SUM(H81:I81) -> 47.5 | L81: =IF(E81>0,1,IF(F81>0,1,"")) -> 1
A82: 3 | B82: =IF(C82>0,C82,"") -> 42271 | C82: 42271 | E82: 50 | F82: 45 | H82: =IF(E82>0,'Base de données - Taxes'!F$4/60*E82,"") -> 33.333333 | I82: =IF(F82>0,'Base de données - Taxes'!F$5/60*F82,"") -> 11.25 | J82: =SUM(H82:I82) -> 44.583333 | L82: =IF(E82>0,1,IF(F82>0,1,"")) -> 1
A83: 4 | B83: =IF(C83>0,C83,"") -> 42272 | C83: 42272 | E83: 180 | F83: 120 | H83: =IF(E83>0,'Base de données - Taxes'!F$4/60*E83,"") -> 120 | I83: =IF(F83>0,'Base de données - Taxes'!F$5/60*F83,"") -> 30 | J83: =SUM(H83:I83) -> 150 | L83: =IF(E83>0,1,IF(F83>0,1,"")) -> 1
A84: 5 | B84: =IF(C84>0,C84,"") | E84: 150 | F84: 90 | H84: =IF(E84>0,'Base de données - Taxes'!F$4/60*E84,"") -> 100 | I84: =IF(F84>0,'Base de données - Taxes'!F$5/60*F84,"") -> 22.5 | J84: =SUM(H84:I84) -> 122.5 | L84: =IF(E84>0,1,IF(F84>0,1,"")) -> 1
A85: 6 | B85: =IF(C85>0,C85,"") | H85: =IF(E85>0,'Base de données - Taxes'!F$4/60*E85,"") | I85: =IF(F85>0,'Base de données - Taxes'!F$5/60*F85,"") | J85: =SUM(H85:I85) -> 0 | L85: =IF(E85>0,1,IF(F85>0,1,""))
A86: 7 | B86: =IF(C86>0,C86,"") | H86: =IF(E86>0,'Base de données - Taxes'!F$4/60*E86,"") | I86: =IF(F86>0,'Base de données - Taxes'!F$5/60*F86,"") | J86: =SUM(H86:I86) -> 0 | L86: =IF(E86>0,1,IF(F86>0,1,""))
A87: 8 | B87: =IF(C87>0,C87,"") | H87: =IF(E87>0,'Base de données - Taxes'!F$4/60*E87,"") | I87: =IF(F87>0,'Base de données - Taxes'!F$5/60*F87,"") | J87: =SUM(H87:I87) -> 0 | L87: =IF(E87>0,1,IF(F87>0,1,""))
A88: 9 | B88: =IF(C88>0,C88,"") | H88: =IF(E88>0,'Base de données - Taxes'!F$4/60*E88,"") | I88: =IF(F88>0,'Base de données - Taxes'!F$5/60*F88,"") | J88: =SUM(H88:I88) -> 0 | L88: =IF(E88>0,1,IF(F88>0,1,""))
A89: 10 | B89: =IF(C89>0,C89,"") | H89: =IF(E89>0,'Base de données - Taxes'!F$4/60*E89,"") | I89: =IF(F89>0,'Base de données - Taxes'!F$5/60*F89,"") | J89: =SUM(H89:I89) -> 0 | L89: =IF(E89>0,1,IF(F89>0,1,""))
A90: 11 | B90: =IF(C90>0,C90,"") | H90: =IF(E90>0,'Base de données - Taxes'!F$4/60*E90,"") | I90: =IF(F90>0,'Base de données - Taxes'!F$5/60*F90,"") | J90: =SUM(H90:I90) -> 0 | L90: =IF(E90>0,1,IF(F90>0,1,""))
A91: 12 | B91: =IF(C91>0,C91,"") | H91: =IF(E91>0,'Base de données - Taxes'!F$4/60*E91,"") | I91: =IF(F91>0,'Base de données - Taxes'!F$5/60*F91,"") | J91: =SUM(H91:I91) -> 0 | L91: =IF(E91>0,1,IF(F91>0,1,""))
A92: 13 | B92: =IF(C92>0,C92,"") | H92: =IF(E92>0,'Base de données - Taxes'!F$4/60*E92,"") | I92: =IF(F92>0,'Base de données - Taxes'!F$5/60*F92,"") | J92: =SUM(H92:I92) -> 0 | L92: =IF(E92>0,1,IF(F92>0,1,""))
A93: 14 | B93: =IF(C93>0,C93,"") | H93: =IF(E93>0,'Base de données - Taxes'!F$4/60*E93,"") | I93: =IF(F93>0,'Base de données - Taxes'!F$5/60*F93,"") | J93: =SUM(H93:I93) -> 0 | L93: =IF(E93>0,1,IF(F93>0,1,""))
A94: 15 | B94: =IF(C94>0,C94,"") | H94: =IF(E94>0,'Base de données - Taxes'!F$4/60*E94,"") | I94: =IF(F94>0,'Base de données - Taxes'!F$5/60*F94,"") | J94: =SUM(H94:I94) -> 0 | L94: =IF(E94>0,1,IF(F94>0,1,""))
A95: 16 | B95: =IF(C95>0,C95,"") | H95: =IF(E95>0,'Base de données - Taxes'!F$4/60*E95,"") | I95: =IF(F95>0,'Base de données - Taxes'!F$5/60*F95,"") | J95: =SUM(H95:I95) -> 0 | L95: =IF(E95>0,1,IF(F95>0,1,""))
A96: 17 | B96: =IF(C96>0,C96,"") | H96: =IF(E96>0,'Base de données - Taxes'!F$4/60*E96,"") | I96: =IF(F96>0,'Base de données - Taxes'!F$5/60*F96,"") | J96: =SUM(H96:I96) -> 0 | L96: =IF(E96>0,1,IF(F96>0,1,""))
... A110: 31 | B110: =IF(C110>0,C110,"") | H110: =IF(E110>0,'Base de données - Taxes'!F$4/60*E110,"") | I110: =IF(F110>0,'Base de données - Taxes'!F$5/60*F110,"") | J110: =SUM(H110:I110) -> 0 | L110: =IF(E110>0,1,IF(F110>0,1,""))
D113: Minutes | E113: =SUM(E80:E111) -> 463 | F113: =SUM(F80:F111) -> 300 | H113: =SUM(H80:H111) -> 308.66667 | I113: =SUM(I80:I111) -> 75 | J113: =SUM(J80:J111) -> 383.66667 | K113: =SUM(K80:K110) -> 0 | L113: =SUM(L80:L110) -> 5 | M113: =SUM(M80:M110) -> 0
D114: Heures | E114: =E113/60 -> 7.7166667 | F114: =F113/60 -> 5
B115: =B1 -> 2019 | C115: Avril
C116: Date | D116: Client | E116: Heures de vol en min. | F116: Heures théorie en min. | H116: Recettes Vol | I116: Recettes Théorie | J116: Recette Client | K116: Heures de Présences | L116: Jours de présence | M116: Trajets | N116: Règlement | O116: Référence | P116: Pointage | Q116: Spécifique
A118: 1 | B118: =IF(C118>0,C118,"") -> 42269 | C118: 42269 | D118: HUGO | E118: 23 | F118: 15 | H118: =IF(E118>0,'Base de données - Taxes'!F$4/60*E118,"") -> 15.333333 | I118: =IF(F118>0,'Base de données - Taxes'!F$5/60*F118,"") -> 3.75 | J118: =SUM(H118:I118) -> 19.083333 | L118: =IF(E118>0,1,IF(F118>0,1,"")) -> 1
A119: 2 | B119: =IF(C119>0,C119,"") -> 42270 | C119: 42270 | E119: 60 | F119: 30 | H119: =IF(E119>0,'Base de données - Taxes'!F$4/60*E119,"") -> 40 | I119: =IF(F119>0,'Base de données - Taxes'!F$5/60*F119,"") -> 7.5 | J119: =SUM(H119:I119) -> 47.5 | L119: =IF(E119>0,1,IF(F119>0,1,"")) -> 1
A120: 3 | B120: =IF(C120>0,C120,"") -> 42271 | C120: 42271 | E120: 50 | F120: 45 | H120: =IF(E120>0,'Base de données - Taxes'!F$4/60*E120,"") -> 33.333333 | I120: =IF(F120>0,'Base de données - Taxes'!F$5/60*F120,"") -> 11.25 | J120: =SUM(H120:I120) -> 44.583333 | L120: =IF(E120>0,1,IF(F120>0,1,"")) -> 1
A121: 4 | B121: =IF(C121>0,C121,"") | H121: =IF(E121>0,'Base de données - Taxes'!F$4/60*E121,"") | I121: =IF(F121>0,'Base de données - Taxes'!F$5/60*F121,"") | J121: =SUM(H121:I121) -> 0 | L121: =IF(E121>0,1,IF(F121>0,1,""))
A122: 5 | B122: =IF(C122>0,C122,"") | H122: =IF(E122>0,'Base de données - Taxes'!F$4/60*E122,"") | I122: =IF(F122>0,'Base de données - Taxes'!F$5/60*F122,"") | J122: =SUM(H122:I122) -> 0 | L122: =IF(E122>0,1,IF(F122>0,1,""))
A123: 6 | B123: =IF(C123>0,C123,"") | H123: =IF(E123>0,'Base de données - Taxes'!F$4/60*E123,"") | I123: =IF(F123>0,'Base de données - Taxes'!F$5/60*F123,"") | J123: =SUM(H123:I123) -> 0 | L123: =IF(E123>0,1,IF(F123>0,1,""))
A124: 7 | B124: =IF(C124>0,C124,"") | H124: =IF(E124>0,'Base de données - Taxes'!F$4/60*E124,"") | I124: =IF(F124>0,'Base de données - Taxes'!F$5/60*F124,"") | J124: =SUM(H124:I124) -> 0 | L124: =IF(E124>0,1,IF(F124>0,1,""))
A125: 8 | B125: =IF(C125>0,C125,"") | H125: =IF(E125>0,'Base de données - Taxes'!F$4/60*E125,"") | I125: =IF(F125>0,'Base de données - Taxes'!F$5/60*F125,"") | J125: =SUM(H125:I125) -> 0 | L125: =IF(E125>0,1,IF(F125>0,1,""))
A126: 9 | B126: =IF(C126>0,C126,"") | H126: =IF(E126>0,'Base de données - Taxes'!F$4/60*E126,"") | I126: =IF(F126>0,'Base de données - Taxes'!F$5/60*F126,"") | J126: =SUM(H126:I126) -> 0 | L126: =IF(E126>0,1,IF(F126>0,1,""))
A127: 10 | B127: =IF(C127>0,C127,"") | H127: =IF(E127>0,'Base de données - Taxes'!F$4/60*E127,"") | I127: =IF(F127>0,'Base de données - Taxes'!F$5/60*F127,"") | J127: =SUM(H127:I127) -> 0 | L127: =IF(E127>0,1,IF(F127>0,1,""))
A128: 11 | B128: =IF(C128>0,C128,"") | H128: =IF(E128>0,'Base de données - Taxes'!F$4/60*E128,"") | I128: =IF(F128>0,'Base de données - Taxes'!F$5/60*F128,"") | J128: =SUM(H128:I128) -> 0 | L128: =IF(E128>0,1,IF(F128>0,1,""))
A129: 12 | B129: =IF(C129>0,C129,"") | H129: =IF(E129>0,'Base de données - Taxes'!F$4/60*E129,"") | I129: =IF(F129>0,'Base de données - Taxes'!F$5/60*F129,"") | J129: =SUM(H129:I129) -> 0 | L129: =IF(E129>0,1,IF(F129>0,1,""))
A130: 13 | B130: =IF(C130>0,C130,"") | H130: =IF(E130>0,'Base de données - Taxes'!F$4/60*E130,"") | I130: =IF(F130>0,'Base de données - Taxes'!F$5/60*F130,"") | J130: =SUM(H130:I130) -> 0 | L130: =IF(E130>0,1,IF(F130>0,1,""))
A131: 14 | B131: =IF(C131>0,C131,"") | H131: =IF(E131>0,'Base de données - Taxes'!F$4/60*E131,"") | I131: =IF(F131>0,'Base de données - Taxes'!F$5/60*F131,"") | J131: =SUM(H131:I131) -> 0 | L131: =IF(E131>0,1,IF(F131>0,1,""))
A132: 15 | B132: =IF(C132>0,C132,"") | H132: =IF(E132>0,'Base de données - Taxes'!F$4/60*E132,"") | I132: =IF(F132>0,'Base de données - Taxes'!F$5/60*F132,"") | J132: =SUM(H132:I132) -> 0 | L132: =IF(E132>0,1,IF(F132>0,1,""))
... A148: 31 | B148: =IF(C148>0,C148,"") | H148: =IF(E148>0,'Base de données - Taxes'!F$4/60*E148,"") | I148: =IF(F148>0,'Base de données - Taxes'!F$5/60*F148,"") | J148: =SUM(H148:I148) -> 0 | L148: =IF(E148>0,1,IF(F148>0,1,""))
D151: Minutes | E151: =SUM(E118:E149) -> 133 | F151: =SUM(F118:F149) -> 90 | H151: =SUM(H118:H149) -> 88.666667 | I151: =SUM(I118:I149) -> 22.5 | J151: =SUM(J118:J149) -> 111.16667 | K151: =SUM(K118:K148) -> 0 | L151: =SUM(L118:L148) -> 3 | M151: =SUM(M118:M148) -> 0
D152: Heures | E152: =E151/60 -> 2.2166667 | F152: =F151/60 -> 1.5
B153: =B1 -> 2019 | C153: Mai
C154: Date | D154: Client | E154: Heures de vol en min. | F154: Heures théorie en min. | H154: Recettes Vol | I154: Recettes Théorie | J154: Recette Client | K154: Heures de Présences | L154: Jours de présence | M154: Trajets | N154: Règlement | O154: Référence | P154: Pointage | Q154: Spécifique
A156: 1 | B156: =IF(C156>0,C156,"") -> 42269 | C156: 42269 | D156: HUGO | E156: 23 | F156: 15 | H156: =IF(E156>0,'Base de données - Taxes'!F$4/60*E156,"") -> 15.333333 | I156: =IF(F156>0,'Base de données - Taxes'!F$5/60*F156,"") -> 3.75 | J156: =SUM(H156:I156) -> 19.083333 | L156: =IF(E156>0,1,IF(F156>0,1,"")) -> 1
A157: 2 | B157: =IF(C157>0,C157,"") -> 42270 | C157: 42270 | E157: 60 | F157: 30 | H157: =IF(E157>0,'Base de données - Taxes'!F$4/60*E157,"") -> 40 | I157: =IF(F157>0,'Base de données - Taxes'!F$5/60*F157,"") -> 7.5 | J157: =SUM(H157:I157) -> 47.5 | L157: =IF(E157>0,1,IF(F157>0,1,"")) -> 1
A158: 3 | B158: =IF(C158>0,C158,"") -> 42271 | C158: 42271 | E158: 50 | F158: 45 | H158: =IF(E158>0,'Base de données - Taxes'!F$4/60*E158,"") -> 33.333333 | I158: =IF(F158>0,'Base de données - Taxes'!F$5/60*F158,"") -> 11.25 | J158: =SUM(H158:I158) -> 44.583333 | L158: =IF(E158>0,1,IF(F158>0,1,"")) -> 1
A159: 4 | B159: =IF(C159>0,C159,"") -> 42272 | C159: 42272 | E159: 180 | F159: 120 | H159: =IF(E159>0,'Base de données - Taxes'!F$4/60*E159,"") -> 120 | I159: =IF(F159>0,'Base de données - Taxes'!F$5/60*F159,"") -> 30 | J159: =SUM(H159:I159) -> 150 | L159: =IF(E159>0,1,IF(F159>0,1,"")) -> 1
A160: 5 | B160: =IF(C160>0,C160,"") -> 42273 | C160: 42273 | E160: 150 | F160: 90 | H160: =IF(E160>0,'Base de données - Taxes'!F$4/60*E160,"") -> 100 | I160: =IF(F160>0,'Base de données - Taxes'!F$5/60*F160,"") -> 22.5 | J160: =SUM(H160:I160) -> 122.5 | L160: =IF(E160>0,1,IF(F160>0,1,"")) -> 1
A161: 6 | B161: =IF(C161>0,C161,"") -> 42274 | C161: 42274 | E161: 240 | F161: 120 | H161: =IF(E161>0,'Base de données - Taxes'!F$4/60*E161,"") -> 160 | I161: =IF(F161>0,'Base de données - Taxes'!F$5/60*F161,"") -> 30 | J161: =SUM(H161:I161) -> 190 | L161: =IF(E161>0,1,IF(F161>0,1,"")) -> 1
A162: 7 | B162: =IF(C162>0,C162,"") -> 42275 | C162: 42275 | E162: 50 | F162: 30 | H162: =IF(E162>0,'Base de données - Taxes'!F$4/60*E162,"") -> 33.333333 | I162: =IF(F162>0,'Base de données - Taxes'!F$5/60*F162,"") -> 7.5 | J162: =SUM(H162:I162) -> 40.833333 | L162: =IF(E162>0,1,IF(F162>0,1,"")) -> 1
...

Sheet Recettes Brut
A1: Recettes
B3: Mois | C3: Intitulé | D3: Client | E3: Recette sans base | F3: Salaire de base 700€/mois | G3: Jours de présence | H3: Mode de règlement | I3: Pièces justificatives | J3: Recette | K3: Pointage Banque | L3: Date
A5: 1 | B5: Janvier | C5: FI(A) | D5: ACJC | E5: ='Entrées Heures de travail 2019'!J37 -> 935 | F5: =700/22*G5 -> 318.18182 | G5: ='Entrées Heures de travail 2019'!L37 -> 10 | H5: Virement | J5: =SUM(E5:F5) -> 1253.1818
A6: 2 | B6: Février | E6: ='Entrées Heures de travail 2019'!J75 -> 273.66667 | F6: =700/20*G6 -> 175 | G6: ='Entrées Heures de travail 2019'!L75 -> 5 | J6: =SUM(E6:F6) -> 448.66667
A7: 3 | B7: Mars | E7: ='Entrées Heures de travail 2019'!J113 -> 383.66667 | F7: =700/22*G7 -> 159.09091 | G7: ='Entrées Heures de travail 2019'!L113 -> 5 | J7: =SUM(E7:F7) -> 542.75758
A8: 4 | B8: Avril | E8: ='Entrées Heures de travail 2019'!J151 -> 111.16667 | F8: =700/22*G8 -> 95.454545 | G8: ='Entrées Heures de travail 2019'!L151 -> 3 | J8: =SUM(E8:F8) -> 206.62121
A9: 5 | B9: Mai | E9: ='Entrées Heures de travail 2019'!J189 -> 721.16667 | F9: =700/22*G9 -> 254.54545 | G9: ='Entrées Heures de travail 2019'!L189 -> 8 | J9: =SUM(E9:F9) -> 975.71212
A10: 6 | B10: Juin | E10: ='Entrées Heures de travail 2019'!J227 -> 994.5 | F10: =700/22*G10 -> 254.54545 | G10: ='Entrées Heures de travail 2019'!L227 -> 8 | J10: =SUM(E10:F10) -> 1249.0455
A11: 7 | B11: Juillet | E11: ='Entrées Heures de travail 2019'!J265 -> 413.66667 | F11: =700/22*G11 -> 190.90909 | G11: ='Entrées Heures de travail 2019'!L265 -> 6 | J11: =SUM(E11:F11) -> 604.57576
A12: 8 | B12: Août | E12: ='Entrées Heures de travail 2019'!J303 -> 521.16667 | F12: =700/22*G12 -> 190.90909 | G12: ='Entrées Heures de travail 2019'!L303 -> 6 | J12: =SUM(E12:F12) -> 712.07576
A13: 9 | B13: Septembre | E13: ='Entrées Heures de travail 2019'!J341 -> 543.66667 | F13: =700/22*G13 -> 190.90909 | G13: ='Entrées Heures de travail 2019'!L341 -> 6 | J13: =SUM(E13:F13) -> 734.57576
A14: 10 | B14: Octobre | E14: ='Entrées Heures de travail 2019'!J379 -> 313.66667 | F14: =700/22*G14 -> 190.90909 | G14: ='Entrées Heures de travail 2019'!L379 -> 6 | J14: =SUM(E14:F14) -> 504.57576
A15: 11 | B15: Novembre | E15: ='Entrées Heures de travail 2019'!J417 -> 491.16667 | F15: =700/22*G15 -> 190.90909 | G15: ='Entrées Heures de travail 2019'!L417 -> 6 | J15: =SUM(E15:F15) -> 682.07576
A16: 12 | B16: Décembre | E16: ='Entrées Heures de travail 2019'!J455 -> 19.083333 | F16: =700/22*G16 -> 31.818182 | G16: ='Entrées Heures de travail 2019'!L455 -> 1 | J16: =SUM(E16:F16) -> 50.901515

Sheet Chargees  Recettes Net
A1: Charges Sociales | E1: Année | F1: 2019
E3: 2ème Année
B4: Mois | C4: Recette | D4: Recette après abattement | E4: Cotisations sociales | F4: Taxes pour frais de chambres consulaires (CCI/CMA) | G4: Contribution à la Formation Professionnelle | H4: Cotisation Foncière des Entreprises (CFE) | I4: Impôts sur le revenu | J4: Versement libératoire | K4: Abattement forfaitaire | L4: ACCRE | N4: Solde | O4: Total Déductions en %
A6: 1 | B6: Janvier | C6: ='Recettes Brut'!J5 -> 1253.1818 | D6: =C6-K6 -> 827.1 | E6: =IF($E$3="1ère Année",$D6*'Base de données - Taxes'!$B$81/100,IF($E$3="2ème Année",$D6*'Base de données - Taxes'!$C$81/100,IF($E$3="3ème Année",$D6*'Base de données - Taxes'!$D$81/100,IF($E$3="Normal",$D6*'Base de données - Taxes'!$B$11/100,"")))) -> 90.981 | F6: =IF('Base de données - Taxes'!$B$17="X","",D6*'Base de données - Taxes'!$B$28/100) | G6: =D6*'Base de données - Taxes'!$B$40/100 -> 1.6542 | H6: =IF('Base de données - Taxes'!$B$43="X","",D6*'Base de données - Taxes'!$B$46/100) | I6: =D6*'Base de données - Taxes'!$B$54/100 -> 0 | J6: =D6*'Base de données - Taxes'!$B$70/100 -> 18.1962 | K6: =C6*'Base de données - Taxes'!$B$62/100 -> 426.08182 | N6: =C6-SUM(E6:J6) -> 1142.3504 | O6: =N6/C6 -> 0.91156 | Q6: ?
A7: 2 | B7: Février | C7: ='Recettes Brut'!J6 -> 448.66667 | D7: =C7-K7 -> 296.12 | E7: =IF($E$3="1ère Année",$D7*'Base de données - Taxes'!$B$81/100,IF($E$3="2ème Année",$D7*'Base de données - Taxes'!$C$81/100,IF($E$3="3ème Année",$D7*'Base de données - Taxes'!$D$81/100,IF($E$3="Normal",$D7*'Base de données - Taxes'!$B$11/100,"")))) -> 32.5732 | F7: =IF('Base de données - Taxes'!$B$17="X","",D7*'Base de données - Taxes'!$B$28/100) | G7: =D7*'Base de données - Taxes'!$B$40/100 -> 0.59224 | H7: =IF('Base de données - Taxes'!$B$43="X","",D7*'Base de données - Taxes'!$B$46/100) | I7: =D7*'Base de données - Taxes'!$B$54/100 -> 0 | J7: =D7*'Base de données - Taxes'!$B$70/100 -> 6.51464 | K7: =C7*'Base de données - Taxes'!$B$62/100 -> 152.54667 | N7: =C7-SUM(E7:J7) -> 408.98659 | O7: =N7/C7 -> 0.91156
A8: 3 | B8: Mars | C8: ='Recettes Brut'!J7 -> 542.75758 | D8: =C8-K8 -> 358.22 | E8: =IF($E$3="1ère Année",$D8*'Base de données - Taxes'!$B$81/100,IF($E$3="2ème Année",$D8*'Base de données - Taxes'!$C$81/100,IF($E$3="3ème Année",$D8*'Base de données - Taxes'!$D$81/100,IF($E$3="Normal",$D8*'Base de données - Taxes'!$B$11/100,"")))) -> 39.4042 | F8: =IF('Base de données - Taxes'!$B$17="X","",D8*'Base de données - Taxes'!$B$28/100) | G8: =D8*'Base de données - Taxes'!$B$40/100 -> 0.71644 | H8: =IF('Base de données - Taxes'!$B$43="X","",D8*'Base de données - Taxes'!$B$46/100) | I8: =D8*'Base de données - Taxes'!$B$54/100 -> 0 | J8: =D8*'Base de données - Taxes'!$B$70/100 -> 7.88084 | K8: =C8*'Base de données - Taxes'!$B$62/100 -> 184.53758 | N8: =C8-SUM(E8:J8) -> 494.7561 | O8: =N8/C8 -> 0.91156
A9: 4 | B9: Avril | C9: ='Recettes Brut'!J8 -> 206.62121 | D9: =C9-K9 -> 136.37 | E9: =IF($E$3="1ère Année",$D9*'Base de données - Taxes'!$B$81/100,IF($E$3="2ème Année",$D9*'Base de données - Taxes'!$C$81/100,IF($E$3="3ème Année",$D9*'Base de données - Taxes'!$D$81/100,IF($E$3="Normal",$D9*'Base de données - Taxes'!$B$11/100,"")))) -> 15.0007 | F9: =IF('Base de données - Taxes'!$B$17="X","",D9*'Base de données - Taxes'!$B$28/100) | G9: =D9*'Base de données - Taxes'!$B$40/100 -> 0.27274 | H9: =IF('Base de données - Taxes'!$B$43="X","",D9*'Base de données - Taxes'!$B$46/100) | I9: =D9*'Base de données - Taxes'!$B$54/100 -> 0 | J9: =D9*'Base de données - Taxes'!$B$70/100 -> 3.00014 | K9: =C9*'Base de données - Taxes'!$B$62/100 -> 70.251212 | N9: =C9-SUM(E9:J9) -> 188.34763 | O9: =N9/C9 -> 0.91156
A10: 5 | B10: Mai | C10: ='Recettes Brut'!J9 -> 975.71212 | D10: =C10-K10 -> 643.97 | E10: =IF($E$3="1ère Année",$D10*'Base de données - Taxes'!$B$81/100,IF($E$3="2ème Année",$D10*'Base de données - Taxes'!$C$81/100,IF($E$3="3ème Année",$D10*'Base de données - Taxes'!$D$81/100,IF($E$3="Normal",$D10*'Base de données - Taxes'!$B$11/100,"")))) -> 70.8367 | F10: =IF('Base de données - Taxes'!$B$17="X","",D10*'Base de données - Taxes'!$B$28/100) | G10: =D10*'Base de données - Taxes'!$B$40/100 -> 1.28794 | H10: =IF('Base de données - Taxes'!$B$43="X","",D10*'Base de données - Taxes'!$B$46/100) | I10: =D10*'Base de données - Taxes'!$B$54/100 -> 0 | J10: =D10*'Base de données - Taxes'!$B$70/100 -> 14.16734 | K10: =C10*'Base de données - Taxes'!$B$62/100 -> 331.74212 | N10: =C10-SUM(E10:J10) -> 889.42014 | O10: =N10/C10 -> 0.91156
A11: 6 | B11: Juin | C11: ='Recettes Brut'!J10 -> 1249.0455 | D11: =C11-K11 -> 824.37 | E11: =IF($E$3="1ère Année",$D11*'Base de données - Taxes'!$B$81/100,IF($E$3="2ème Année",$D11*'Base de données - Taxes'!$C$81/100,IF($E$3="3ème Année",$D11*'Base de données - Taxes'!$D$81/100,IF($E$3="Normal",$D11*'Base de données - Taxes'!$B$11/100,"")))) -> 90.6807 | F11: =IF('Base de données - Taxes'!$B$17="X","",D11*'Base de données - Taxes'!$B$28/100) | G11: =D11*'Base de données - Taxes'!$B$40/100 -> 1.64874 | H11: =IF('Base de données - Taxes'!$B$43="X","",D11*'Base de données - Taxes'!$B$46/100) | I11: =D11*'Base de données - Taxes'!$B$54/100 -> 0 | J11: =D11*'Base de données - Taxes'!$B$70/100 -> 18.13614 | K11: =C11*'Base de données - Taxes'!$B$62/100 -> 424.67545 | N11: =C11-SUM(E11:J11) -> 1138.5799 | O11: =N11/C11 -> 0.91156
A12: 7 | B12: Juillet | C12: ='Recettes Brut'!J11 -> 604.57576 | D12: =C12-K12 -> 399.02 | E12: =IF($E$3="1ère Année",$D12*'Base de données - Taxes'!$B$81/100,IF($E$3="2ème Année",$D12*'Base de données - Taxes'!$C$81/100,IF($E$3="3ème Année",$D12*'Base de données - Taxes'!$D$81/100,IF($E$3="Normal",$D12*'Base de données - Taxes'!$B$11/100,"")))) -> 43.8922 | F12: =IF('Base de données - Taxes'!$B$17="X","",D12*'Base de données - Taxes'!$B$28/100) | G12: =D12*'Base de données - Taxes'!$B$40/100 -> 0.79804 | H12: =IF('Base de données - Taxes'!$B$43="X","",D12*'Base de données - Taxes'!$B$46/100) | I12: =D12*'Base de données - Taxes'!$B$54/100 -> 0 | J12: =D12*'Base de données - Taxes'!$B$70/100 -> 8.77844 | K12: =C12*'Base de données - Taxes'!$B$62/100 -> 205.55576 | N12: =C12-SUM(E12:J12) -> 551.10708 | O12: =N12/C12 -> 0.91156
A13: 8 | B13: Août | C13: ='Recettes Brut'!J12 -> 712.07576 | D13: =C13-K13 -> 469.97 | E13: =IF($E$3="1ère Année",$D13*'Base de données - Taxes'!$B$81/100,IF($E$3="2ème Année",$D13*'Base de données - Taxes'!$C$81/100,IF($E$3="3ème Année",$D13*'Base de données - Taxes'!$D$81/100,IF($E$3="Normal",$D13*'Base de données - Taxes'!$B$11/100,"")))) -> 51.6967 | F13: =IF('Base de données - Taxes'!$B$17="X","",D13*'Base de données - Taxes'!$B$28/100) | G13: =D13*'Base de données - Taxes'!$B$40/100 -> 0.93994 | H13: =IF('Base de données - Taxes'!$B$43="X","",D13*'Base de données - Taxes'!$B$46/100) | I13: =D13*'Base de données - Taxes'!$B$54/100 -> 0 | J13: =D13*'Base de données - Taxes'!$B$70/100 -> 10.33934 | K13: =C13*'Base de données - Taxes'!$B$62/100 -> 242.10576 | N13: =C13-SUM(E13:J13) -> 649.09978 | O13: =N13/C13 -> 0.91156
A14: 9 | B14: Septembre | C14: ='Recettes Brut'!J13 -> 734.57576 | D14: =C14-K14 -> 484.82 | E14: =IF($E$3="1ère Année",$D14*'Base de données - Taxes'!$B$81/100,IF($E$3="2ème Année",$D14*'Base de données - Taxes'!$C$81/100,IF($E$3="3ème Année",$D14*'Base de données - Taxes'!$D$81/100,IF($E$3="Normal",$D14*'Base de données - Taxes'!$B$11/100,"")))) -> 53.3302 | F14: =IF('Base de données - Taxes'!$B$17="X","",D14*'Base de données - Taxes'!$B$28/100) | G14: =D14*'Base de données - Taxes'!$B$40/100 -> 0.96964 | H14: =IF('Base de données - Taxes'!$B$43="X","",D14*'Base de données - Taxes'!$B$46/100) | I14: =D14*'Base de données - Taxes'!$B$54/100 -> 0 | J14: =D14*'Base de données - Taxes'!$B$70/100 -> 10.66604 | K14: =C14*'Base de données - Taxes'!$B$62/100 -> 249.75576 | N14: =C14-SUM(E14:J14) -> 669.60988 | O14: =N14/C14 -> 0.91156
A15: 10 | B15: Octobre | C15: ='Recettes Brut'!J14 -> 504.57576 | D15: =C15-K15 -> 333.02 | E15: =IF($E$3="1ère Année",$D15*'Base de données - Taxes'!$B$81/100,IF($E$3="2ème Année",$D15*'Base de données - Taxes'!$C$81/100,IF($E$3="3ème Année",$D15*'Base de données - Taxes'!$D$81/100,IF($E$3="Normal",$D15*'Base de données - Taxes'!$B$11/100,"")))) -> 36.6322 | F15: =IF('Base de données - Taxes'!$B$17="X","",D15*'Base de données - Taxes'!$B$28/100) | G15: =D15*'Base de données - Taxes'!$B$40/100 -> 0.66604 | H15: =IF('Base de données - Taxes'!$B$43="X","",D15*'Base de données - Taxes'!$B$46/100) | I15: =D15*'Base de données - Taxes'!$B$54/100 -> 0 | J15: =D15*'Base de données - Taxes'!$B$70/100 -> 7.32644 | K15: =C15*'Base de données - Taxes'!$B$62/100 -> 171.55576 | N15: =C15-SUM(E15:J15) -> 459.95108 | O15: =N15/C15 -> 0.91156
A16: 11 | B16: Novembre | C16: ='Recettes Brut'!J15 -> 682.07576 | D16: =C16-K16 -> 450.17 | E16: =IF($E$3="1ère Année",$D16*'Base de données - Taxes'!$B$81/100,IF($E$3="2ème Année",$D16*'Base de données - Taxes'!$C$81/100,IF($E$3="3ème Année",$D16*'Base de données - Taxes'!$D$81/100,IF($E$3="Normal",$D16*'Base de données - Taxes'!$B$11/100,"")))) -> 49.5187 | F16: =IF('Base de données - Taxes'!$B$17="X","",D16*'Base de données - Taxes'!$B$28/100) | G16: =D16*'Base de données - Taxes'!$B$40/100 -> 0.90034 | H16: =IF('Base de données - Taxes'!$B$43="X","",D16*'Base de données - Taxes'!$B$46/100) | I16: =D16*'Base de données - Taxes'!$B$54/100 -> 0 | J16: =D16*'Base de données - Taxes'!$B$70/100 -> 9.90374 | K16: =C16*'Base de données - Taxes'!$B$62/100 -> 231.90576 | N16: =C16-SUM(E16:J16) -> 621.75298 | O16: =N16/C16 -> 0.91156
A17: 12 | B17: Décembre | C17: ='Recettes Brut'!J16 -> 50.901515 | D17: =C17-K17 -> 33.595 | E17: =IF($E$3="1ère Année",$D17*'Base de données - Taxes'!$B$81/100,IF($E$3="2ème Année",$D17*'Base de données - Taxes'!$C$81/100,IF($E$3="3ème Année",$D17*'Base de données - Taxes'!$D$81/100,IF($E$3="Normal",$D17*'Base de données - Taxes'!$B$11/100,"")))) -> 3.69545 | F17: =IF('Base de données - Taxes'!$B$17="X","",D17*'Base de données - Taxes'!$B$28/100) | G17: =D17*'Base de données - Taxes'!$B$40/100 -> 0.06719 | H17: =IF('Base de données - Taxes'!$B$43="X","",D17*'Base de données - Taxes'!$B$46/100) | I17: =D17*'Base de données - Taxes'!$B$54/100 -> 0 | J17: =D17*'Base de données - Taxes'!$B$70/100 -> 0.73909 | K17: =C17*'Base de données - Taxes'!$B$62/100 -> 17.306515 | N17: =C17-SUM(E17:J17) -> 46.399785 | O17: =N17/C17 -> 0.91156
B20: Annuel | C20: =SUM(C6:C19) -> 7964.7652 | D20: =SUM(D6:D19) -> 5256.745 | E20: =SUM(E6:E19) -> 578.24195 | F20: =SUM(F6:F19) -> 0 | G20: =SUM(G6:G19) -> 10.51349 | H20: =SUM(H6:H19) -> 0 | I20: =SUM(I6:I19) -> 0 | J20: =SUM(J6:J19) -> 115.64839 | K20: =SUM(K6:K19) -> 2708.0202 | N20: =SUM(N6:N19) -> 7260.3613

Sheet Base de données - Taxes
A1: Les taxes et cotisations | E1: Base de données | I1: Année d'Imposition
B2: % | I2: 1ère | J2: 2ème | K2: 3ème | L2: après
A3: 1 - Les cotisations sociales | I3: 2019 | J3: 2020 | K3: 2021 | L3: 22
A4: Dès lors que l’on parle des charges liées à l’auto-entreprise, on pense aux cotisations sociales. | E4: Heure de vol | F4: 40
A5: Les taux appliqués aux micro-entrepreneurs sont les suivants : | E5: Heure théorique | F5: 15
A7: 12,80 % du CA pour la vente de marchandises | E7: Base par mois | F7: 700
E8: sur 20 jours
A9: 22 % du CA pour les prestations de services commerciales ou artisanales
A11: 22 % du CA pour les autres prestations de services et les professions libérales | B11: =IF('Chargees Recettes Net'!D1='Base de données - Taxes'!I2,'Base de données - Taxes'!B81,IF('Chargees Recettes Net'!D1='Base de données - Taxes'!J2,'Base de données - Taxes'!C81,IF('Chargees Recettes Net'!D1='Base de données - Taxes'!K2,'Base de données - Taxes'!D81,IF('Chargees Recettes Net'!D1="",'Base de données - Taxes'!L3,"")))) -> 22
A13: Bon à savoir
A14: Si vous bénéficiez de l’ACRE (Exonération du début d’activité de création ou de reprise d’entreprise), vous profitez de taux réduits les 3 premières années de votre activité.
A17: 2 - Les taxes pour frais de chambres consulaires | B17: X
A18: Ces taxes sont perçues par les Chambres de Commerce et d'Industrie (CCI) ainsi que les Chambre de Métiers et de l'Artisanat (CMA) à partir de la seconde année d'activité. Elles ne concernent pas les activités libérales et elles sont proportionnelles à votre chiffre d'affaires : | E18: Assurances
E19: RC Pro
A20: 0,015 % pour la vente de marchandises, restauration, hébergement | E20: Juridique
A22: 0,044 % pour les prestations de services
A24: 0,48 %* pour les prestations de services artisanales
A26: 0,22 %** pour l'achat revente pour un artisan
A28: 0,007 % pour les artisans en double immatriculation CCI/CMA
A29: * 0,65 % en Alsace et 0,83 % en Moselle
A30: ** 0,29 % en Alsace et 0,37 % en Moselle
A33: 3 - La Contribution à la Formation Professionnelle
A34: À payer mensuellement ou trimestriellement, ces cotisations sont accompagnées de la CFP qui s’élève à :
A36: 0,10 % du CA pour les commerçants et professions libérales non réglementées
A38: 0,30 % du CA pour les artisans et les prestations de services BIC
A40: 0,20 % du CA pour les professions libérales réglementées | B40: 0.2
A43: 4 - La Cotisation Foncière des Entreprises | B43: X
A44: La Cotisation Foncière des Entreprises (CFE) est un impôt local relatif aux biens immobiliers exploités par l’entreprise au cours de l’année N-2.
A45: Elle se calcule en prenant le montant locatif du ou des biens utilisés par l’auto-entrepreneur multiplié par un taux décidé par le conseil municipal de la commune où se trouve(nt) le(s) bien(s).
A46: Une base minimale a été instaurée lorsque la valeur locative est très faible et peut être ajustée par les communes (entre 214 € et 510 € en 2017). | C46: ?
A47: Elle peut porter sur votre domicile, ou sur des locaux que vous louez ou empruntez, mais quel que soit votre fonctionnement, vous devrez vous acquitter de la CFE.
A49: Le saviez-vous ?
A50: Selon votre domaine d’activité, vous pouvez être exonéré de plein droit de la CFE. C’est le cas, par exemple, des propriétaires louant une partie meublée de leur propre maison, des sportifs, des pêcheurs, des exploitants agricoles, des artistes, des artisans (sauf ceux exploitent de la matière première comme les boulangers), des vendeurs indépendants à domicile ou encore des enseignants.
A53: 5 - Les impôts sur le revenu
A54: Comme tout un chacun, vous devez vous acquitter des impôts sur le revenu. Pour cela, vous devez déclarer sur le formulaire 2042 C PRO le montant de votre chiffre d’affaires qui est ensuite réduit automatiquement d’un montant forfaitaire, pour obtenir votre montant net imposable :
A57: Abattement Forfaitaire
A58: 71 % pour les activités d'achat-revente ou de fourniture de logement
A60: 50 % pour les autres activités relevant des BIC
A62: 34 % pour les BNC | B62: 34
A63: Le montant d'abattement forfaitaire de vos impôts est au minimum de 305 € (pour 2017) et ce quel que soit votre chiffre d’affaires de l’année. | B63: 305
A64: Selon votre situation, vous avez aussi pu avoir la possibilité de choisir le versement libératoire de l’impôt sur le revenu. Dans ce cas, vous payez mensuellement selon le barème suivant :
A66: 1 % du CA pour la vente de marchandises
A68: 1,7 % du CA pour les prestations de services commerciales ou artisanales
A70: 2,2 % du CA pour les autres prestations de services et les professions libérales | B70: 2.2
A73: Exonération de début d’activité (ex-ACCRE)
A74: À compter du 1er janvier 2019, l’exonération de début d’activité fait son apparition et vient remplacer l’Aide aux Chômeurs Créateurs ou Repreneurs d’une Entreprise (ACCRE). Si le nom de cette aide change, les bénéfices restent toutefois les mêmes : une exonération partielle et dégressive des charges sociales pendant les 3 premières années de votre activité.
A76: TAUX DE COTISATIONS (2019) | B76: 1ère année | C76: 2ème année | D76: 3ème année
A77: Achat/revente de marchandises | B77: 0.032 | C77: 0.064 | D77: 0.096
A78: Vente de denrées à consommer sur place | B78: 0.032 | C78: 0.064 | D78: 0.096
A79: Prestations d'hébergement (BIC) | B79: 0.032 | C79: 0.064 | D79: 0.096
A80: Prestation de service commerciale ou artisanale (BIC / BNC) | B80: 0.055 | C80: 0.11 | D80: 0.165
A81: Profession libérale | B81: 0.055 | C81: 11 | D81: 16.5
A82: Activité de location de tourisme | B82: 0.029 | C82: 0.03 | D82: 0.045
A84: Contrairement à l’ACCRE qui était allouée sous conditions restrictives, ce sont désormais tous les créateurs et repreneurs d’entreprises qui pourront bénéficier de l’exonération de début d’activité. Seule condition : leurs revenus annuels (c’est-à-dire leur chiffre d’affaires après abattement) devront être inférieurs à 40 524 €, ce qui correspond à :
A85: 139 738 € de CA HT pour les activités commerciales
A86: 81 048 € de CA HT pour les prestations de services commerciales et artisanales
A87: 61 400 € de CA HT pour les activités libérales
A89: Attention ! Si vous dépassez le plafond de revenus annuels de 40 524 €, vous devrez régler les cotisations sociales à taux pleins (12,8 % ou 22 %) sur le montant dépassant cette limite. Vous ne perdrez pour autant pas le bénéfice de l’ACRE tant que vous restez sous les seuils de chiffre d’affaires de la micro-entreprise.
A91: À noter que vous pouvez renouveler votre demande d'exonération de début d’activité. Néanmoins, vous devrez respecter un délai de 3 ans après la fin de vos 3 années d’exonération. Ainsi, si vous créez votre auto-entreprise le 1er janvier 2019 et que vous bénéficiez de cotisations minorées jusqu’au 31 décembre 2021, il vous faudra attendre le 1er janvier 2025 pour en refaire la demande.
A93: Exonération de début d’activité (ex-ACCRE)
A94: À compter du 1er janvier 2019, l’exonération de début d’activité fait son apparition et vient remplacer l’Aide aux Chômeurs Créateurs ou Repreneurs d’une Entreprise (ACCRE). Si le nom de cette aide change, les bénéfices restent toutefois les mêmes : une exonération partielle et dégressive des charges sociales pendant les 3 premières années de votre activité.

Sheet Factures
H3: Informations de facturation :
H5: N° de facture : | I5: 001.2019.3
H6: Date d'émission : | I6: 42260
H7: À payer avant le : | I7: 42276
H8: Date de paiement :
H9: Mode de règlement : | I9: VIR | J9: CHQ
H13: Informations client :
B15: é-mail | H15: Réf. Client | I15: =INDEX(Clients!$A:$M,MATCH(Factures!$H$16,Clients!$B:$B,0),MATCH(Ref_Client,Clients!$3:$3,0)) -> RC1003490
B16: Numéro de téléphone | H16: AERO CLUB JEAN COUTTY
H17: Adresse
H18: Code Postal | J18: OYONNAX
B19: FACTURE N° | D19: =I5 -> 001.2019.3 | H19: SIRET / N° TVA intracommunautaire (client pro)
B21: Prestation FI (A) : | D21: 2019 | E21: Janvier
B23: Description des produits ou services | G23: Quantité | H23: Prix unitaire HT | I23: Total HT
B26: Heures de vols | G26: =IF($E$21='Entrées Heures de travail 2019'!$C$1,'Entrées Heures de travail 2019'!E$37/60,IF($E$21='Entrées Heures de travail 2019'!$C$39,'Entrées Heures de travail 2019'!E$75/60,IF($E$21='Entrées Heures de travail 2019'!$C$77,'Entrées Heures de travail 2019'!E$113/60,IF($E$21='Entrées Heures de travail 2019'!$C$115,'Entrées Heures de travail 2019'!E$151/60,IF($E$21='Entrées Heures de travail 2019'!$C$153,'Entrées Heures de travail 2019'!E$189/60,IF($E$21='Entrées Heures de travail 2019'!$C$191,'Entrées Heures de travail 2019'!E$227/60,IF($E$21='Entrées Heures de travail 2019'!$C$229,'Entrées Heures de travail 2019'!E$265/60,IF($E$21='Entrées Heures de travail 2019'!$C$267,'Entrées Heures de travail 2019'!E$303/60,IF($E$21='Entrées Heures de travail 2019'!$C$305,'Entrées Heures de travail 2019'!E$341/60,IF($E$21='Entrées Heures de travail 2019'!$C$343,'Entrées Heures de travail 2019'!E$379/60,IF($E$21='Entrées Heures de travail 2019'!$C$381,'Entrées Heures de travail 2019'!E$417/60,IF($E$21='Entrées Heures de travail 2019'!$C$419,'Entrées Heures de travail 2019'!E$455/60,"")))))))))))) -> 20 | H26: ='Base de données - Taxes'!F4 -> 40 | I26: =IF(G26>=1,G26*H26,"") -> 800
B27: Heures théoriques | G27: =IF($E$21='Entrées Heures de travail 2019'!$C$1,'Entrées Heures de travail 2019'!F$37/60,IF($E$21='Entrées Heures de travail 2019'!$C$39,'Entrées Heures de travail 2019'!F$75/60,IF($E$21='Entrées Heures de travail 2019'!$C$77,'Entrées Heures de travail 2019'!F$113/60,IF($E$21='Entrées Heures de travail 2019'!$C$115,'Entrées Heures de travail 2019'!F$151/60,IF($E$21='Entrées Heures de travail 2019'!$C$153,'Entrées Heures de travail 2019'!F$189/60,IF($E$21='Entrées Heures de travail 2019'!$C$191,'Entrées Heures de travail 2019'!F$227/60,IF($E$21='Entrées Heures de travail 2019'!$C$229,'Entrées Heures de travail 2019'!F$265/60,IF($E$21='Entrées Heures de travail 2019'!$C$267,'Entrées Heures de travail 2019'!F$303/60,IF($E$21='Entrées Heures de travail 2019'!$C$305,'Entrées Heures de travail 2019'!F$341/60,IF($E$21='Entrées Heures de travail 2019'!$C$343,'Entrées Heures de travail 2019'!F$379/60,IF($E$21='Entrées Heures de travail 2019'!$C$381,'Entrées Heures de travail 2019'!F$417/60,IF($E$21='Entrées Heures de travail 2019'!$C$419,'Entrées Heures de travail 2019'!F$455/60,"")))))))))))) -> 9 | H27: ='Base de données - Taxes'!F5 -> 15 | I27: =IF(G27>=1,G27*H27,"") -> 135
B28: Forfait de Base (22 jours) (Février 20 jours) | G28: =IF($E$21='Entrées Heures de travail 2019'!$C$1,'Entrées Heures de travail 2019'!L$37,IF($E$21='Entrées Heures de travail 2019'!$C$39,'Entrées Heures de travail 2019'!L$75,IF($E$21='Entrées Heures de travail 2019'!$C$77,'Entrées Heures de travail 2019'!L$113,IF($E$21='Entrées Heures de travail 2019'!$C$115,'Entrées Heures de travail 2019'!L$151,IF($E$21='Entrées Heures de travail 2019'!$C$153,'Entrées Heures de travail 2019'!L$189,IF($E$21='Entrées Heures de travail 2019'!$C$191,'Entrées Heures de travail 2019'!L$227,IF($E$21='Entrées Heures de travail 2019'!$C$229,'Entrées Heures de travail 2019'!L$265,IF($E$21='Entrées Heures de travail 2019'!$C$267,'Entrées Heures de travail 2019'!L$303,IF($E$21='Entrées Heures de travail 2019'!$C$305,'Entrées Heures de travail 2019'!L$341,IF($E$21='Entrées Heures de travail 2019'!$C$343,'Entrées Heures de travail 2019'!L$379,IF($E$21='Entrées Heures de travail 2019'!$C$381,'Entrées Heures de travail 2019'!L$417,IF($E$21='Entrées Heures de travail 2019'!$C$419,'Entrées Heures de travail 2019'!L$455,"")))))))))))) -> 10 | H28: 700 | I28: =IF(G28>=1,H28/22*G28,"") -> 318.18182
B29: Heures de présences | G29: =IF($E$21='Entrées Heures de travail 2019'!$C$1,'Entrées Heures de travail 2019'!K$37/60,IF($E$21='Entrées Heures de travail 2019'!$C$39,'Entrées Heures de travail 2019'!K$75/60,IF($E$21='Entrées Heures de travail 2019'!$C$77,'Entrées Heures de travail 2019'!K$113/60,IF($E$21='Entrées Heures de travail 2019'!$C$115,'Entrées Heures de travail 2019'!K$151/60,IF($E$21='Entrées Heures de travail 2019'!$C$153,'Entrées Heures de travail 2019'!K$189/60,IF($E$21='Entrées Heures de travail 2019'!$C$191,'Entrées Heures de travail 2019'!K$227/60,IF($E$21='Entrées Heures de travail 2019'!$C$229,'Entrées Heures de travail 2019'!K$265/60,IF($E$21='Entrées Heures de travail 2019'!$C$267,'Entrées Heures de travail 2019'!K$303/60,IF($E$21='Entrées Heures de travail 2019'!$C$305,'Entrées Heures de travail 2019'!K$341/60,IF($E$21='Entrées Heures de travail 2019'!$C$343,'Entrées Heures de travail 2019'!K$379/60,IF($E$21='Entrées Heures de travail 2019'!$C$381,'Entrées Heures de travail 2019'!K$417/60,IF($E$21='Entrées Heures de travail 2019'!$C$419,'Entrées Heures de travail 2019'!K$455/60,"")))))))))))) -> 80 | H29: 10 | I29: =IF(G29>=1,G29*H29,"") -> 800
B30: Trajets (0,50€ le km à 50km) | G30: =IF($E$21='Entrées Heures de travail 2019'!$C$1,'Entrées Heures de travail 2019'!M$37,IF($E$21='Entrées Heures de travail 2019'!$C$39,'Entrées Heures de travail 2019'!M$75,IF($E$21='Entrées Heures de travail 2019'!$C$77,'Entrées Heures de travail 2019'!M$113,IF($E$21='Entrées Heures de travail 2019'!$C$115,'Entrées Heures de travail 2019'!M$151,IF($E$21='Entrées Heures de travail 2019'!$C$153,'Entrées Heures de travail 2019'!M$189,IF($E$21='Entrées Heures de travail 2019'!$C$191,'Entrées Heures de travail 2019'!M$227,IF($E$21='Entrées Heures de travail 2019'!$C$229,'Entrées Heures de travail 2019'!M$265,IF($E$21='Entrées Heures de travail 2019'!$C$267,'Entrées Heures de travail 2019'!M$303,IF($E$21='Entrées Heures de travail 2019'!$C$305,'Entrées Heures de travail 2019'!M$341,IF($E$21='Entrées Heures de travail 2019'!$C$343,'Entrées Heures de travail 2019'!M$379,IF($E$21='Entrées Heures de travail 2019'!$C$381,'Entrées Heures de travail 2019'!M$417,IF($E$21='Entrées Heures de travail 2019'!$C$419,'Entrées Heures de travail 2019'!M$455,"")))))))))))) -> 7 | H30: 25 | I30: =IF(G30>=1,G30*H30,"") -> 175
I31: =IF(G31>=1,G31*H31,"")
I32: =IF(G32>=1,G32*H32,"")
I33: =IF(G33>=1,G33*H33,"")
I34: =IF(G34>=1,G34*H34,"")
I35: =IF(G35>=1,G35*H35,"")
I36: =IF(G36>=1,G36*H36,"")
I37: =IF(G37>=1,G37*H37,"")
I38: =IF(G38>=1,G38*H38,"")
I39: =IF(G39>=1,G39*H39,"")
I40: =IF(G40>=1,G40*H40,"")
I41: =IF(G41>=1,G41*H41,"")
I42: =IF(G42>=1,G42*H42,"")
... I48: =IF(G48>=1,G48*H48,"")
H51: Prix total HT : | I51: =SUM(I24:J49) -> 2228.1818
B52: Vous pouvez indiquer ici les différents moyens de paiement : RIB, lien de paiement, etc.
H53: Remise :
G55: Prix total HT : | I55: =I51-I53 -> 2228.1818
G57: TVA non applicable, art. 293B du CGI
B67: Pour les autres assurances souscrites au titre de l'activité auto-entrepreneur : Assurance [Type d'assurance (ex : RC Pro)] souscrite auprès de [Nom de l'assureur, adresse et coordonnées] - Couverture géographique : France [Nom Prénom - Nom commercial de l'auto-entrepreneur] - [Adresse de l'auto-entreprise] - [SIREN + RCS + Ville RCS] ou [SIREN + RM + Département RM] ou [SIREN + URSSAF + Département URSSAF]] - APE : [Votre code APE] - N° TVA intracommunautaire : [Votre n° de TVA intracommunautaire (si nécessaire)] (Mentions obligatoires pour tous les auto-entrepreneurs)

Sheet Clients
A1: Fichier client
A3: REF CLIENT | B3: Raison Social | C3: Civ. | D3: Nom | E3: Prénom | F3: Adresse | G3: CP | H3: Ville | I3: Email | J3: N° mobile | K3: Date dernier achat | L3: Montant dernier achat | M3: Date d'anniversaire
A4: RC1003490 | B4: AERO CLUB JEAN COUTTY | E4: Jean | F4: 64 rue de l'église | G4: 35000 | H4: Rennes | I4: jdupont@yahoo.fr | J4: 06 98 98 98 98 | K4: 42472 | L4: 120 | M4: 30279
A5: RC1003491 | B5: Olivier | C5: Mme | D5: MARTIN | E5: Anne | F5: 33 allée des peupliers | G5: 33000 | H5: Bordeaux | I5: anne.martin@gmail.com | K5: 42078 | L5: 79 | M5: 28257
B6: François
B7: Test1
B8: Test2

Sheet Heures de vols
C1: Carnet de Vol Nimbus 3
A3: Année | B3: Réf Date | C3: Date | D3: Nom | E3: Prénom | F3: Lieux Départ | G3: Lieux Arrivée | H3: Heure Départ | I3: Heure Arrivée | J3: Durée | L3: Durée François | M3: Durée | N3: Durée Robert | O3: Durée Marcel | P3: Remorqué | Q3: Treuillé | R3: Démontage | S3: Remontage | T3: Remarques | U3: Heures par an | V3: Nombre de vol / An | W3: Total Décollages | X3: Moyenne Heures / Vol par an | Y3: Heures total Nimbus 3 | Z3: Fichier igc.
A5: =B5 -> 42256 | B5: =C5 -> 42256 | C5: 42256 | D5: DÖBELI | E5: =IF(D5="ITEN","Robert",IF(D5="DÖBELI","François",IF(D5="ZEMAULI","Marcel",""))) -> François | F5: LFTM | G5: LFTM | H5: 1123 | I5: 1834 | J5: =ROUND(IF(ISERR($I5/1)," ",((INT($I5/100)*60+$I5-INT($I5/100)*100)-(INT($H5/100)*60+$H5-INT($H5/100)*100))/60),1) -> 7.2 | L5: =IF($D5="DÖBELI",ROUND(IF(ISERR($I5/1)," ",((INT($I5/100)*60+$I5-INT($I5/100)*100)-(INT($H5/100)*60+$H5-INT($H5/100)*100))/60),1),"") -> 7.2 | M5: =IF($D5="LEGRAS",ROUND(IF(ISERR($I5/1)," ",((INT($I5/100)*60+$I5-INT($I5/100)*100)-(INT($H5/100)*60+$H5-INT($H5/100)*100))/60),1),"") | N5: =IF($D5="ITEN",ROUND(IF(ISERR($I5/1)," ",((INT($I5/100)*60+$I5-INT($I5/100)*100)-(INT($H5/100)*60+$H5-INT($H5/100)*100))/60),1),"") | O5: =IF($D5="ZEMAULI",ROUND(IF(ISERR($I5/1)," ",((INT($I5/100)*60+$I5-INT($I5/100)*100)-(INT($H5/100)*60+$H5-INT($H5/100)*100))/60),1),"") | P5: =IF(H5>=1,1,"") -> 1 | T5: =IF($D5>=1,"RAS","") -> RAS
A6: =B6 -> 42258 | B6: =C6 -> 42258 | C6: 42258 | D6: DÖBELI | E6: =IF(D6="ITEN","Robert",IF(D6="DÖBELI","François",IF(D6="ZEMAULI","Marcel",""))) -> François | F6: LFTM | G6: =IF($D6>=1,"LFTM","") -> LFTM | J6: =ROUND(IF(ISERR($I6/1)," ",((INT($I6/100)*60+$I6-INT($I6/100)*100)-(INT($H6/100)*60+$H6-INT($H6/100)*100))/60),1) -> 0 | L6: =IF($D6="DÖBELI",ROUND(IF(ISERR($I6/1)," ",((INT($I6/100)*60+$I6-INT($I6/100)*100)-(INT($H6/100)*60+$H6-INT($H6/100)*100))/60),1),"") -> 0 | M6: =IF($D6="LEGRAS",ROUND(IF(ISERR($I6/1)," ",((INT($I6/100)*60+$I6-INT($I6/100)*100)-(INT($H6/100)*60+$H6-INT($H6/100)*100))/60),1),"") | N6: =IF($D6="ITEN",ROUND(IF(ISERR($I6/1)," ",((INT($I6/100)*60+$I6-INT($I6/100)*100)-(INT($H6/100)*60+$H6-INT($H6/100)*100))/60),1),"") | O6: =IF($D6="ZEMAULI",ROUND(IF(ISERR($I6/1)," ",((INT($I6/100)*60+$I6-INT($I6/100)*100)-(INT($H6/100)*60+$H6-INT($H6/100)*100))/60),1),"") | P6: =IF(H6>=1,1,"")
A7: =B7 -> 0 | B7: =C7 -> 0 | E7: =IF(D7="ITEN","Robert",IF(D7="DÖBELI","François",IF(D7="ZEMAULI","Marcel",""))) | G7: =IF($D7>=1,"LFTM","") | J7: =ROUND(IF(ISERR($I7/1)," ",((INT($I7/100)*60+$I7-INT($I7/100)*100)-(INT($H7/100)*60+$H7-INT($H7/100)*100))/60),1) -> 0 | L7: =IF($D7="DÖBELI",ROUND(IF(ISERR($I7/1)," ",((INT($I7/100)*60+$I7-INT($I7/100)*100)-(INT($H7/100)*60+$H7-INT($H7/100)*100))/60),1),"") | M7: =IF($D7="LEGRAS",ROUND(IF(ISERR($I7/1)," ",((INT($I7/100)*60+$I7-INT($I7/100)*100)-(INT($H7/100)*60+$H7-INT($H7/100)*100))/60),1),"") | N7: =IF($D7="ITEN",ROUND(IF(ISERR($I7/1)," ",((INT($I7/100)*60+$I7-INT($I7/100)*100)-(INT($H7/100)*60+$H7-INT($H7/100)*100))/60),1),"") | O7: =IF($D7="ZEMAULI",ROUND(IF(ISERR($I7/1)," ",((INT($I7/100)*60+$I7-INT($I7/100)*100)-(INT($H7/100)*60+$H7-INT($H7/100)*100))/60),1),"") | P7: =IF(H7>=1,1,"") | U7: =SUM(J5:J7) -> 7.2 | V7: 3
A8: =B8 -> 0 | B8: =C8 -> 0 | E8: =IF(D8="ITEN","Robert",IF(D8="DÖBELI","François",IF(D8="ZEMAULI","Marcel",""))) | G8: =IF($D8>=1,"LFTM","") | J8: =ROUND(IF(ISERR($I8/1)," ",((INT($I8/100)*60+$I8-INT($I8/100)*100)-(INT($H8/100)*60+$H8-INT($H8/100)*100))/60),1) -> 0 | L8: =IF($D8="DÖBELI",ROUND(IF(ISERR($I8/1)," ",((INT($I8/100)*60+$I8-INT($I8/100)*100)-(INT($H8/100)*60+$H8-INT($H8/100)*100))/60),1),"") | M8: =IF($D8="LEGRAS",ROUND(IF(ISERR($I8/1)," ",((INT($I8/100)*60+$I8-INT($I8/100)*100)-(INT($H8/100)*60+$H8-INT($H8/100)*100))/60),1),"") | N8: =IF($D8="ITEN",ROUND(IF(ISERR($I8/1)," ",((INT($I8/100)*60+$I8-INT($I8/100)*100)-(INT($H8/100)*60+$H8-INT($H8/100)*100))/60),1),"") | O8: =IF($D8="ZEMAULI",ROUND(IF(ISERR($I8/1)," ",((INT($I8/100)*60+$I8-INT($I8/100)*100)-(INT($H8/100)*60+$H8-INT($H8/100)*100))/60),1),"") | P8: =IF(H8>=1,1,"") | V8: 1
A9: =B9 -> 0 | B9: =C9 -> 0 | E9: =IF(D9="ITEN","Robert",IF(D9="DÖBELI","François",IF(D9="ZEMAULI","Marcel",""))) | G9: =IF($D9>=1,"LFTM","") | J9: =ROUND(IF(ISERR($I9/1)," ",((INT($I9/100)*60+$I9-INT($I9/100)*100)-(INT($H9/100)*60+$H9-INT($H9/100)*100))/60),1) -> 0 | L9: =IF($D9="DÖBELI",ROUND(IF(ISERR($I9/1)," ",((INT($I9/100)*60+$I9-INT($I9/100)*100)-(INT($H9/100)*60+$H9-INT($H9/100)*100))/60),1),"") | M9: =IF($D9="LEGRAS",ROUND(IF(ISERR($I9/1)," ",((INT($I9/100)*60+$I9-INT($I9/100)*100)-(INT($H9/100)*60+$H9-INT($H9/100)*100))/60),1),"") | N9: =IF($D9="ITEN",ROUND(IF(ISERR($I9/1)," ",((INT($I9/100)*60+$I9-INT($I9/100)*100)-(INT($H9/100)*60+$H9-INT($H9/100)*100))/60),1),"") | O9: =IF($D9="ZEMAULI",ROUND(IF(ISERR($I9/1)," ",((INT($I9/100)*60+$I9-INT($I9/100)*100)-(INT($H9/100)*60+$H9-INT($H9/100)*100))/60),1),"") | P9: =IF(H9>=1,1,"") | V9: 2
A10: =B10 -> 0 | B10: =C10 -> 0 | E10: =IF(D10="ITEN","Robert",IF(D10="DÖBELI","François",IF(D10="ZEMAULI","Marcel",""))) | G10: =IF($D10>=1,"LFTM","") | J10: =ROUND(IF(ISERR($I10/1)," ",((INT($I10/100)*60+$I10-INT($I10/100)*100)-(INT($H10/100)*60+$H10-INT($H10/100)*100))/60),1) -> 0 | L10: =IF($D10="DÖBELI",ROUND(IF(ISERR($I10/1)," ",((INT($I10/100)*60+$I10-INT($I10/100)*100)-(INT($H10/100)*60+$H10-INT($H10/100)*100))/60),1),"") | M10: =IF($D10="LEGRAS",ROUND(IF(ISERR($I10/1)," ",((INT($I10/100)*60+$I10-INT($I10/100)*100)-(INT($H10/100)*60+$H10-INT($H10/100)*100))/60),1),"") | N10: =IF($D10="ITEN",ROUND(IF(ISERR($I10/1)," ",((INT($I10/100)*60+$I10-INT($I10/100)*100)-(INT($H10/100)*60+$H10-INT($H10/100)*100))/60),1),"") | O10: =IF($D10="ZEMAULI",ROUND(IF(ISERR($I10/1)," ",((INT($I10/100)*60+$I10-INT($I10/100)*100)-(INT($H10/100)*60+$H10-INT($H10/100)*100))/60),1),"") | P10: =IF(H10>=1,1,"") | V10: 3
A11: =B11 -> 0 | B11: =C11 -> 0 | E11: =IF(D11="ITEN","Robert",IF(D11="DÖBELI","François",IF(D11="ZEMAULI","Marcel",""))) | G11: =IF($D11>=1,"LFTM","") | J11: =ROUND(IF(ISERR($I11/1)," ",((INT($I11/100)*60+$I11-INT($I11/100)*100)-(INT($H11/100)*60+$H11-INT($H11/100)*100))/60),1) -> 0 | L11: =IF($D11="DÖBELI",ROUND(IF(ISERR($I11/1)," ",((INT($I11/100)*60+$I11-INT($I11/100)*100)-(INT($H11/100)*60+$H11-INT($H11/100)*100))/60),1),"") | M11: =IF($D11="LEGRAS",ROUND(IF(ISERR($I11/1)," ",((INT($I11/100)*60+$I11-INT($I11/100)*100)-(INT($H11/100)*60+$H11-INT($H11/100)*100))/60),1),"") | N11: =IF($D11="ITEN",ROUND(IF(ISERR($I11/1)," ",((INT($I11/100)*60+$I11-INT($I11/100)*100)-(INT($H11/100)*60+$H11-INT($H11/100)*100))/60),1),"") | O11: =IF($D11="ZEMAULI",ROUND(IF(ISERR($I11/1)," ",((INT($I11/100)*60+$I11-INT($I11/100)*100)-(INT($H11/100)*60+$H11-INT($H11/100)*100))/60),1),"") | P11: =IF(H11>=1,1,"") | V11: 4
A12: =B12 -> 0 | B12: =C12 -> 0 | E12: =IF(D12="ITEN","Robert",IF(D12="DÖBELI","François",IF(D12="ZEMAULI","Marcel",""))) | G12: =IF($D12>=1,"LFTM","") | J12: =ROUND(IF(ISERR($I12/1)," ",((INT($I12/100)*60+$I12-INT($I12/100)*100)-(INT($H12/100)*60+$H12-INT($H12/100)*100))/60),1) -> 0 | L12: =IF($D12="DÖBELI",ROUND(IF(ISERR($I12/1)," ",((INT($I12/100)*60+$I12-INT($I12/100)*100)-(INT($H12/100)*60+$H12-INT($H12/100)*100))/60),1),"") | M12: =IF($D12="LEGRAS",ROUND(IF(ISERR($I12/1)," ",((INT($I12/100)*60+$I12-INT($I12/100)*100)-(INT($H12/100)*60+$H12-INT($H12/100)*100))/60),1),"") | N12: =IF($D12="ITEN",ROUND(IF(ISERR($I12/1)," ",((INT($I12/100)*60+$I12-INT($I12/100)*100)-(INT($H12/100)*60+$H12-INT($H12/100)*100))/60),1),"") | O12: =IF($D12="ZEMAULI",ROUND(IF(ISERR($I12/1)," ",((INT($I12/100)*60+$I12-INT($I12/100)*100)-(INT($H12/100)*60+$H12-INT($H12/100)*100))/60),1),"") | P12: =IF(H12>=1,1,"") | V12: 5
A13: =B13 -> 0 | B13: =C13 -> 0 | E13: =IF(D13="ITEN","Robert",IF(D13="DÖBELI","François",IF(D13="ZEMAULI","Marcel",""))) | G13: =IF($D13>=1,"LFTM","") | J13: =ROUND(IF(ISERR($I13/1)," ",((INT($I13/100)*60+$I13-INT($I13/100)*100)-(INT($H13/100)*60+$H13-INT($H13/100)*100))/60),1) -> 0 | L13: =IF($D13="DÖBELI",ROUND(IF(ISERR($I13/1)," ",((INT($I13/100)*60+$I13-INT($I13/100)*100)-(INT($H13/100)*60+$H13-INT($H13/100)*100))/60),1),"") | M13: =IF($D13="LEGRAS",ROUND(IF(ISERR($I13/1)," ",((INT($I13/100)*60+$I13-INT($I13/100)*100)-(INT($H13/100)*60+$H13-INT($H13/100)*100))/60),1),"") | N13: =IF($D13="ITEN",ROUND(IF(ISERR($I13/1)," ",((INT($I13/100)*60+$I13-INT($I13/100)*100)-(INT($H13/100)*60+$H13-INT($H13/100)*100))/60),1),"") | O13: =IF($D13="ZEMAULI",ROUND(IF(ISERR($I13/1)," ",((INT($I13/100)*60+$I13-INT($I13/100)*100)-(INT($H13/100)*60+$H13-INT($H13/100)*100))/60),1),"") | P13: =IF(H13>=1,1,"") | V13: 6
A14: =B14 -> 0 | B14: =C14 -> 0 | E14: =IF(D14="ITEN","Robert",IF(D14="DÖBELI","François",IF(D14="ZEMAULI","Marcel",""))) | G14: =IF($D14>=1,"LFTM","") | J14: =ROUND(IF(ISERR($I14/1)," ",((INT($I14/100)*60+$I14-INT($I14/100)*100)-(INT($H14/100)*60+$H14-INT($H14/100)*100))/60),1) -> 0 | L14: =IF($D14="DÖBELI",ROUND(IF(ISERR($I14/1)," ",((INT($I14/100)*60+$I14-INT($I14/100)*100)-(INT($H14/100)*60+$H14-INT($H14/100)*100))/60),1),"") | M14: =IF($D14="LEGRAS",ROUND(IF(ISERR($I14/1)," ",((INT($I14/100)*60+$I14-INT($I14/100)*100)-(INT($H14/100)*60+$H14-INT($H14/100)*100))/60),1),"") | N14: =IF($D14="ITEN",ROUND(IF(ISERR($I14/1)," ",((INT($I14/100)*60+$I14-INT($I14/100)*100)-(INT($H14/100)*60+$H14-INT($H14/100)*100))/60),1),"") | O14: =IF($D14="ZEMAULI",ROUND(IF(ISERR($I14/1)," ",((INT($I14/100)*60+$I14-INT($I14/100)*100)-(INT($H14/100)*60+$H14-INT($H14/100)*100))/60),1),"") | P14: =IF(H14>=1,1,"") | V14: 7
A15: =B15 -> 0 | B15: =C15 -> 0 | E15: =IF(D15="ITEN","Robert",IF(D15="DÖBELI","François",IF(D15="ZEMAULI","Marcel",""))) | G15: =IF($D15>=1,"LFTM","") | J15: =ROUND(IF(ISERR($I15/1)," ",((INT($I15/100)*60+$I15-INT($I15/100)*100)-(INT($H15/100)*60+$H15-INT($H15/100)*100))/60),1) -> 0 | L15: =IF($D15="DÖBELI",ROUND(IF(ISERR($I15/1)," ",((INT($I15/100)*60+$I15-INT($I15/100)*100)-(INT($H15/100)*60+$H15-INT($H15/100)*100))/60),1),"") | M15: =IF($D15="LEGRAS",ROUND(IF(ISERR($I15/1)," ",((INT($I15/100)*60+$I15-INT($I15/100)*100)-(INT($H15/100)*60+$H15-INT($H15/100)*100))/60),1),"") | N15: =IF($D15="ITEN",ROUND(IF(ISERR($I15/1)," ",((INT($I15/100)*60+$I15-INT($I15/100)*100)-(INT($H15/100)*60+$H15-INT($H15/100)*100))/60),1),"") | O15: =IF($D15="ZEMAULI",ROUND(IF(ISERR($I15/1)," ",((INT($I15/100)*60+$I15-INT($I15/100)*100)-(INT($H15/100)*60+$H15-INT($H15/100)*100))/60),1),"") | P15: =IF(H15>=1,1,"") | V15: 8
A16: =B16 -> 0 | B16: =C16 -> 0 | E16: =IF(D16="ITEN","Robert",IF(D16="DÖBELI","François",IF(D16="ZEMAULI","Marcel",""))) | G16: =IF($D16>=1,"LFTM","") | J16: =ROUND(IF(ISERR($I16/1)," ",((INT($I16/100)*60+$I16-INT($I16/100)*100)-(INT($H16/100)*60+$H16-INT($H16/100)*100))/60),1) -> 0 | L16: =IF($D16="DÖBELI",ROUND(IF(ISERR($I16/1)," ",((INT($I16/100)*60+$I16-INT($I16/100)*100)-(INT($H16/100)*60+$H16-INT($H16/100)*100))/60),1),"") | M16: =IF($D16="LEGRAS",ROUND(IF(ISERR($I16/1)," ",((INT($I16/100)*60+$I16-INT($I16/100)*100)-(INT($H16/100)*60+$H16-INT($H16/100)*100))/60),1),"") | N16: =IF($D16="ITEN",ROUND(IF(ISERR($I16/1)," ",((INT($I16/100)*60+$I16-INT($I16/100)*100)-(INT($H16/100)*60+$H16-INT($H16/100)*100))/60),1),"") | O16: =IF($D16="ZEMAULI",ROUND(IF(ISERR($I16/1)," ",((INT($I16/100)*60+$I16-INT($I16/100)*100)-(INT($H16/100)*60+$H16-INT($H16/100)*100))/60),1),"") | P16: =IF(H16>=1,1,"") | V16: 9
A17: =B17 -> 0 | B17: =C17 -> 0 | E17: =IF(D17="ITEN","Robert",IF(D17="DÖBELI","François",IF(D17="ZEMAULI","Marcel",""))) | G17: =IF($D17>=1,"LFTM","") | J17: =ROUND(IF(ISERR($I17/1)," ",((INT($I17/100)*60+$I17-INT($I17/100)*100)-(INT($H17/100)*60+$H17-INT($H17/100)*100))/60),1) -> 0 | L17: =IF($D17="DÖBELI",ROUND(IF(ISERR($I17/1)," ",((INT($I17/100)*60+$I17-INT($I17/100)*100)-(INT($H17/100)*60+$H17-INT($H17/100)*100))/60),1),"") | M17: =IF($D17="LEGRAS",ROUND(IF(ISERR($I17/1)," ",((INT($I17/100)*60+$I17-INT($I17/100)*100)-(INT($H17/100)*60+$H17-INT($H17/100)*100))/60),1),"") | N17: =IF($D17="ITEN",ROUND(IF(ISERR($I17/1)," ",((INT($I17/100)*60+$I17-INT($I17/100)*100)-(INT($H17/100)*60+$H17-INT($H17/100)*100))/60),1),"") | O17: =IF($D17="ZEMAULI",ROUND(IF(ISERR($I17/1)," ",((INT($I17/100)*60+$I17-INT($I17/100)*100)-(INT($H17/100)*60+$H17-INT($H17/100)*100))/60),1),"") | P17: =IF(H17>=1,1,"") | V17: 10
A18: =B18 -> 0 | B18: =C18 -> 0 | E18: =IF(D18="ITEN","Robert",IF(D18="DÖBELI","François",IF(D18="ZEMAULI","Marcel",""))) | G18: =IF($D18>=1,"LFTM","") | J18: =ROUND(IF(ISERR($I18/1)," ",((INT($I18/100)*60+$I18-INT($I18/100)*100)-(INT($H18/100)*60+$H18-INT($H18/100)*100))/60),1) -> 0 | L18: =IF($D18="DÖBELI",ROUND(IF(ISERR($I18/1)," ",((INT($I18/100)*60+$I18-INT($I18/100)*100)-(INT($H18/100)*60+$H18-INT($H18/100)*100))/60),1),"") | M18: =IF($D18="LEGRAS",ROUND(IF(ISERR($I18/1)," ",((INT($I18/100)*60+$I18-INT($I18/100)*100)-(INT($H18/100)*60+$H18-INT($H18/100)*100))/60),1),"") | N18: =IF($D18="ITEN",ROUND(IF(ISERR($I18/1)," ",((INT($I18/100)*60+$I18-INT($I18/100)*100)-(INT($H18/100)*60+$H18-INT($H18/100)*100))/60),1),"") | O18: =IF($D18="ZEMAULI",ROUND(IF(ISERR($I18/1)," ",((INT($I18/100)*60+$I18-INT($I18/100)*100)-(INT($H18/100)*60+$H18-INT($H18/100)*100))/60),1),"") | P18: =IF(H18>=1,1,"") | V18: 11
A19: =B19 -> 0 | B19: =C19 -> 0 | E19: =IF(D19="ITEN","Robert",IF(D19="DÖBELI","François",IF(D19="ZEMAULI","Marcel",""))) | G19: =IF($D19>=1,"LFTM","") | J19: =ROUND(IF(ISERR($I19/1)," ",((INT($I19/100)*60+$I19-INT($I19/100)*100)-(INT($H19/100)*60+$H19-INT($H19/100)*100))/60),1) -> 0 | L19: =IF($D19="DÖBELI",ROUND(IF(ISERR($I19/1)," ",((INT($I19/100)*60+$I19-INT($I19/100)*100)-(INT($H19/100)*60+$H19-INT($H19/100)*100))/60),1),"") | M19: =IF($D19="LEGRAS",ROUND(IF(ISERR($I19/1)," ",((INT($I19/100)*60+$I19-INT($I19/100)*100)-(INT($H19/100)*60+$H19-INT($H19/100)*100))/60),1),"") | N19: =IF($D19="ITEN",ROUND(IF(ISERR($I19/1)," ",((INT($I19/100)*60+$I19-INT($I19/100)*100)-(INT($H19/100)*60+$H19-INT($H19/100)*100))/60),1),"") | O19: =IF($D19="ZEMAULI",ROUND(IF(ISERR($I19/1)," ",((INT($I19/100)*60+$I19-INT($I19/100)*100)-(INT($H19/100)*60+$H19-INT($H19/100)*100))/60),1),"") | P19: =IF(H19>=1,1,"") | V19: 12
... A56: =B56 -> 0 | B56: =C56 -> 0 | E56: =IF(D56="ITEN","Robert",IF(D56="DÖBELI","François",IF(D56="ZEMAULI","Marcel",""))) | G56: =IF($D56>=1,"LFTM","") | J56: =ROUND(IF(ISERR($I56/1)," ",((INT($I56/100)*60+$I56-INT($I56/100)*100)-(INT($H56/100)*60+$H56-INT($H56/100)*100))/60),1) -> 0 | L56: =IF($D56="DÖBELI",ROUND(IF(ISERR($I56/1)," ",((INT($I56/100)*60+$I56-INT($I56/100)*100)-(INT($H56/100)*60+$H56-INT($H56/100)*100))/60),1),"") | M56: =IF($D56="LEGRAS",ROUND(IF(ISERR($I56/1)," ",((INT($I56/100)*60+$I56-INT($I56/100)*100)-(INT($H56/100)*60+$H56-INT($H56/100)*100))/60),1),"") | N56: =IF($D56="ITEN",ROUND(IF(ISERR($I56/1)," ",((INT($I56/100)*60+$I56-INT($I56/100)*100)-(INT($H56/100)*60+$H56-INT($H56/100)*100))/60),1),"") | O56: =IF($D56="ZEMAULI",ROUND(IF(ISERR($I56/1)," ",((INT($I56/100)*60+$I56-INT($I56/100)*100)-(INT($H56/100)*60+$H56-INT($H56/100)*100))/60),1),"") | P56: =IF(H56>=1,1,"") | V56: 49
A57: =B57 -> 0 | B57: =C57 -> 0 | E57: =IF(D57="ITEN","Robert",IF(D57="DÖBELI","François",IF(D57="ZEMAULI","Marcel",""))) | G57: =IF($D57>=1,"LFTM","") | J57: =ROUND(IF(ISERR($I57/1)," ",((INT($I57/100)*60+$I57-INT($I57/100)*100)-(INT($H57/100)*60+$H57-INT($H57/100)*100))/60),1) -> 0 | L57: =IF($D57="DÖBELI",ROUND(IF(ISERR($I57/1)," ",((INT($I57/100)*60+$I57-INT($I57/100)*100)-(INT($H57/100)*60+$H57-INT($H57/100)*100))/60),1),"") | M57: =IF($D57="LEGRAS",ROUND(IF(ISERR($I57/1)," ",((INT($I57/100)*60+$I57-INT($I57/100)*100)-(INT($H57/100)*60+$H57-INT($H57/100)*100))/60),1),"") | N57: =IF($D57="ITEN",ROUND(IF(ISERR($I57/1)," ",((INT($I57/100)*60+$I57-INT($I57/100)*100)-(INT($H57/100)*60+$H57-INT($H57/100)*100))/60),1),"") | O57: =IF($D57="ZEMAULI",ROUND(IF(ISERR($I57/1)," ",((INT($I57/100)*60+$I57-INT($I57/100)*100)-(INT($H57/100)*60+$H57-INT($H57/100)*100))/60),1),"") | P57: =IF(H57>=1,1,"") | U57: =SUM(J8:J57) -> 0 | V57: 50 | W57: =V57+W7 -> 50 | X57: =U57/V57 -> 0 | Y57: =Y7+U57 -> 0
A58: =B58 -> 0 | B58: =C58 -> 0 | E58: =IF(D58="ITEN","Robert",IF(D58="DÖBELI","François",IF(D58="ZEMAULI","Marcel",""))) | G58: =IF($D58>=1,"LFTM","") | J58: =ROUND(IF(ISERR($I58/1)," ",((INT($I58/100)*60+$I58-INT($I58/100)*100)-(INT($H58/100)*60+$H58-INT($H58/100)*100))/60),1) -> 0 | L58: =IF($D58="DÖBELI",ROUND(IF(ISERR($I58/1)," ",((INT($I58/100)*60+$I58-INT($I58/100)*100)-(INT($H58/100)*60+$H58-INT($H58/100)*100))/60),1),"") | M58: =IF($D58="LEGRAS",ROUND(IF(ISERR($I58/1)," ",((INT($I58/100)*60+$I58-INT($I58/100)*100)-(INT($H58/100)*60+$H58-INT($H58/100)*100))/60),1),"") | N58: =IF($D58="ITEN",ROUND(IF(ISERR($I58/1)," ",((INT($I58/100)*60+$I58-INT($I58/100)*100)-(INT($H58/100)*60+$H58-INT($H58/100)*100))/60),1),"") | O58: =IF($D58="ZEMAULI",ROUND(IF(ISERR($I58/1)," ",((INT($I58/100)*60+$I58-INT($I58/100)*100)-(INT($H58/100)*60+$H58-INT($H58/100)*100))/60),1),"") | P58: =IF(H58>=1,1,"") | V58: 1
A59: =B59 -> 0 | B59: =C59 -> 0 | E59: =IF(D59="ITEN","Robert",IF(D59="DÖBELI","François",IF(D59="ZEMAULI","Marcel",""))) | G59: =IF($D59>=1,"LFTM","") | J59: =ROUND(IF(ISERR($I59/1)," ",((INT($I59/100)*60+$I59-INT($I59/100)*100)-(INT($H59/100)*60+$H59-INT($H59/100)*100))/60),1) -> 0 | L59: =IF($D59="DÖBELI",ROUND(IF(ISERR($I59/1)," ",((INT($I59/100)*60+$I59-INT($I59/100)*100)-(INT($H59/100)*60+$H59-INT($H59/100)*100))/60),1),"") | M59: =IF($D59="LEGRAS",ROUND(IF(ISERR($I59/1)," ",((INT($I59/100)*60+$I59-INT($I59/100)*100)-(INT($H59/100)*60+$H59-INT($H59/100)*100))/60),1),"") | N59: =IF($D59="ITEN",ROUND(IF(ISERR($I59/1)," ",((INT($I59/100)*60+$I59-INT($I59/100)*100)-(INT($H59/100)*60+$H59-INT($H59/100)*100))/60),1),"") | O59: =IF($D59="ZEMAULI",ROUND(IF(ISERR($I59/1)," ",((INT($I59/100)*60+$I59-INT($I59/100)*100)-(INT($H59/100)*60+$H59-INT($H59/100)*100))/60),1),"") | P59: =IF(H59>=1,1,"") | V59: 2
A60: =B60 -> 0 | B60: =C60 -> 0 | E60: =IF(D60="ITEN","Robert",IF(D60="DÖBELI","François",IF(D60="ZEMAULI","Marcel",""))) | G60: =IF($D60>=1,"LFTM","") | J60: =ROUND(IF(ISERR($I60/1)," ",((INT($I60/100)*60+$I60-INT($I60/100)*100)-(INT($H60/100)*60+$H60-INT($H60/100)*100))/60),1) -> 0 | L60: =IF($D60="DÖBELI",ROUND(IF(ISERR($I60/1)," ",((INT($I60/100)*60+$I60-INT($I60/100)*100)-(INT($H60/100)*60+$H60-INT($H60/100)*100))/60),1),"") | M60: =IF($D60="LEGRAS",ROUND(IF(ISERR($I60/1)," ",((INT($I60/100)*60+$I60-INT($I60/100)*100)-(INT($H60/100)*60+$H60-INT($H60/100)*100))/60),1),"") | N60: =IF($D60="ITEN",ROUND(IF(ISERR($I60/1)," ",((INT($I60/100)*60+$I60-INT($I60/100)*100)-(INT($H60/100)*60+$H60-INT($H60/100)*100))/60),1),"") | O60: =IF($D60="ZEMAULI",ROUND(IF(ISERR($I60/1)," ",((INT($I60/100)*60+$I60-INT($I60/100)*100)-(INT($H60/100)*60+$H60-INT($H60/100)*100))/60),1),"") | P60: =IF(H60>=1,1,"") | V60: 3
A61: =B61 -> 0 | B61: =C61 -> 0 | E61: =IF(D61="ITEN","Robert",IF(D61="DÖBELI","François",IF(D61="ZEMAULI","Marcel",""))) | G61: =IF($D61>=1,"LFTM","") | J61: =ROUND(IF(ISERR($I61/1)," ",((INT($I61/100)*60+$I61-INT($I61/100)*100)-(INT($H61/100)*60+$H61-INT($H61/100)*100))/60),1) -> 0 | L61: =IF($D61="DÖBELI",ROUND(IF(ISERR($I61/1)," ",((INT($I61/100)*60+$I61-INT($I61/100)*100)-(INT($H61/100)*60+$H61-INT($H61/100)*100))/60),1),"") | M61: =IF($D61="LEGRAS",ROUND(IF(ISERR($I61/1)," ",((INT($I61/100)*60+$I61-INT($I61/100)*100)-(INT($H61/100)*60+$H61-INT($H61/100)*100))/60),1),"") | N61: =IF($D61="ITEN",ROUND(IF(ISERR($I61/1)," ",((INT($I61/100)*60+$I61-INT($I61/100)*100)-(INT($H61/100)*60+$H61-INT($H61/100)*100))/60),1),"") | O61: =IF($D61="ZEMAULI",ROUND(IF(ISERR($I61/1)," ",((INT($I61/100)*60+$I61-INT($I61/100)*100)-(INT($H61/100)*60+$H61-INT($H61/100)*100))/60),1),"") | P61: =IF(H61>=1,1,"") | V61: 4
A62: =B62 -> 0 | B62: =C62 -> 0 | E62: =IF(D62="ITEN","Robert",IF(D62="DÖBELI","François",IF(D62="ZEMAULI","Marcel",""))) | G62: =IF($D62>=1,"LFTM","") | J62: =ROUND(IF(ISERR($I62/1)," ",((INT($I62/100)*60+$I62-INT($I62/100)*100)-(INT($H62/100)*60+$H62-INT($H62/100)*100))/60),1) -> 0 | L62: =IF($D62="DÖBELI",ROUND(IF(ISERR($I62/1)," ",((INT($I62/100)*60+$I62-INT($I62/100)*100)-(INT($H62/100)*60+$H62-INT($H62/100)*100))/60),1),"") | M62: =IF($D62="LEGRAS",ROUND(IF(ISERR($I62/1)," ",((INT($I62/100)*60+$I62-INT($I62/100)*100)-(INT($H62/100)*60+$H62-INT($H62/100)*100))/60),1),"") | N62: =IF($D62="ITEN",ROUND(IF(ISERR($I62/1)," ",((INT($I62/100)*60+$I62-INT($I62/100)*100)-(INT($H62/100)*60+$H62-INT($H62/100)*100))/60),1),"") | O62: =IF($D62="ZEMAULI",ROUND(IF(ISERR($I62/1)," ",((INT($I62/100)*60+$I62-INT($I62/100)*100)-(INT($H62/100)*60+$H62-INT($H62/100)*100))/60),1),"") | P62: =IF(H62>=1,1,"") | V62: 5
A63: =B63 -> 0 | B63: =C63 -> 0 | E63: =IF(D63="ITEN","Robert",IF(D63="DÖBELI","François",IF(D63="ZEMAULI","Marcel",""))) | G63: =IF($D63>=1,"LFTM","") | J63: =ROUND(IF(ISERR($I63/1)," ",((INT($I63/100)*60+$I63-INT($I63/100)*100)-(INT($H63/100)*60+$H63-INT($H63/100)*100))/60),1) -> 0 | L63: =IF($D63="DÖBELI",ROUND(IF(ISERR($I63/1)," ",((INT($I63/100)*60+$I63-INT($I63/100)*100)-(INT($H63/100)*60+$H63-INT($H63/100)*100))/60),1),"") | M63: =IF($D63="LEGRAS",ROUND(IF(ISERR($I63/1)," ",((INT($I63/100)*60+$I63-INT($I63/100)*100)-(INT($H63/100)*60+$H63-INT($H63/100)*100))/60),1),"") | N63: =IF($D63="ITEN",ROUND(IF(ISERR($I63/1)," ",((INT($I63/100)*60+$I63-INT($I63/100)*100)-(INT($H63/100)*60+$H63-INT($H63/100)*100))/60),1),"") | O63: =IF($D63="ZEMAULI",ROUND(IF(ISERR($I63/1)," ",((INT($I63/100)*60+$I63-INT($I63/100)*100)-(INT($H63/100)*60+$H63-INT($H63/100)*100))/60),1),"") | P63: =IF(H63>=1,1,"") | V63: 6
A64: =B64 -> 0 | B64: =C64 -> 0 | E64: =IF(D64="ITEN","Robert",IF(D64="DÖBELI","François",IF(D64="ZEMAULI","Marcel",""))) | G64: =IF($D64>=1,"LFTM","") | J64: =ROUND(IF(ISERR($I64/1)," ",((INT($I64/100)*60+$I64-INT($I64/100)*100)-(INT($H64/100)*60+$H64-INT($H64/100)*100))/60),1) -> 0 | L64: =IF($D64="DÖBELI",ROUND(IF(ISERR($I64/1)," ",((INT($I64/100)*60+$I64-INT($I64/100)*100)-(INT($H64/100)*60+$H64-INT($H64/100)*100))/60),1),"") | M64: =IF($D64="LEGRAS",ROUND(IF(ISERR($I64/1)," ",((INT($I64/100)*60+$I64-INT($I64/100)*100)-(INT($H64/100)*60+$H64-INT($H64/100)*100))/60),1),"") | N64: =IF($D64="ITEN",ROUND(IF(ISERR($I64/1)," ",((INT($I64/100)*60+$I64-INT($I64/100)*100)-(INT($H64/100)*60+$H64-INT($H64/100)*100))/60),1),"") | O64: =IF($D64="ZEMAULI",ROUND(IF(ISERR($I64/1)," ",((INT($I64/100)*60+$I64-INT($I64/100)*100)-(INT($H64/100)*60+$H64-INT($H64/100)*100))/60),1),"") | P64: =IF(H64>=1,1,"") | V64: 7
A65: =B65 -> 0 | B65: =C65 -> 0 | E65: =IF(D65="ITEN","Robert",IF(D65="DÖBELI","François",IF(D65="ZEMAULI","Marcel",""))) | G65: =IF($D65>=1,"LFTM","") | J65: =ROUND(IF(ISERR($I65/1)," ",((INT($I65/100)*60+$I65-INT($I65/100)*100)-(INT($H65/100)*60+$H65-INT($H65/100)*100))/60),1) -> 0 | L65: =IF($D65="DÖBELI",ROUND(IF(ISERR($I65/1)," ",((INT($I65/100)*60+$I65-INT($I65/100)*100)-(INT($H65/100)*60+$H65-INT($H65/100)*100))/60),1),"") | M65: =IF($D65="LEGRAS",ROUND(IF(ISERR($I65/1)," ",((INT($I65/100)*60+$I65-INT($I65/100)*100)-(INT($H65/100)*60+$H65-INT($H65/100)*100))/60),1),"") | N65: =IF($D65="ITEN",ROUND(IF(ISERR($I65/1)," ",((INT($I65/100)*60+$I65-INT($I65/100)*100)-(INT($H65/100)*60+$H65-INT($H65/100)*100))/60),1),"") | O65: =IF($D65="ZEMAULI",ROUND(IF(ISERR($I65/1)," ",((INT($I65/100)*60+$I65-INT($I65/100)*100)-(INT($H65/100)*60+$H65-INT($H65/100)*100))/60),1),"") | P65: =IF(H65>=1,1,"") | V65: 8
A66: =B66 -> 0 | B66: =C66 -> 0 | E66: =IF(D66="ITEN","Robert",IF(D66="DÖBELI","François",IF(D66="ZEMAULI","Marcel",""))) | G66: =IF($D66>=1,"LFTM","") | J66: =ROUND(IF(ISERR($I66/1)," ",((INT($I66/100)*60+$I66-INT($I66/100)*100)-(INT($H66/100)*60+$H66-INT($H66/100)*100))/60),1) -> 0 | L66: =IF($D66="DÖBELI",ROUND(IF(ISERR($I66/1)," ",((INT($I66/100)*60+$I66-INT($I66/100)*100)-(INT($H66/100)*60+$H66-INT($H66/100)*100))/60),1),"") | M66: =IF($D66="LEGRAS",ROUND(IF(ISERR($I66/1)," ",((INT($I66/100)*60+$I66-INT($I66/100)*100)-(INT($H66/100)*60+$H66-INT($H66/100)*100))/60),1),"") | N66: =IF($D66="ITEN",ROUND(IF(ISERR($I66/1)," ",((INT($I66/100)*60+$I66-INT($I66/100)*100)-(INT($H66/100)*60+$H66-INT($H66/100)*100))/60),1),"") | O66: =IF($D66="ZEMAULI",ROUND(IF(ISERR($I66/1)," ",((INT($I66/100)*60+$I66-INT($I66/100)*100)-(INT($H66/100)*60+$H66-INT($H66/100)*100))/60),1),"") | P66: =IF(H66>=1,1,"") | V66: 9
A67: =B67 -> 0 | B67: =C67 -> 0 | E67: =IF(D67="ITEN","Robert",IF(D67="DÖBELI","François",IF(D67="ZEMAULI","Marcel",""))) | G67: =IF($D67>=1,"LFTM","") | J67: =ROUND(IF(ISERR($I67/1)," ",((INT($I67/100)*60+$I67-INT($I67/100)*100)-(INT($H67/100)*60+$H67-INT($H67/100)*100))/60),1) -> 0 | L67: =IF($D67="DÖBELI",ROUND(IF(ISERR($I67/1)," ",((INT($I67/100)*60+$I67-INT($I67/100)*100)-(INT($H67/100)*60+$H67-INT($H67/100)*100))/60),1),"") | M67: =IF($D67="LEGRAS",ROUND(IF(ISERR($I67/1)," ",((INT($I67/100)*60+$I67-INT($I67/100)*100)-(INT($H67/100)*60+$H67-INT($H67/100)*100))/60),1),"") | N67: =IF($D67="ITEN",ROUND(IF(ISERR($I67/1)," ",((INT($I67/100)*60+$I67-INT($I67/100)*100)-(INT($H67/100)*60+$H67-INT($H67/100)*100))/60),1),"") | O67: =IF($D67="ZEMAULI",ROUND(IF(ISERR($I67/1)," ",((INT($I67/100)*60+$I67-INT($I67/100)*100)-(INT($H67/100)*60+$H67-INT($H67/100)*100))/60),1),"") | P67: =IF(H67>=1,1,"") | V67: 10
A68: =B68 -> 0 | B68: =C68 -> 0 | E68: =IF(D68="ITEN","Robert",IF(D68="DÖBELI","François",IF(D68="ZEMAULI","Marcel",""))) | G68: =IF($D68>=1,"LFTM","") | J68: =ROUND(IF(ISERR($I68/1)," ",((INT($I68/100)*60+$I68-INT($I68/100)*100)-(INT($H68/100)*60+$H68-INT($H68/100)*100))/60),1) -> 0 | L68: =IF($D68="DÖBELI",ROUND(IF(ISERR($I68/1)," ",((INT($I68/100)*60+$I68-INT($I68/100)*100)-(INT($H68/100)*60+$H68-INT($H68/100)*100))/60),1),"") | M68: =IF($D68="LEGRAS",ROUND(IF(ISERR($I68/1)," ",((INT($I68/100)*60+$I68-INT($I68/100)*100)-(INT($H68/100)*60+$H68-INT($H68/100)*100))/60),1),"") | N68: =IF($D68="ITEN",ROUND(IF(ISERR($I68/1)," ",((INT($I68/100)*60+$I68-INT($I68/100)*100)-(INT($H68/100)*60+$H68-INT($H68/100)*100))/60),1),"") | O68: =IF($D68="ZEMAULI",ROUND(IF(ISERR($I68/1)," ",((INT($I68/100)*60+$I68-INT($I68/100)*100)-(INT($H68/100)*60+$H68-INT($H68/100)*100))/60),1),"") | P68: =IF(H68>=1,1,"") | V68: 11
A69: =B69 -> 0 | B69: =C69 -> 0 | E69: =IF(D69="ITEN","Robert",IF(D69="DÖBELI","François",IF(D69="ZEMAULI","Marcel",""))) | G69: =IF($D69>=1,"LFTM","") | J69: =ROUND(IF(ISERR($I69/1)," ",((INT($I69/100)*60+$I69-INT($I69/100)*100)-(INT($H69/100)*60+$H69-INT($H69/100)*100))/60),1) -> 0 | L69: =IF($D69="DÖBELI",ROUND(IF(ISERR($I69/1)," ",((INT($I69/100)*60+$I69-INT($I69/100)*100)-(INT($H69/100)*60+$H69-INT($H69/100)*100))/60),1),"") | M69: =IF($D69="LEGRAS",ROUND(IF(ISERR($I69/1)," ",((INT($I69/100)*60+$I69-INT($I69/100)*100)-(INT($H69/100)*60+$H69-INT($H69/100)*100))/60),1),"") | N69: =IF($D69="ITEN",ROUND(IF(ISERR($I69/1)," ",((INT($I69/100)*60+$I69-INT($I69/100)*100)-(INT($H69/100)*60+$H69-INT($H69/100)*100))/60),1),"") | O69: =IF($D69="ZEMAULI",ROUND(IF(ISERR($I69/1)," ",((INT($I69/100)*60+$I69-INT($I69/100)*100)-(INT($H69/100)*60+$H69-INT($H69/100)*100))/60),1),"") | P69: =IF(H69>=1,1,"") | V69: 12
... A81: =B81 -> 0 | B81: =C81 -> 0 | E81: =IF(D81="ITEN","Robert",IF(D81="DÖBELI","François",IF(D81="ZEMAULI","Marcel",""))) | G81: =IF($D81>=1,"LFTM","") | J81: =ROUND(IF(ISERR($I81/1)," ",((INT($I81/100)*60+$I81-INT($I81/100)*100)-(INT($H81/100)*60+$H81-INT($H81/100)*100))/60),1) -> 0 | L81: =IF($D81="DÖBELI",ROUND(IF(ISERR($I81/1)," ",((INT($I81/100)*60+$I81-INT($I81/100)*100)-(INT($H81/100)*60+$H81-INT($H81/100)*100))/60),1),"") | M81: =IF($D81="LEGRAS",ROUND(IF(ISERR($I81/1)," ",((INT($I81/100)*60+$I81-INT($I81/100)*100)-(INT($H81/100)*60+$H81-INT($H81/100)*100))/60),1),"") | N81: =IF($D81="ITEN",ROUND(IF(ISERR($I81/1)," ",((INT($I81/100)*60+$I81-INT($I81/100)*100)-(INT($H81/100)*60+$H81-INT($H81/100)*100))/60),1),"") | O81: =IF($D81="ZEMAULI",ROUND(IF(ISERR($I81/1)," ",((INT($I81/100)*60+$I81-INT($I81/100)*100)-(INT($H81/100)*60+$H81-INT($H81/100)*100))/60),1),"") | P81: =IF(H81>=1,1,"") | V81: 24
A82: =B82 -> 0 | B82: =C82 -> 0 | E82: =IF(D82="ITEN","Robert",IF(D82="DÖBELI","François",IF(D82="ZEMAULI","Marcel",""))) | G82: =IF($D82>=1,"LFTM","") | J82: =ROUND(IF(ISERR($I82/1)," ",((INT($I82/100)*60+$I82-INT($I82/100)*100)-(INT($H82/100)*60+$H82-INT($H82/100)*100))/60),1) -> 0 | L82: =IF($D82="DÖBELI",ROUND(IF(ISERR($I82/1)," ",((INT($I82/100)*60+$I82-INT($I82/100)*100)-(INT($H82/100)*60+$H82-INT($H82/100)*100))/60),1),"") | M82: =IF($D82="LEGRAS",ROUND(IF(ISERR($I82/1)," ",((INT($I82/100)*60+$I82-INT($I82/100)*100)-(INT($H82/100)*60+$H82-INT($H82/100)*100))/60),1),"") | N82: =IF($D82="ITEN",ROUND(IF(ISERR($I82/1)," ",((INT($I82/100)*60+$I82-INT($I82/100)*100)-(INT($H82/100)*60+$H82-INT($H82/100)*100))/60),1),"") | O82: =IF($D82="ZEMAULI",ROUND(IF(ISERR($I82/1)," ",((INT($I82/100)*60+$I82-INT($I82/100)*100)-(INT($H82/100)*60+$H82-INT($H82/100)*100))/60),1),"") | P82: =IF(H82>=1,1,"") | U82: =SUM(J58:J82) -> 0 | V82: 25 | W82: =V82+W57 -> 75 | X82: =U82/V82 -> 0 | Y82: =Y57+U82 -> 0
A83: =B83 -> 0 | B83: =C83 -> 0 | E83: =IF(D83="ITEN","Robert",IF(D83="DÖBELI","François",IF(D83="ZEMAULI","Marcel",""))) | G83: =IF($D83>=1,"LFTM","") | J83: =ROUND(IF(ISERR($I83/1)," ",((INT($I83/100)*60+$I83-INT($I83/100)*100)-(INT($H83/100)*60+$H83-INT($H83/100)*100))/60),1) -> 0 | L83: =IF($D83="DÖBELI",ROUND(IF(ISERR($I83/1)," ",((INT($I83/100)*60+$I83-INT($I83/100)*100)-(INT($H83/100)*60+$H83-INT($H83/100)*100))/60),1),"") | M83: =IF($D83="LEGRAS",ROUND(IF(ISERR($I83/1)," ",((INT($I83/100)*60+$I83-INT($I83/100)*100)-(INT($H83/100)*60+$H83-INT($H83/100)*100))/60),1),"") | N83: =IF($D83="ITEN",ROUND(IF(ISERR($I83/1)," ",((INT($I83/100)*60+$I83-INT($I83/100)*100)-(INT($H83/100)*60+$H83-INT($H83/100)*100))/60),1),"") | O83: =IF($D83="ZEMAULI",ROUND(IF(ISERR($I83/1)," ",((INT($I83/100)*60+$I83-INT($I83/100)*100)-(INT($H83/100)*60+$H83-INT($H83/100)*100))/60),1),"") | P83: =IF(H83>=1,1,"") | V83: 1
A84: =B84 -> 0 | B84: =C84 -> 0 | E84: =IF(D84="ITEN","Robert",IF(D84="DÖBELI","François",IF(D84="ZEMAULI","Marcel",""))) | G84: =IF($D84>=1,"LFTM","") | J84: =ROUND(IF(ISERR($I84/1)," ",((INT($I84/100)*60+$I84-INT($I84/100)*100)-(INT($H84/100)*60+$H84-INT($H84/100)*100))/60),1) -> 0 | L84: =IF($D84="DÖBELI",ROUND(IF(ISERR($I84/1)," ",((INT($I84/100)*60+$I84-INT($I84/100)*100)-(INT($H84/100)*60+$H84-INT($H84/100)*100))/60),1),"") | M84: =IF($D84="LEGRAS",ROUND(IF(ISERR($I84/1)," ",((INT($I84/100)*60+$I84-INT($I84/100)*100)-(INT($H84/100)*60+$H84-INT($H84/100)*100))/60),1),"") | N84: =IF($D84="ITEN",ROUND(IF(ISERR($I84/1)," ",((INT($I84/100)*60+$I84-INT($I84/100)*100)-(INT($H84/100)*60+$H84-INT($H84/100)*100))/60),1),"") | O84: =IF($D84="ZEMAULI",ROUND(IF(ISERR($I84/1)," ",((INT($I84/100)*60+$I84-INT($I84/100)*100)-(INT($H84/100)*60+$H84-INT($H84/100)*100))/60),1),"") | P84: =IF(H84>=1,1,"") | V84: 2
A85: =B85 -> 0 | B85: =C85 -> 0 | E85: =IF(D85="ITEN","Robert",IF(D85="DÖBELI","François",IF(D85="ZEMAULI","Marcel",""))) | G85: =IF($D85>=1,"LFTM","") | J85: =ROUND(IF(ISERR($I85/1)," ",((INT($I85/100)*60+$I85-INT($I85/100)*100)-(INT($H85/100)*60+$H85-INT($H85/100)*100))/60),1) -> 0 | L85: =IF($D85="DÖBELI",ROUND(IF(ISERR($I85/1)," ",((INT($I85/100)*60+$I85-INT($I85/100)*100)-(INT($H85/100)*60+$H85-INT($H85/100)*100))/60),1),"") | M85: =IF($D85="LEGRAS",ROUND(IF(ISERR($I85/1)," ",((INT($I85/100)*60+$I85-INT($I85/100)*100)-(INT($H85/100)*60+$H85-INT($H85/100)*100))/60),1),"") | N85: =IF($D85="ITEN",ROUND(IF(ISERR($I85/1)," ",((INT($I85/100)*60+$I85-INT($I85/100)*100)-(INT($H85/100)*60+$H85-INT($H85/100)*100))/60),1),"") | O85: =IF($D85="ZEMAULI",ROUND(IF(ISERR($I85/1)," ",((INT($I85/100)*60+$I85-INT($I85/100)*100)-(INT($H85/100)*60+$H85-INT($H85/100)*100))/60),1),"") | P85: =IF(H85>=1,1,"") | V85: 3
A86: =B86 -> 0 | B86: =C86 -> 0 | E86: =IF(D86="ITEN","Robert",IF(D86="DÖBELI","François",IF(D86="ZEMAULI","Marcel",""))) | G86: =IF($D86>=1,"LFTM","") | J86: =ROUND(IF(ISERR($I86/1)," ",((INT($I86/100)*60+$I86-INT($I86/100)*100)-(INT($H86/100)*60+$H86-INT($H86/100)*100))/60),1) -> 0 | L86: =IF($D86="DÖBELI",ROUND(IF(ISERR($I86/1)," ",((INT($I86/100)*60+$I86-INT($I86/100)*100)-(INT($H86/100)*60+$H86-INT($H86/100)*100))/60),1),"") | M86: =IF($D86="LEGRAS",ROUND(IF(ISERR($I86/1)," ",((INT($I86/100)*60+$I86-INT($I86/100)*100)-(INT($H86/100)*60+$H86-INT($H86/100)*100))/60),1),"") | N86: =IF($D86="ITEN",ROUND(IF(ISERR($I86/1)," ",((INT($I86/100)*60+$I86-INT($I86/100)*100)-(INT($H86/100)*60+$H86-INT($H86/100)*100))/60),1),"") | O86: =IF($D86="ZEMAULI",ROUND(IF(ISERR($I86/1)," ",((INT($I86/100)*60+$I86-INT($I86/100)*100)-(INT($H86/100)*60+$H86-INT($H86/100)*100))/60),1),"") | P86: =IF(H86>=1,1,"") | V86: 4
A87: =B87 -> 0 | B87: =C87 -> 0 | E87: =IF(D87="ITEN","Robert",IF(D87="DÖBELI","François",IF(D87="ZEMAULI","Marcel",""))) | G87: =IF($D87>=1,"LFTM","") | J87: =ROUND(IF(ISERR($I87/1)," ",((INT($I87/100)*60+$I87-INT($I87/100)*100)-(INT($H87/100)*60+$H87-INT($H87/100)*100))/60),1) -> 0 | L87: =IF($D87="DÖBELI",ROUND(IF(ISERR($I87/1)," ",((INT($I87/100)*60+$I87-INT($I87/100)*100)-(INT($H87/100)*60+$H87-INT($H87/100)*100))/60),1),"") | M87: =IF($D87="LEGRAS",ROUND(IF(ISERR($I87/1)," ",((INT($I87/100)*60+$I87-INT($I87/100)*100)-(INT($H87/100)*60+$H87-INT($H87/100)*100))/60),1),"") | N87: =IF($D87="ITEN",ROUND(IF(ISERR($I87/1)," ",((INT($I87/100)*60+$I87-INT($I87/100)*100)-(INT($H87/100)*60+$H87-INT($H87/100)*100))/60),1),"") | O87: =IF($D87="ZEMAULI",ROUND(IF(ISERR($I87/1)," ",((INT($I87/100)*60+$I87-INT($I87/100)*100)-(INT($H87/100)*60+$H87-INT($H87/100)*100))/60),1),"") | P87: =IF(H87>=1,1,"") | V87: 5
A88: =B88 -> 0 | B88: =C88 -> 0 | E88: =IF(D88="ITEN","Robert",IF(D88="DÖBELI","François",IF(D88="ZEMAULI","Marcel",""))) | G88: =IF($D88>=1,"LFTM","") | J88: =ROUND(IF(ISERR($I88/1)," ",((INT($I88/100)*60+$I88-INT($I88/100)*100)-(INT($H88/100)*60+$H88-INT($H88/100)*100))/60),1) -> 0 | L88: =IF($D88="DÖBELI",ROUND(IF(ISERR($I88/1)," ",((INT($I88/100)*60+$I88-INT($I88/100)*100)-(INT($H88/100)*60+$H88-INT($H88/100)*100))/60),1),"") | M88: =IF($D88="LEGRAS",ROUND(IF(ISERR($I88/1)," ",((INT($I88/100)*60+$I88-INT($I88/100)*100)-(INT($H88/100)*60+$H88-INT($H88/100)*100))/60),1),"") | N88: =IF($D88="ITEN",ROUND(IF(ISERR($I88/1)," ",((INT($I88/100)*60+$I88-INT($I88/100)*100)-(INT($H88/100)*60+$H88-INT($H88/100)*100))/60),1),"") | O88: =IF($D88="ZEMAULI",ROUND(IF(ISERR($I88/1)," ",((INT($I88/100)*60+$I88-INT($I88/100)*100)-(INT($H88/100)*60+$H88-INT($H88/100)*100))/60),1),"") | P88: =IF(H88>=1,1,"") | V88: 6
A89: =B89 -> 0 | B89: =C89 -> 0 | E89: =IF(D89="ITEN","Robert",IF(D89="DÖBELI","François",IF(D89="ZEMAULI","Marcel",""))) | G89: =IF($D89>=1,"LFTM","") | J89: =ROUND(IF(ISERR($I89/1)," ",((INT($I89/100)*60+$I89-INT($I89/100)*100)-(INT($H89/100)*60+$H89-INT($H89/100)*100))/60),1) -> 0 | L89: =IF($D89="DÖBELI",ROUND(IF(ISERR($I89/1)," ",((INT($I89/100)*60+$I89-INT($I89/100)*100)-(INT($H89/100)*60+$H89-INT($H89/100)*100))/60),1),"") | M89: =IF($D89="LEGRAS",ROUND(IF(ISERR($I89/1)," ",((INT($I89/100)*60+$I89-INT($I89/100)*100)-(INT($H89/100)*60+$H89-INT($H89/100)*100))/60),1),"") | N89: =IF($D89="ITEN",ROUND(IF(ISERR($I89/1)," ",((INT($I89/100)*60+$I89-INT($I89/100)*100)-(INT($H89/100)*60+$H89-INT($H89/100)*100))/60),1),"") | O89: =IF($D89="ZEMAULI",ROUND(IF(ISERR($I89/1)," ",((INT($I89/100)*60+$I89-INT($I89/100)*100)-(INT($H89/100)*60+$H89-INT($H89/100)*100))/60),1),"") | P89: =IF(H89>=1,1,"") | V89: 7
A90: =B90 -> 0 | B90: =C90 -> 0 | E90: =IF(D90="ITEN","Robert",IF(D90="DÖBELI","François",IF(D90="ZEMAULI","Marcel",""))) | G90: =IF($D90>=1,"LFTM","") | J90: =ROUND(IF(ISERR($I90/1)," ",((INT($I90/100)*60+$I90-INT($I90/100)*100)-(INT($H90/100)*60+$H90-INT($H90/100)*100))/60),1) -> 0 | L90: =IF($D90="DÖBELI",ROUND(IF(ISERR($I90/1)," ",((INT($I90/100)*60+$I90-INT($I90/100)*100)-(INT($H90/100)*60+$H90-INT($H90/100)*100))/60),1),"") | M90: =IF($D90="LEGRAS",ROUND(IF(ISERR($I90/1)," ",((INT($I90/100)*60+$I90-INT($I90/100)*100)-(INT($H90/100)*60+$H90-INT($H90/100)*100))/60),1),"") | N90: =IF($D90="ITEN",ROUND(IF(ISERR($I90/1)," ",((INT($I90/100)*60+$I90-INT($I90/100)*100)-(INT($H90/100)*60+$H90-INT($H90/100)*100))/60),1),"") | O90: =IF($D90="ZEMAULI",ROUND(IF(ISERR($I90/1)," ",((INT($I90/100)*60+$I90-INT($I90/100)*100)-(INT($H90/100)*60+$H90-INT($H90/100)*100))/60),1),"") | P90: =IF(H90>=1,1,"") | V90: 8
A91: =B91 -> 0 | B91: =C91 -> 0 | E91: =IF(D91="ITEN","Robert",IF(D91="DÖBELI","François",IF(D91="ZEMAULI","Marcel",""))) | G91: =IF($D91>=1,"LFTM","") | J91: =ROUND(IF(ISERR($I91/1)," ",((INT($I91/100)*60+$I91-INT($I91/100)*100)-(INT($H91/100)*60+$H91-INT($H91/100)*100))/60),1) -> 0 | L91: =IF($D91="DÖBELI",ROUND(IF(ISERR($I91/1)," ",((INT($I91/100)*60+$I91-INT($I91/100)*100)-(INT($H91/100)*60+$H91-INT($H91/100)*100))/60),1),"") | M91: =IF($D91="LEGRAS",ROUND(IF(ISERR($I91/1)," ",((INT($I91/100)*60+$I91-INT($I91/100)*100)-(INT($H91/100)*60+$H91-INT($H91/100)*100))/60),1),"") | N91: =IF($D91="ITEN",ROUND(IF(ISERR($I91/1)," ",((INT($I91/100)*60+$I91-INT($I91/100)*100)-(INT($H91/100)*60+$H91-INT($H91/100)*100))/60),1),"") | O91: =IF($D91="ZEMAULI",ROUND(IF(ISERR($I91/1)," ",((INT($I91/100)*60+$I91-INT($I91/100)*100)-(INT($H91/100)*60+$H91-INT($H91/100)*100))/60),1),"") | P91: =IF(H91>=1,1,"") | V91: 9
A92: =B92 -> 0 | B92: =C92 -> 0 | E92: =IF(D92="ITEN","Robert",IF(D92="DÖBELI","François",IF(D92="ZEMAULI","Marcel",""))) | G92: =IF($D92>=1,"LFTM","") | J92: =ROUND(IF(ISERR($I92/1)," ",((INT($I92/100)*60+$I92-INT($I92/100)*100)-(INT($H92/100)*60+$H92-INT($H92/100)*100))/60),1) -> 0 | L92: =IF($D92="DÖBELI",ROUND(IF(ISERR($I92/1)," ",((INT($I92/100)*60+$I92-INT($I92/100)*100)-(INT($H92/100)*60+$H92-INT($H92/100)*100))/60),1),"") | M92: =IF($D92="LEGRAS",ROUND(IF(ISERR($I92/1)," ",((INT($I92/100)*60+$I92-INT($I92/100)*100)-(INT($H92/100)*60+$H92-INT($H92/100)*100))/60),1),"") | N92: =IF($D92="ITEN",ROUND(IF(ISERR($I92/1)," ",((INT($I92/100)*60+$I92-INT($I92/100)*100)-(INT($H92/100)*60+$H92-INT($H92/100)*100))/60),1),"") | O92: =IF($D92="ZEMAULI",ROUND(IF(ISERR($I92/1)," ",((INT($I92/100)*60+$I92-INT($I92/100)*100)-(INT($H92/100)*60+$H92-INT($H92/100)*100))/60),1),"") | P92: =IF(H92>=1,1,"") | V92: 10
A93: =B93 -> 0 | B93: =C93 -> 0 | E93: =IF(D93="ITEN","Robert",IF(D93="DÖBELI","François",IF(D93="ZEMAULI","Marcel",""))) | G93: =IF($D93>=1,"LFTM","") | J93: =ROUND(IF(ISERR($I93/1)," ",((INT($I93/100)*60+$I93-INT($I93/100)*100)-(INT($H93/100)*60+$H93-INT($H93/100)*100))/60),1) -> 0 | L93: =IF($D93="DÖBELI",ROUND(IF(ISERR($I93/1)," ",((INT($I93/100)*60+$I93-INT($I93/100)*100)-(INT($H93/100)*60+$H93-INT($H93/100)*100))/60),1),"") | M93: =IF($D93="LEGRAS",ROUND(IF(ISERR($I93/1)," ",((INT($I93/100)*60+$I93-INT($I93/100)*100)-(INT($H93/100)*60+$H93-INT($H93/100)*100))/60),1),"") | N93: =IF($D93="ITEN",ROUND(IF(ISERR($I93/1)," ",((INT($I93/100)*60+$I93-INT($I93/100)*100)-(INT($H93/100)*60+$H93-INT($H93/100)*100))/60),1),"") | O93: =IF($D93="ZEMAULI",ROUND(IF(ISERR($I93/1)," ",((INT($I93/100)*60+$I93-INT($I93/100)*100)-(INT($H93/100)*60+$H93-INT($H93/100)*100))/60),1),"") | P93: =IF(H93>=1,1,"") | V93: 11
A94: =B94 -> 0 | B94: =C94 -> 0 | E94: =IF(D94="ITEN","Robert",IF(D94="DÖBELI","François",IF(D94="ZEMAULI","Marcel",""))) | G94: =IF($D94>=1,"LFTM","") | J94: =ROUND(IF(ISERR($I94/1)," ",((INT($I94/100)*60+$I94-INT($I94/100)*100)-(INT($H94/100)*60+$H94-INT($H94/100)*100))/60),1) -> 0 | L94: =IF($D94="DÖBELI",ROUND(IF(ISERR($I94/1)," ",((INT($I94/100)*60+$I94-INT($I94/100)*100)-(INT($H94/100)*60+$H94-INT($H94/100)*100))/60),1),"") | M94: =IF($D94="LEGRAS",ROUND(IF(ISERR($I94/1)," ",((INT($I94/100)*60+$I94-INT($I94/100)*100)-(INT($H94/100)*60+$H94-INT($H94/100)*100))/60),1),"") | N94: =IF($D94="ITEN",ROUND(IF(ISERR($I94/1)," ",((INT($I94/100)*60+$I94-INT($I94/100)*100)-(INT($H94/100)*60+$H94-INT($H94/100)*100))/60),1),"") | O94: =IF($D94="ZEMAULI",ROUND(IF(ISERR($I94/1)," ",((INT($I94/100)*60+$I94-INT($I94/100)*100)-(INT($H94/100)*60+$H94-INT($H94/100)*100))/60),1),"") | P94: =IF(H94>=1,1,"") | V94: 12
... A97: =B97 -> 0 | B97: =C97 -> 0 | E97: =IF(D97="ITEN","Robert",IF(D97="DÖBELI","François",IF(D97="ZEMAULI","Marcel",""))) | G97: =IF($D97>=1,"LFTM","") | J97: =ROUND(IF(ISERR($I97/1)," ",((INT($I97/100)*60+$I97-INT($I97/100)*100)-(INT($H97/100)*60+$H97-INT($H97/100)*100))/60),1) -> 0 | L97: =IF($D97="DÖBELI",ROUND(IF(ISERR($I97/1)," ",((INT($I97/100)*60+$I97-INT($I97/100)*100)-(INT($H97/100)*60+$H97-INT($H97/100)*100))/60),1),"") | M97: =IF($D97="LEGRAS",ROUND(IF(ISERR($I97/1)," ",((INT($I97/100)*60+$I97-INT($I97/100)*100)-(INT($H97/100)*60+$H97-INT($H97/100)*100))/60),1),"") | N97: =IF($D97="ITEN",ROUND(IF(ISERR($I97/1)," ",((INT($I97/100)*60+$I97-INT($I97/100)*100)-(INT($H97/100)*60+$H97-INT($H97/100)*100))/60),1),"") | O97: =IF($D97="ZEMAULI",ROUND(IF(ISERR($I97/1)," ",((INT($I97/100)*60+$I97-INT($I97/100)*100)-(INT($H97/100)*60+$H97-INT($H97/100)*100))/60),1),"") | P97: =IF(H97>=1,1,"") | V97: 15
A98: =B98 -> #REF! | B98: =#REF! -> #REF! | E98: =IF(D98="ITEN","Robert",IF(D98="DÖBELI","François",IF(D98="ZEMAULI","Marcel",""))) | G98: =IF($D98>=1,"LFTM","") | J98: =ROUND(IF(ISERR($I98/1)," ",((INT($I98/100)*60+$I98-INT($I98/100)*100)-(INT($H98/100)*60+$H98-INT($H98/100)*100))/60),1) -> 0 | L98: =IF($D98="DÖBELI",ROUND(IF(ISERR($I98/1)," ",((INT($I98/100)*60+$I98-INT($I98/100)*100)-(INT($H98/100)*60+$H98-INT($H98/100)*100))/60),1),"") | M98: =IF($D98="LEGRAS",ROUND(IF(ISERR(#REF!/1)," ",((INT(#REF!/100)*60+#REF!-INT(#REF!/100)*100)-(INT(#REF!/100)*60+#REF!-INT(#REF!/100)*100))/60),1),"") | N98: =IF($D98="ITEN",ROUND(IF(ISERR(#REF!/1)," ",((INT(#REF!/100)*60+#REF!-INT(#REF!/100)*100)-(INT(#REF!/100)*60+#REF!-INT(#REF!/100)*100))/60),1),"") | O98: =IF($D98="ZEMAULI",ROUND(IF(ISERR(#REF!/1)," ",((INT(#REF!/100)*60+#REF!-INT(#REF!/100)*100)-(INT(#REF!/100)*60+#REF!-INT(#REF!/100)*100))/60),1),"") | P98: =IF(H98>=1,1,"") | V98: 16
A99: =B99 -> 0 | B99: =C99 -> 0 | E99: =IF(D99="ITEN","Robert",IF(D99="DÖBELI","François",IF(D99="ZEMAULI","Marcel",""))) | G99: =IF($D99>=1,"LFTM","") | J99: =ROUND(IF(ISERR($I99/1)," ",((INT($I99/100)*60+$I99-INT($I99/100)*100)-(INT($H99/100)*60+$H99-INT($H99/100)*100))/60),1) -> 0 | L99: =IF($D99="DÖBELI",ROUND(IF(ISERR($I99/1)," ",((INT($I99/100)*60+$I99-INT($I99/100)*100)-(INT($H99/100)*60+$H99-INT($H99/100)*100))/60),1),"") | M99: =IF($D99="LEGRAS",ROUND(IF(ISERR($I99/1)," ",((INT($I99/100)*60+$I99-INT($I99/100)*100)-(INT($H99/100)*60+$H99-INT($H99/100)*100))/60),1),"") | N99: =IF($D99="ITEN",ROUND(IF(ISERR($I99/1)," ",((INT($I99/100)*60+$I99-INT($I99/100)*100)-(INT($H99/100)*60+$H99-INT($H99/100)*100))/60),1),"") | O99: =IF($D99="ZEMAULI",ROUND(IF(ISERR($I99/1)," ",((INT($I99/100)*60+$I99-INT($I99/100)*100)-(INT($H99/100)*60+$H99-INT($H99/100)*100))/60),1),"") | P99: =IF(H99>=1,1,"") | V99: 17
A100: =B100 -> 0 | B100: =C100 -> 0 | E100: =IF(D100="ITEN","Robert",IF(D100="DÖBELI","François",IF(D100="ZEMAULI","Marcel",""))) | G100: =IF($D100>=1,"LFTM","") | J100: =ROUND(IF(ISERR($I100/1)," ",((INT($I100/100)*60+$I100-INT($I100/100)*100)-(INT($H100/100)*60+$H100-INT($H100/100)*100))/60),1) -> 0 | L100: =IF($D100="DÖBELI",ROUND(IF(ISERR($I100/1)," ",((INT($I100/100)*60+$I100-INT($I100/100)*100)-(INT($H100/100)*60+$H100-INT($H100/100)*100))/60),1),"") | M100: =IF($D100="LEGRAS",ROUND(IF(ISERR($I100/1)," ",((INT($I100/100)*60+$I100-INT($I100/100)*100)-(INT($H100/100)*60+$H100-INT($H100/100)*100))/60),1),"") | N100: =IF($D100="ITEN",ROUND(IF(ISERR($I100/1)," ",((INT($I100/100)*60+$I100-INT($I100/100)*100)-(INT($H100/100)*60+$H100-INT($H100/100)*100))/60),1),"") | O100: =IF($D100="ZEMAULI",ROUND(IF(ISERR($I100/1)," ",((INT($I100/100)*60+$I100-INT($I100/100)*100)-(INT($H100/100)*60+$H100-INT($H100/100)*100))/60),1),"") | P100: =IF(H100>=1,1,"") | V100: 18
A101: =B101 -> 0 | B101: =C101 -> 0 | E101: =IF(D101="ITEN","Robert",IF(D101="DÖBELI","François",IF(D101="ZEMAULI","Marcel",""))) | G101: =IF($D101>=1,"LFTM","") | J101: =ROUND(IF(ISERR($I101/1)," ",((INT($I101/100)*60+$I101-INT($I101/100)*100)-(INT($H101/100)*60+$H101-INT($H101/100)*100))/60),1) -> 0 | L101: =IF($D101="DÖBELI",ROUND(IF(ISERR($I101/1)," ",((INT($I101/100)*60+$I101-INT($I101/100)*100)-(INT($H101/100)*60+$H101-INT($H101/100)*100))/60),1),"") | M101: =IF($D101="LEGRAS",ROUND(IF(ISERR($I101/1)," ",((INT($I101/100)*60+$I101-INT($I101/100)*100)-(INT($H101/100)*60+$H101-INT($H101/100)*100))/60),1),"") | N101: =IF($D101="ITEN",ROUND(IF(ISERR($I101/1)," ",((INT($I101/100)*60+$I101-INT($I101/100)*100)-(INT($H101/100)*60+$H101-INT($H101/100)*100))/60),1),"") | O101: =IF($D101="ZEMAULI",ROUND(IF(ISERR($I101/1)," ",((INT($I101/100)*60+$I101-INT($I101/100)*100)-(INT($H101/100)*60+$H101-INT($H101/100)*100))/60),1),"") | P101: =IF(H101>=1,1,"") | T101: 2016 | U101: =SUM(J83:J101) -> 0 | V101: 19 | W101: =V101+W82 -> 94 | X101: =U101/V101 -> 0 | Y101: =Y82+U101 -> 0
A102: =B102 -> 0 | B102: =C102 -> 0 | E102: =IF(D102="ITEN","Robert",IF(D102="DÖBELI","François",IF(D102="ZEMAULI","Marcel",""))) | G102: =IF($D102>=1,"LFTM","") | J102: =ROUND(IF(ISERR($I102/1)," ",((INT($I102/100)*60+$I102-INT($I102/100)*100)-(INT($H102/100)*60+$H102-INT($H102/100)*100))/60),1) -> 0 | L102: =IF($D102="DÖBELI",ROUND(IF(ISERR($I102/1)," ",((INT($I102/100)*60+$I102-INT($I102/100)*100)-(INT($H102/100)*60+$H102-INT($H102/100)*100))/60),1),"") | M102: =IF($D102="LEGRAS",ROUND(IF(ISERR($I102/1)," ",((INT($I102/100)*60+$I102-INT($I102/100)*100)-(INT($H102/100)*60+$H102-INT($H102/100)*100))/60),1),"") | N102: =IF($D102="ITEN",ROUND(IF(ISERR($I102/1)," ",((INT($I102/100)*60+$I102-INT($I102/100)*100)-(INT($H102/100)*60+$H102-INT($H102/100)*100))/60),1),"") | O102: =IF($D102="ZEMAULI",ROUND(IF(ISERR($I102/1)," ",((INT($I102/100)*60+$I102-INT($I102/100)*100)-(INT($H102/100)*60+$H102-INT($H102/100)*100))/60),1),"") | P102: =IF(H102>=1,1,"") | V102: 1
A103: =B103 -> 0 | B103: =C103 -> 0 | E103: =IF(D103="ITEN","Robert",IF(D103="DÖBELI","François",IF(D103="ZEMAULI","Marcel",""))) | G103: =IF($D103>=1,"LFTM","") | J103: =ROUND(IF(ISERR($I103/1)," ",((INT($I103/100)*60+$I103-INT($I103/100)*100)-(INT($H103/100)*60+$H103-INT($H103/100)*100))/60),1) -> 0 | L103: =IF($D103="DÖBELI",ROUND(IF(ISERR($I103/1)," ",((INT($I103/100)*60+$I103-INT($I103/100)*100)-(INT($H103/100)*60+$H103-INT($H103/100)*100))/60),1),"") | M103: =IF($D103="LEGRAS",ROUND(IF(ISERR($I103/1)," ",((INT($I103/100)*60+$I103-INT($I103/100)*100)-(INT($H103/100)*60+$H103-INT($H103/100)*100))/60),1),"") | N103: =IF($D103="ITEN",ROUND(IF(ISERR($I103/1)," ",((INT($I103/100)*60+$I103-INT($I103/100)*100)-(INT($H103/100)*60+$H103-INT($H103/100)*100))/60),1),"") | O103: =IF($D103="ZEMAULI",ROUND(IF(ISERR($I103/1)," ",((INT($I103/100)*60+$I103-INT($I103/100)*100)-(INT($H103/100)*60+$H103-INT($H103/100)*100))/60),1),"") | P103: =IF(H103>=1,1,"") | V103: 2
A104: =B104 -> 0 | B104: =C104 -> 0 | E104: =IF(D104="ITEN","Robert",IF(D104="DÖBELI","François",IF(D104="ZEMAULI","Marcel",""))) | G104: =IF($D104>=1,"LFTM","") | J104: =ROUND(IF(ISERR($I104/1)," ",((INT($I104/100)*60+$I104-INT($I104/100)*100)-(INT($H104/100)*60+$H104-INT($H104/100)*100))/60),1) -> 0 | L104: =IF($D104="DÖBELI",ROUND(IF(ISERR($I104/1)," ",((INT($I104/100)*60+$I104-INT($I104/100)*100)-(INT($H104/100)*60+$H104-INT($H104/100)*100))/60),1),"") | M104: =IF($D104="LEGRAS",ROUND(IF(ISERR($I104/1)," ",((INT($I104/100)*60+$I104-INT($I104/100)*100)-(INT($H104/100)*60+$H104-INT($H104/100)*100))/60),1),"") | N104: =IF($D104="ITEN",ROUND(IF(ISERR($I104/1)," ",((INT($I104/100)*60+$I104-INT($I104/100)*100)-(INT($H104/100)*60+$H104-INT($H104/100)*100))/60),1),"") | O104: =IF($D104="ZEMAULI",ROUND(IF(ISERR($I104/1)," ",((INT($I104/100)*60+$I104-INT($I104/100)*100)-(INT($H104/100)*60+$H104-INT($H104/100)*100))/60),1),"") | P104: =IF(H104>=1,1,"") | V104: 3
A105: =B105 -> 0 | B105: =C105 -> 0 | E105: =IF(D105="ITEN","Robert",IF(D105="DÖBELI","François",IF(D105="ZEMAULI","Marcel",""))) | G105: =IF($D105>=1,"LFTM","") | J105: =ROUND(IF(ISERR($I105/1)," ",((INT($I105/100)*60+$I105-INT($I105/100)*100)-(INT($H105/100)*60+$H105-INT($H105/100)*100))/60),1) -> 0 | L105: =IF($D105="DÖBELI",ROUND(IF(ISERR($I105/1)," ",((INT($I105/100)*60+$I105-INT($I105/100)*100)-(INT($H105/100)*60+$H105-INT($H105/100)*100))/60),1),"") | M105: =IF($D105="LEGRAS",ROUND(IF(ISERR($I105/1)," ",((INT($I105/100)*60+$I105-INT($I105/100)*100)-(INT($H105/100)*60+$H105-INT($H105/100)*100))/60),1),"") | N105: =IF($D105="ITEN",ROUND(IF(ISERR($I105/1)," ",((INT($I105/100)*60+$I105-INT($I105/100)*100)-(INT($H105/100)*60+$H105-INT($H105/100)*100))/60),1),"") | O105: =IF($D105="ZEMAULI",ROUND(IF(ISERR($I105/1)," ",((INT($I105/100)*60+$I105-INT($I105/100)*100)-(INT($H105/100)*60+$H105-INT($H105/100)*100))/60),1),"") | P105: =IF(H105>=1,1,"") | V105: 4
A106: =B106 -> 0 | B106: =C106 -> 0 | E106: =IF(D106="ITEN","Robert",IF(D106="DÖBELI","François",IF(D106="ZEMAULI","Marcel",""))) | G106: =IF($D106>=1,"LFTM","") | J106: =ROUND(IF(ISERR($I106/1)," ",((INT($I106/100)*60+$I106-INT($I106/100)*100)-(INT($H106/100)*60+$H106-INT($H106/100)*100))/60),1) -> 0 | L106: =IF($D106="DÖBELI",ROUND(IF(ISERR($I106/1)," ",((INT($I106/100)*60+$I106-INT($I106/100)*100)-(INT($H106/100)*60+$H106-INT($H106/100)*100))/60),1),"") | M106: =IF($D106="LEGRAS",ROUND(IF(ISERR($I106/1)," ",((INT($I106/100)*60+$I106-INT($I106/100)*100)-(INT($H106/100)*60+$H106-INT($H106/100)*100))/60),1),"") | N106: =IF($D106="ITEN",ROUND(IF(ISERR($I106/1)," ",((INT($I106/100)*60+$I106-INT($I106/100)*100)-(INT($H106/100)*60+$H106-INT($H106/100)*100))/60),1),"") | O106: =IF($D106="ZEMAULI",ROUND(IF(ISERR($I106/1)," ",((INT($I106/100)*60+$I106-INT($I106/100)*100)-(INT($H106/100)*60+$H106-INT($H106/100)*100))/60),1),"") | P106: =IF(H106>=1,1,"") | V106: 5
A107: =B107 -> 0 | B107: =C107 -> 0 | E107: =IF(D107="ITEN","Robert",IF(D107="DÖBELI","François",IF(D107="ZEMAULI","Marcel",""))) | G107: =IF($D107>=1,"LFTM","") | J107: =ROUND(IF(ISERR($I107/1)," ",((INT($I107/100)*60+$I107-INT($I107/100)*100)-(INT($H107/100)*60+$H107-INT($H107/100)*100))/60),1) -> 0 | L107: =IF($D107="DÖBELI",ROUND(IF(ISERR($I107/1)," ",((INT($I107/100)*60+$I107-INT($I107/100)*100)-(INT($H107/100)*60+$H107-INT($H107/100)*100))/60),1),"") | M107: =IF($D107="LEGRAS",ROUND(IF(ISERR($I107/1)," ",((INT($I107/100)*60+$I107-INT($I107/100)*100)-(INT($H107/100)*60+$H107-INT($H107/100)*100))/60),1),"") | N107: =IF($D107="ITEN",ROUND(IF(ISERR($I107/1)," ",((INT($I107/100)*60+$I107-INT($I107/100)*100)-(INT($H107/100)*60+$H107-INT($H107/100)*100))/60),1),"") | O107: =IF($D107="ZEMAULI",ROUND(IF(ISERR($I107/1)," ",((INT($I107/100)*60+$I107-INT($I107/100)*100)-(INT($H107/100)*60+$H107-INT($H107/100)*100))/60),1),"") | P107: =IF(H107>=1,1,"") | V107: 6
A108: =B108 -> 0 | B108: =C108 -> 0 | E108: =IF(D108="ITEN","Robert",IF(D108="DÖBELI","François",IF(D108="ZEMAULI","Marcel",""))) | G108: =IF($D108>=1,"LFTM","") | J108: =ROUND(IF(ISERR($I108/1)," ",((INT($I108/100)*60+$I108-INT($I108/100)*100)-(INT($H108/100)*60+$H108-INT($H108/100)*100))/60),1) -> 0 | L108: =IF($D108="DÖBELI",ROUND(IF(ISERR($I108/1)," ",((INT($I108/100)*60+$I108-INT($I108/100)*100)-(INT($H108/100)*60+$H108-INT($H108/100)*100))/60),1),"") | M108: =IF($D108="LEGRAS",ROUND(IF(ISERR($I108/1)," ",((INT($I108/100)*60+$I108-INT($I108/100)*100)-(INT($H108/100)*60+$H108-INT($H108/100)*100))/60),1),"") | N108: =IF($D108="ITEN",ROUND(IF(ISERR($I108/1)," ",((INT($I108/100)*60+$I108-INT($I108/100)*100)-(INT($H108/100)*60+$H108-INT($H108/100)*100))/60),1),"") | O108: =IF($D108="ZEMAULI",ROUND(IF(ISERR($I108/1)," ",((INT($I108/100)*60+$I108-INT($I108/100)*100)-(INT($H108/100)*60+$H108-INT($H108/100)*100))/60),1),"") | P108: =IF(H108>=1,1,"") | V108: 7
A109: =B109 -> 0 | B109: =C109 -> 0 | E109: =IF(D109="ITEN","Robert",IF(D109="DÖBELI","François",IF(D109="ZEMAULI","Marcel",""))) | G109: =IF($D109>=1,"LFTM","") | J109: =ROUND(IF(ISERR($I109/1)," ",((INT($I109/100)*60+$I109-INT($I109/100)*100)-(INT($H109/100)*60+$H109-INT($H109/100)*100))/60),1) -> 0 | L109: =IF($D109="DÖBELI",ROUND(IF(ISERR($I109/1)," ",((INT($I109/100)*60+$I109-INT($I109/100)*100)-(INT($H109/100)*60+$H109-INT($H109/100)*100))/60),1),"") | M109: =IF($D109="LEGRAS",ROUND(IF(ISERR($I109/1)," ",((INT($I109/100)*60+$I109-INT($I109/100)*100)-(INT($H109/100)*60+$H109-INT($H109/100)*100))/60),1),"") | N109: =IF($D109="ITEN",ROUND(IF(ISERR($I109/1)," ",((INT($I109/100)*60+$I109-INT($I109/100)*100)-(INT($H109/100)*60+$H109-INT($H109/100)*100))/60),1),"") | O109: =IF($D109="ZEMAULI",ROUND(IF(ISERR($I109/1)," ",((INT($I109/100)*60+$I109-INT($I109/100)*100)-(INT($H109/100)*60+$H109-INT($H109/100)*100))/60),1),"") | P109: =IF(H109>=1,1,"") | V109: 8
A110: =B110 -> 0 | B110: =C110 -> 0 | E110: =IF(D110="ITEN","Robert",IF(D110="DÖBELI","François",IF(D110="ZEMAULI","Marcel",""))) | G110: =IF($D110>=1,"LFTM","") | J110: =ROUND(IF(ISERR($I110/1)," ",((INT($I110/100)*60+$I110-INT($I110/100)*100)-(INT($H110/100)*60+$H110-INT($H110/100)*100))/60),1) -> 0 | L110: =IF($D110="DÖBELI",ROUND(IF(ISERR($I110/1)," ",((INT($I110/100)*60+$I110-INT($I110/100)*100)-(INT($H110/100)*60+$H110-INT($H110/100)*100))/60),1),"") | M110: =IF($D110="LEGRAS",ROUND(IF(ISERR($I110/1)," ",((INT($I110/100)*60+$I110-INT($I110/100)*100)-(INT($H110/100)*60+$H110-INT($H110/100)*100))/60),1),"") | N110: =IF($D110="ITEN",ROUND(IF(ISERR($I110/1)," ",((INT($I110/100)*60+$I110-INT($I110/100)*100)-(INT($H110/100)*60+$H110-INT($H110/100)*100))/60),1),"") | O110: =IF($D110="ZEMAULI",ROUND(IF(ISERR($I110/1)," ",((INT($I110/100)*60+$I110-INT($I110/100)*100)-(INT($H110/100)*60+$H110-INT($H110/100)*100))/60),1),"") | P110: =IF(H110>=1,1,"") | V110: 9
A111: =B111 -> 0 | B111: =C111 -> 0 | E111: =IF(D111="ITEN","Robert",IF(D111="DÖBELI","François",IF(D111="ZEMAULI","Marcel",""))) | G111: =IF($D111>=1,"LFTM","") | J111: =ROUND(IF(ISERR($I111/1)," ",((INT($I111/100)*60+$I111-INT($I111/100)*100)-(INT($H111/100)*60+$H111-INT($H111/100)*100))/60),1) -> 0 | L111: =IF($D111="DÖBELI",ROUND(IF(ISERR($I111/1)," ",((INT($I111/100)*60+$I111-INT($I111/100)*100)-(INT($H111/100)*60+$H111-INT($H111/100)*100))/60),1),"") | M111: =IF($D111="LEGRAS",ROUND(IF(ISERR($I111/1)," ",((INT($I111/100)*60+$I111-INT($I111/100)*100)-(INT($H111/100)*60+$H111-INT($H111/100)*100))/60),1),"") | N111: =IF($D111="ITEN",ROUND(IF(ISERR($I111/1)," ",((INT($I111/100)*60+$I111-INT($I111/100)*100)-(INT($H111/100)*60+$H111-INT($H111/100)*100))/60),1),"") | O111: =IF($D111="ZEMAULI",ROUND(IF(ISERR($I111/1)," ",((INT($I111/100)*60+$I111-INT($I111/100)*100)-(INT($H111/100)*60+$H111-INT($H111/100)*100))/60),1),"") | P111: =IF(H111>=1,1,"") | V111: 10
A112: =B112 -> 0 | B112: =C112 -> 0 | E112: =IF(D112="ITEN","Robert",IF(D112="DÖBELI","François",IF(D112="ZEMAULI","Marcel",""))) | G112: =IF($D112>=1,"LFTM","") | J112: =ROUND(IF(ISERR($I112/1)," ",((INT($I112/100)*60+$I112-INT($I112/100)*100)-(INT($H112/100)*60+$H112-INT($H112/100)*100))/60),1) -> 0 | L112: =IF($D112="DÖBELI",ROUND(IF(ISERR($I112/1)," ",((INT($I112/100)*60+$I112-INT($I112/100)*100)-(INT($H112/100)*60+$H112-INT($H112/100)*100))/60),1),"") | M112: =IF($D112="LEGRAS",ROUND(IF(ISERR($I112/1)," ",((INT($I112/100)*60+$I112-INT($I112/100)*100)-(INT($H112/100)*60+$H112-INT($H112/100)*100))/60),1),"") | N112: =IF($D112="ITEN",ROUND(IF(ISERR($I112/1)," ",((INT($I112/100)*60+$I112-INT($I112/100)*100)-(INT($H112/100)*60+$H112-INT($H112/100)*100))/60),1),"") | O112: =IF($D112="ZEMAULI",ROUND(IF(ISERR($I112/1)," ",((INT($I112/100)*60+$I112-INT($I112/100)*100)-(INT($H112/100)*60+$H112-INT($H112/100)*100))/60),1),"") | P112: =IF(H112>=1,1,"") | V112: 11
A113: =B113 -> 0 | B113: =C113 -> 0 | E113: =IF(D113="ITEN","Robert",IF(D113="DÖBELI","François",IF(D113="ZEMAULI","Marcel",""))) | G113: =IF($D113>=1,"LFTM","") | J113: =ROUND(IF(ISERR($I113/1)," ",((INT($I113/100)*60+$I113-INT($I113/100)*100)-(INT($H113/100)*60+$H113-INT($H113/100)*100))/60),1) -> 0 | L113: =IF($D113="DÖBELI",ROUND(IF(ISERR($I113/1)," ",((INT($I113/100)*60+$I113-INT($I113/100)*100)-(INT($H113/100)*60+$H113-INT($H113/100)*100))/60),1),"") | M113: =IF($D113="LEGRAS",ROUND(IF(ISERR($I113/1)," ",((INT($I113/100)*60+$I113-INT($I113/100)*100)-(INT($H113/100)*60+$H113-INT($H113/100)*100))/60),1),"") | N113: =IF($D113="ITEN",ROUND(IF(ISERR($I113/1)," ",((INT($I113/100)*60+$I113-INT($I113/100)*100)-(INT($H113/100)*60+$H113-INT($H113/100)*100))/60),1),"") | O113: =IF($D113="ZEMAULI",ROUND(IF(ISERR($I113/1)," ",((INT($I113/100)*60+$I113-INT($I113/100)*100)-(INT($H113/100)*60+$H113-INT($H113/100)*100))/60),1),"") | P113: =IF(H113>=1,1,"") | V113: 12
... A130: =B130 -> 0 | B130: =C130 -> 0 | E130: =IF(D130="ITEN","Robert",IF(D130="DÖBELI","François",IF(D130="ZEMAULI","Marcel",""))) | G130: =IF($D130>=1,"LFTM","") | J130: =ROUND(IF(ISERR($I130/1)," ",((INT($I130/100)*60+$I130-INT($I130/100)*100)-(INT($H130/100)*60+$H130-INT($H130/100)*100))/60),1) -> 0 | L130: =IF($D130="DÖBELI",ROUND(IF(ISERR($I130/1)," ",((INT($I130/100)*60+$I130-INT($I130/100)*100)-(INT($H130/100)*60+$H130-INT($H130/100)*100))/60),1),"") | M130: =IF($D130="LEGRAS",ROUND(IF(ISERR($I130/1)," ",((INT($I130/100)*60+$I130-INT($I130/100)*100)-(INT($H130/100)*60+$H130-INT($H130/100)*100))/60),1),"") | N130: =IF($D130="ITEN",ROUND(IF(ISERR($I130/1)," ",((INT($I130/100)*60+$I130-INT($I130/100)*100)-(INT($H130/100)*60+$H130-INT($H130/100)*100))/60),1),"") | O130: =IF($D130="ZEMAULI",ROUND(IF(ISERR($I130/1)," ",((INT($I130/100)*60+$I130-INT($I130/100)*100)-(INT($H130/100)*60+$H130-INT($H130/100)*100))/60),1),"") | P130: =IF(H130>=1,1,"") | V130: 29
A131: =B131 -> 0 | B131: =C131 -> 0 | E131: =IF(D131="ITEN","Robert",IF(D131="DÖBELI","François",IF(D131="ZEMAULI","Marcel",""))) | G131: =IF($D131>=1,"LFTM","") | J131: =ROUND(IF(ISERR($I131/1)," ",((INT($I131/100)*60+$I131-INT($I131/100)*100)-(INT($H131/100)*60+$H131-INT($H131/100)*100))/60),1) -> 0 | L131: =IF($D131="DÖBELI",ROUND(IF(ISERR($I131/1)," ",((INT($I131/100)*60+$I131-INT($I131/100)*100)-(INT($H131/100)*60+$H131-INT($H131/100)*100))/60),1),"") | M131: =IF($D131="LEGRAS",ROUND(IF(ISERR($I131/1)," ",((INT($I131/100)*60+$I131-INT($I131/100)*100)-(INT($H131/100)*60+$H131-INT($H131/100)*100))/60),1),"") | N131: =IF($D131="ITEN",ROUND(IF(ISERR($I131/1)," ",((INT($I131/100)*60+$I131-INT($I131/100)*100)-(INT($H131/100)*60+$H131-INT($H131/100)*100))/60),1),"") | O131: =IF($D131="ZEMAULI",ROUND(IF(ISERR($I131/1)," ",((INT($I131/100)*60+$I131-INT($I131/100)*100)-(INT($H131/100)*60+$H131-INT($H131/100)*100))/60),1),"") | P131: =IF(H131>=1,1,"") | T131: 2017 | U131: =SUM(J102:J131) -> 0 | V131: 30 | W131: =V131+W101 -> 124 | X131: =U131/V131 -> 0 | Y131: =Y101+U131 -> 0
A132: =B132 -> 0 | B132: =C132 -> 0 | E132: =IF(D132="ITEN","Robert",IF(D132="DÖBELI","François",IF(D132="ZEMAULI","Marcel",""))) | G132: =IF($D132>=1,"LFTM","") | J132: =ROUND(IF(ISERR($I132/1)," ",((INT($I132/100)*60+$I132-INT($I132/100)*100)-(INT($H132/100)*60+$H132-INT($H132/100)*100))/60),1) -> 0 | L132: =IF($D132="DÖBELI",ROUND(IF(ISERR($I132/1)," ",((INT($I132/100)*60+$I132-INT($I132/100)*100)-(INT($H132/100)*60+$H132-INT($H132/100)*100))/60),1),"") | M132: =IF($D132="LEGRAS",ROUND(IF(ISERR($I132/1)," ",((INT($I132/100)*60+$I132-INT($I132/100)*100)-(INT($H132/100)*60+$H132-INT($H132/100)*100))/60),1),"") | N132: =IF($D132="ITEN",ROUND(IF(ISERR($I132/1)," ",((INT($I132/100)*60+$I132-INT($I132/100)*100)-(INT($H132/100)*60+$H132-INT($H132/100)*100))/60),1),"") | O132: =IF($D132="ZEMAULI",ROUND(IF(ISERR($I132/1)," ",((INT($I132/100)*60+$I132-INT($I132/100)*100)-(INT($H132/100)*60+$H132-INT($H132/100)*100))/60),1),"") | P132: =IF(H132>=1,1,"") | V132: 1
A133: =B133 -> 0 | B133: =C133 -> 0 | E133: =IF(D133="ITEN","Robert",IF(D133="DÖBELI","François",IF(D133="ZEMAULI","Marcel",""))) | G133: =IF($D133>=1,"LFTM","") | J133: =ROUND(IF(ISERR($I133/1)," ",((INT($I133/100)*60+$I133-INT($I133/100)*100)-(INT($H133/100)*60+$H133-INT($H133/100)*100))/60),1) -> 0 | L133: =IF($D133="DÖBELI",ROUND(IF(ISERR($I133/1)," ",((INT($I133/100)*60+$I133-INT($I133/100)*100)-(INT($H133/100)*60+$H133-INT($H133/100)*100))/60),1),"") | M133: =IF($D133="LEGRAS",ROUND(IF(ISERR($I133/1)," ",((INT($I133/100)*60+$I133-INT($I133/100)*100)-(INT($H133/100)*60+$H133-INT($H133/100)*100))/60),1),"") | N133: =IF($D133="ITEN",ROUND(IF(ISERR($I133/1)," ",((INT($I133/100)*60+$I133-INT($I133/100)*100)-(INT($H133/100)*60+$H133-INT($H133/100)*100))/60),1),"") | O133: =IF($D133="ZEMAULI",ROUND(IF(ISERR($I133/1)," ",((INT($I133/100)*60+$I133-INT($I133/100)*100)-(INT($H133/100)*60+$H133-INT($H133/100)*100))/60),1),"") | P133: =IF(H133>=1,1,"") | V133: 2
A134: =B134 -> 0 | B134: =C134 -> 0 | E134: =IF(D134="ITEN","Robert",IF(D134="DÖBELI","François",IF(D134="ZEMAULI","Marcel",""))) | G134: =IF($D134>=1,"LFTM","") | J134: =ROUND(IF(ISERR($I134/1)," ",((INT($I134/100)*60+$I134-INT($I134/100)*100)-(INT($H134/100)*60+$H134-INT($H134/100)*100))/60),1) -> 0 | L134: =IF($D134="DÖBELI",ROUND(IF(ISERR($I134/1)," ",((INT($I134/100)*60+$I134-INT($I134/100)*100)-(INT($H134/100)*60+$H134-INT($H134/100)*100))/60),1),"") | M134: =IF($D134="LEGRAS",ROUND(IF(ISERR($I134/1)," ",((INT($I134/100)*60+$I134-INT($I134/100)*100)-(INT($H134/100)*60+$H134-INT($H134/100)*100))/60),1),"") | N134: =IF($D134="ITEN",ROUND(IF(ISERR($I134/1)," ",((INT($I134/100)*60+$I134-INT($I134/100)*100)-(INT($H134/100)*60+$H134-INT($H134/100)*100))/60),1),"") | O134: =IF($D134="ZEMAULI",ROUND(IF(ISERR($I134/1)," ",((INT($I134/100)*60+$I134-INT($I134/100)*100)-(INT($H134/100)*60+$H134-INT($H134/100)*100))/60),1),"") | P134: =IF(H134>=1,1,"") | V134: 3
A135: =B135 -> 0 | B135: =C135 -> 0 | E135: =IF(D135="ITEN","Robert",IF(D135="DÖBELI","François",IF(D135="ZEMAULI","Marcel",""))) | G135: =IF($D135>=1,"LFTM","") | J135: =ROUND(IF(ISERR($I135/1)," ",((INT($I135/100)*60+$I135-INT($I135/100)*100)-(INT($H135/100)*60+$H135-INT($H135/100)*100))/60),1) -> 0 | L135: =IF($D135="DÖBELI",ROUND(IF(ISERR($I135/1)," ",((INT($I135/100)*60+$I135-INT($I135/100)*100)-(INT($H135/100)*60+$H135-INT($H135/100)*100))/60),1),"") | M135: =IF($D135="LEGRAS",ROUND(IF(ISERR($I135/1)," ",((INT($I135/100)*60+$I135-INT($I135/100)*100)-(INT($H135/100)*60+$H135-INT($H135/100)*100))/60),1),"") | N135: =IF($D135="ITEN",ROUND(IF(ISERR($I135/1)," ",((INT($I135/100)*60+$I135-INT($I135/100)*100)-(INT($H135/100)*60+$H135-INT($H135/100)*100))/60),1),"") | O135: =IF($D135="ZEMAULI",ROUND(IF(ISERR($I135/1)," ",((INT($I135/100)*60+$I135-INT($I135/100)*100)-(INT($H135/100)*60+$H135-INT($H135/100)*100))/60),1),"") | P135: =IF(H135>=1,1,"") | V135: 4
A136: =B136 -> 0 | B136: =C136 -> 0 | E136: =IF(D136="ITEN","Robert",IF(D136="DÖBELI","François",IF(D136="ZEMAULI","Marcel",""))) | G136: =IF($D136>=1,"LFTM","") | J136: =ROUND(IF(ISERR($I136/1)," ",((INT($I136/100)*60+$I136-INT($I136/100)*100)-(INT($H136/100)*60+$H136-INT($H136/100)*100))/60),1) -> 0 | L136: =IF($D136="DÖBELI",ROUND(IF(ISERR($I136/1)," ",((INT($I136/100)*60+$I136-INT($I136/100)*100)-(INT($H136/100)*60+$H136-INT($H136/100)*100))/60),1),"") | M136: =IF($D136="LEGRAS",ROUND(IF(ISERR($I136/1)," ",((INT($I136/100)*60+$I136-INT($I136/100)*100)-(INT($H136/100)*60+$H136-INT($H136/100)*100))/60),1),"") | N136: =IF($D136="ITEN",ROUND(IF(ISERR($I136/1)," ",((INT($I136/100)*60+$I136-INT($I136/100)*100)-(INT($H136/100)*60+$H136-INT($H136/100)*100))/60),1),"") | O136: =IF($D136="ZEMAULI",ROUND(IF(ISERR($I136/1)," ",((INT($I136/100)*60+$I136-INT($I136/100)*100)-(INT($H136/100)*60+$H136-INT($H136/100)*100))/60),1),"") | P136: =IF(H136>=1,1,"") | V136: 5
A137: =B137 -> 0 | B137: =C137 -> 0 | E137: =IF(D137="ITEN","Robert",IF(D137="DÖBELI","François",IF(D137="ZEMAULI","Marcel",""))) | G137: =IF($D137>=1,"LFTM","") | J137: =ROUND(IF(ISERR($I137/1)," ",((INT($I137/100)*60+$I137-INT($I137/100)*100)-(INT($H137/100)*60+$H137-INT($H137/100)*100))/60),1) -> 0 | L137: =IF($D137="DÖBELI",ROUND(IF(ISERR($I137/1)," ",((INT($I137/100)*60+$I137-INT($I137/100)*100)-(INT($H137/100)*60+$H137-INT($H137/100)*100))/60),1),"") | M137: =IF($D137="LEGRAS",ROUND(IF(ISERR($I137/1)," ",((INT($I137/100)*60+$I137-INT($I137/100)*100)-(INT($H137/100)*60+$H137-INT($H137/100)*100))/60),1),"") | N137: =IF($D137="ITEN",ROUND(IF(ISERR($I137/1)," ",((INT($I137/100)*60+$I137-INT($I137/100)*100)-(INT($H137/100)*60+$H137-INT($H137/100)*100))/60),1),"") | O137: =IF($D137="ZEMAULI",ROUND(IF(ISERR($I137/1)," ",((INT($I137/100)*60+$I137-INT($I137/100)*100)-(INT($H137/100)*60+$H137-INT($H137/100)*100))/60),1),"") | P137: =IF(H137>=1,1,"") | V137: 6
A138: =B138 -> 0 | B138: =C138 -> 0 | E138: =IF(D138="ITEN","Robert",IF(D138="DÖBELI","François",IF(D138="ZEMAULI","Marcel",""))) | G138: =IF($D138>=1,"LFTM","") | J138: =ROUND(IF(ISERR($I138/1)," ",((INT($I138/100)*60+$I138-INT($I138/100)*100)-(INT($H138/100)*60+$H138-INT($H138/100)*100))/60),1) -> 0 | L138: =IF($D138="DÖBELI",ROUND(IF(ISERR($I138/1)," ",((INT($I138/100)*60+$I138-INT($I138/100)*100)-(INT($H138/100)*60+$H138-INT($H138/100)*100))/60),1),"") | M138: =IF($D138="LEGRAS",ROUND(IF(ISERR($I138/1)," ",((INT($I138/100)*60+$I138-INT($I138/100)*100)-(INT($H138/100)*60+$H138-INT($H138/100)*100))/60),1),"") | N138: =IF($D138="ITEN",ROUND(IF(ISERR($I138/1)," ",((INT($I138/100)*60+$I138-INT($I138/100)*100)-(INT($H138/100)*60+$H138-INT($H138/100)*100))/60),1),"") | O138: =IF($D138="ZEMAULI",ROUND(IF(ISERR($I138/1)," ",((INT($I138/100)*60+$I138-INT($I138/100)*100)-(INT($H138/100)*60+$H138-INT($H138/100)*100))/60),1),"") | P138: =IF(H138>=1,1,"") | V138: 7
A139: =B139 -> 0 | B139: =C139 -> 0 | E139: =IF(D139="ITEN","Robert",IF(D139="DÖBELI","François",IF(D139="ZEMAULI","Marcel",""))) | G139: =IF($D139>=1,"LFTM","") | J139: =ROUND(IF(ISERR($I139/1)," ",((INT($I139/100)*60+$I139-INT($I139/100)*100)-(INT($H139/100)*60+$H139-INT($H139/100)*100))/60),1) -> 0 | L139: =IF($D139="DÖBELI",ROUND(IF(ISERR($I139/1)," ",((INT($I139/100)*60+$I139-INT($I139/100)*100)-(INT($H139/100)*60+$H139-INT($H139/100)*100))/60),1),"") | M139: =IF($D139="LEGRAS",ROUND(IF(ISERR($I139/1)," ",((INT($I139/100)*60+$I139-INT($I139/100)*100)-(INT($H139/100)*60+$H139-INT($H139/100)*100))/60),1),"") | N139: =IF($D139="ITEN",ROUND(IF(ISERR($I139/1)," ",((INT($I139/100)*60+$I139-INT($I139/100)*100)-(INT($H139/100)*60+$H139-INT($H139/100)*100))/60),1),"") | O139: =IF($D139="ZEMAULI",ROUND(IF(ISERR($I139/1)," ",((INT($I139/100)*60+$I139-INT($I139/100)*100)-(INT($H139/100)*60+$H139-INT($H139/100)*100))/60),1),"") | P139: =IF(H139>=1,1,"") | V139: 8
A140: =B140 -> 0 | B140: =C140 -> 0 | E140: =IF(D140="ITEN","Robert",IF(D140="DÖBELI","François",IF(D140="ZEMAULI","Marcel",""))) | G140: =IF($D140>=1,"LFTM","") | J140: =ROUND(IF(ISERR($I140/1)," ",((INT($I140/100)*60+$I140-INT($I140/100)*100)-(INT($H140/100)*60+$H140-INT($H140/100)*100))/60),1) -> 0 | L140: =IF($D140="DÖBELI",ROUND(IF(ISERR($I140/1)," ",((INT($I140/100)*60+$I140-INT($I140/100)*100)-(INT($H140/100)*60+$H140-INT($H140/100)*100))/60),1),"") | M140: =IF($D140="LEGRAS",ROUND(IF(ISERR($I140/1)," ",((INT($I140/100)*60+$I140-INT($I140/100)*100)-(INT($H140/100)*60+$H140-INT($H140/100)*100))/60),1),"") | N140: =IF($D140="ITEN",ROUND(IF(ISERR($I140/1)," ",((INT($I140/100)*60+$I140-INT($I140/100)*100)-(INT($H140/100)*60+$H140-INT($H140/100)*100))/60),1),"") | O140: =IF($D140="ZEMAULI",ROUND(IF(ISERR($I140/1)," ",((INT($I140/100)*60+$I140-INT($I140/100)*100)-(INT($H140/100)*60+$H140-INT($H140/100)*100))/60),1),"") | P140: =IF(H140>=1,1,"") | V140: 9
A141: =B141 -> 0 | B141: =C141 -> 0 | E141: =IF(D141="ITEN","Robert",IF(D141="DÖBELI","François",IF(D141="ZEMAULI","Marcel",""))) | G141: =IF($D141>=1,"LFTM","") | J141: =ROUND(IF(ISERR($I141/1)," ",((INT($I141/100)*60+$I141-INT($I141/100)*100)-(INT($H141/100)*60+$H141-INT($H141/100)*100))/60),1) -> 0 | L141: =IF($D141="DÖBELI",ROUND(IF(ISERR($I141/1)," ",((INT($I141/100)*60+$I141-INT($I141/100)*100)-(INT($H141/100)*60+$H141-INT($H141/100)*100))/60),1),"") | M141: =IF($D141="LEGRAS",ROUND(IF(ISERR($I141/1)," ",((INT($I141/100)*60+$I141-INT($I141/100)*100)-(INT($H141/100)*60+$H141-INT($H141/100)*100))/60),1),"") | N141: =IF($D141="ITEN",ROUND(IF(ISERR($I141/1)," ",((INT($I141/100)*60+$I141-INT($I141/100)*100)-(INT($H141/100)*60+$H141-INT($H141/100)*100))/60),1),"") | O141: =IF($D141="ZEMAULI",ROUND(IF(ISERR($I141/1)," ",((INT($I141/100)*60+$I141-INT($I141/100)*100)-(INT($H141/100)*60+$H141-INT($H141/100)*100))/60),1),"") | P141: =IF(H141>=1,1,"") | V141: 10
A142: =B142 -> 0 | B142: =C142 -> 0 | E142: =IF(D142="ITEN","Robert",IF(D142="DÖBELI","François",IF(D142="ZEMAULI","Marcel",""))) | G142: =IF($D142>=1,"LFTM","") | J142: =ROUND(IF(ISERR($I142/1)," ",((INT($I142/100)*60+$I142-INT($I142/100)*100)-(INT($H142/100)*60+$H142-INT($H142/100)*100))/60),1) -> 0 | L142: =IF($D142="DÖBELI",ROUND(IF(ISERR($I142/1)," ",((INT($I142/100)*60+$I142-INT($I142/100)*100)-(INT($H142/100)*60+$H142-INT($H142/100)*100))/60),1),"") | M142: =IF($D142="LEGRAS",ROUND(IF(ISERR($I142/1)," ",((INT($I142/100)*60+$I142-INT($I142/100)*100)-(INT($H142/100)*60+$H142-INT($H142/100)*100))/60),1),"") | N142: =IF($D142="ITEN",ROUND(IF(ISERR($I142/1)," ",((INT($I142/100)*60+$I142-INT($I142/100)*100)-(INT($H142/100)*60+$H142-INT($H142/100)*100))/60),1),"") | O142: =IF($D142="ZEMAULI",ROUND(IF(ISERR($I142/1)," ",((INT($I142/100)*60+$I142-INT($I142/100)*100)-(INT($H142/100)*60+$H142-INT($H142/100)*100))/60),1),"") | P142: =IF(H142>=1,1,"") | V142: 11
A143: =B143 -> 0 | B143: =C143 -> 0 | E143: =IF(D143="ITEN","Robert",IF(D143="DÖBELI","François",IF(D143="ZEMAULI","Marcel",""))) | G143: =IF($D143>=1,"LFTM","") | J143: =ROUND(IF(ISERR($I143/1)," ",((INT($I143/100)*60+$I143-INT($I143/100)*100)-(INT($H143/100)*60+$H143-INT($H143/100)*100))/60),1) -> 0 | L143: =IF($D143="DÖBELI",ROUND(IF(ISERR($I143/1)," ",((INT($I143/100)*60+$I143-INT($I143/100)*100)-(INT($H143/100)*60+$H143-INT($H143/100)*100))/60),1),"") | M143: =IF($D143="LEGRAS",ROUND(IF(ISERR($I143/1)," ",((INT($I143/100)*60+$I143-INT($I143/100)*100)-(INT($H143/100)*60+$H143-INT($H143/100)*100))/60),1),"") | N143: =IF($D143="ITEN",ROUND(IF(ISERR($I143/1)," ",((INT($I143/100)*60+$I143-INT($I143/100)*100)-(INT($H143/100)*60+$H143-INT($H143/100)*100))/60),1),"") | O143: =IF($D143="ZEMAULI",ROUND(IF(ISERR($I143/1)," ",((INT($I143/100)*60+$I143-INT($I143/100)*100)-(INT($H143/100)*60+$H143-INT($H143/100)*100))/60),1),"") | P143: =IF(H143>=1,1,"") | V143: 12
... A165: =B165 -> 0 | B165: =C165 -> 0 | E165: =IF(D165="ITEN","Robert",IF(D165="DÖBELI","François",IF(D165="ZEMAULI","Marcel",""))) | G165: =IF($D165>=1,"LFTM","") | J165: =ROUND(IF(ISERR($I165/1)," ",((INT($I165/100)*60+$I165-INT($I165/100)*100)-(INT($H165/100)*60+$H165-INT($H165/100)*100))/60),1) -> 0 | L165: =IF($D165="DÖBELI",ROUND(IF(ISERR($I165/1)," ",((INT($I165/100)*60+$I165-INT($I165/100)*100)-(INT($H165/100)*60+$H165-INT($H165/100)*100))/60),1),"") | M165: =IF($D165="LEGRAS",ROUND(IF(ISERR($I165/1)," ",((INT($I165/100)*60+$I165-INT($I165/100)*100)-(INT($H165/100)*60+$H165-INT($H165/100)*100))/60),1),"") | N165: =IF($D165="ITEN",ROUND(IF(ISERR($I165/1)," ",((INT($I165/100)*60+$I165-INT($I165/100)*100)-(INT($H165/100)*60+$H165-INT($H165/100)*100))/60),1),"") | O165: =IF($D165="ZEMAULI",ROUND(IF(ISERR($I165/1)," ",((INT($I165/100)*60+$I165-INT($I165/100)*100)-(INT($H165/100)*60+$H165-INT($H165/100)*100))/60),1),"") | P165: =IF(H165>=1,1,"") | V165: 34
A166: =B166 -> 0 | B166: =C166 -> 0 | E166: =IF(D166="ITEN","Robert",IF(D166="DÖBELI","François",IF(D166="ZEMAULI","Marcel",""))) | G166: =IF($D166>=1,"LFTM","") | J166: =ROUND(IF(ISERR($I166/1)," ",((INT($I166/100)*60+$I166-INT($I166/100)*100)-(INT($H166/100)*60+$H166-INT($H166/100)*100))/60),1) -> 0 | L166: =IF($D166="DÖBELI",ROUND(IF(ISERR($I166/1)," ",((INT($I166/100)*60+$I166-INT($I166/100)*100)-(INT($H166/100)*60+$H166-INT($H166/100)*100))/60),1),"") | M166: =IF($D166="LEGRAS",ROUND(IF(ISERR($I166/1)," ",((INT($I166/100)*60+$I166-INT($I166/100)*100)-(INT($H166/100)*60+$H166-INT($H166/100)*100))/60),1),"") | N166: =IF($D166="ITEN",ROUND(IF(ISERR($I166/1)," ",((INT($I166/100)*60+$I166-INT($I166/100)*100)-(INT($H166/100)*60+$H166-INT($H166/100)*100))/60),1),"") | O166: =IF($D166="ZEMAULI",ROUND(IF(ISERR($I166/1)," ",((INT($I166/100)*60+$I166-INT($I166/100)*100)-(INT($H166/100)*60+$H166-INT($H166/100)*100))/60),1),"") | P166: =IF(H166>=1,1,"") | T166: 2018 | U166: =SUM(J132:J166) -> 0 | V166: 35 | W166: =W131+V166 -> 159 | X166: =U166/V166 -> 0 | Y166: =Y131+U166 -> 0
A167: =B167 -> 0 | B167: =C167 -> 0 | E167: =IF(D167="ITEN","Robert",IF(D167="DÖBELI","François",IF(D167="ZEMAULI","Marcel",""))) | G167: =IF($D167>=1,"LFTM","") | J167: =ROUND(IF(ISERR($I167/1)," ",((INT($I167/100)*60+$I167-INT($I167/100)*100)-(INT($H167/100)*60+$H167-INT($H167/100)*100))/60),1) -> 0 | L167: =IF($D167="DÖBELI",ROUND(IF(ISERR($I167/1)," ",((INT($I167/100)*60+$I167-INT($I167/100)*100)-(INT($H167/100)*60+$H167-INT($H167/100)*100))/60),1),"") | M167: =IF($D167="LEGRAS",ROUND(IF(ISERR($I167/1)," ",((INT($I167/100)*60+$I167-INT($I167/100)*100)-(INT($H167/100)*60+$H167-INT($H167/100)*100))/60),1),"") | N167: =IF($D167="ITEN",ROUND(IF(ISERR($I167/1)," ",((INT($I167/100)*60+$I167-INT($I167/100)*100)-(INT($H167/100)*60+$H167-INT($H167/100)*100))/60),1),"") | O167: =IF($D167="ZEMAULI",ROUND(IF(ISERR($I167/1)," ",((INT($I167/100)*60+$I167-INT($I167/100)*100)-(INT($H167/100)*60+$H167-INT($H167/100)*100))/60),1),"") | P167: =IF(H167>=1,1,"") | V167: 1
A168: =B168 -> 0 | B168: =C168 -> 0 | E168: =IF(D168="ITEN","Robert",IF(D168="DÖBELI","François",IF(D168="ZEMAULI","Marcel",""))) | G168: =IF($D168>=1,"LFTM","") | J168: =ROUND(IF(ISERR($I168/1)," ",((INT($I168/100)*60+$I168-INT($I168/100)*100)-(INT($H168/100)*60+$H168-INT($H168/100)*100))/60),1) -> 0 | L168: =IF($D168="DÖBELI",ROUND(IF(ISERR($I168/1)," ",((INT($I168/100)*60+$I168-INT($I168/100)*100)-(INT($H168/100)*60+$H168-INT($H168/100)*100))/60),1),"") | M168: =IF($D168="LEGRAS",ROUND(IF(ISERR($I168/1)," ",((INT($I168/100)*60+$I168-INT($I168/100)*100)-(INT($H168/100)*60+$H168-INT($H168/100)*100))/60),1),"") | N168: =IF($D168="ITEN",ROUND(IF(ISERR($I168/1)," ",((INT($I168/100)*60+$I168-INT($I168/100)*100)-(INT($H168/100)*60+$H168-INT($H168/100)*100))/60),1),"") | O168: =IF($D168="ZEMAULI",ROUND(IF(ISERR($I168/1)," ",((INT($I168/100)*60+$I168-INT($I168/100)*100)-(INT($H168/100)*60+$H168-INT($H168/100)*100))/60),1),"") | P168: =IF(H168>=1,1,"") | V168: 2
A169: =B169 -> 0 | B169: =C169 -> 0 | E169: =IF(D169="ITEN","Robert",IF(D169="DÖBELI","François",IF(D169="ZEMAULI","Marcel",""))) | G169: =IF($D169>=1,"LFTM","") | J169: =ROUND(IF(ISERR($I169/1)," ",((INT($I169/100)*60+$I169-INT($I169/100)*100)-(INT($H169/100)*60+$H169-INT($H169/100)*100))/60),1) -> 0 | L169: =IF($D169="DÖBELI",ROUND(IF(ISERR($I169/1)," ",((INT($I169/100)*60+$I169-INT($I169/100)*100)-(INT($H169/100)*60+$H169-INT($H169/100)*100))/60),1),"") | M169: =IF($D169="LEGRAS",ROUND(IF(ISERR($I169/1)," ",((INT($I169/100)*60+$I169-INT($I169/100)*100)-(INT($H169/100)*60+$H169-INT($H169/100)*100))/60),1),"") | N169: =IF($D169="ITEN",ROUND(IF(ISERR($I169/1)," ",((INT($I169/100)*60+$I169-INT($I169/100)*100)-(INT($H169/100)*60+$H169-INT($H169/100)*100))/60),1),"") | O169: =IF($D169="ZEMAULI",ROUND(IF(ISERR($I169/1)," ",((INT($I169/100)*60+$I169-INT($I169/100)*100)-(INT($H169/100)*60+$H169-INT($H169/100)*100))/60),1),"") | P169: =IF(H169>=1,1,"") | V169: 3
A170: =B170 -> 0 | B170: =C170 -> 0 | E170: =IF(D170="ITEN","Robert",IF(D170="DÖBELI","François",IF(D170="ZEMAULI","Marcel",""))) | G170: =IF($D170>=1,"LFTM","") | J170: =ROUND(IF(ISERR($I170/1)," ",((INT($I170/100)*60+$I170-INT($I170/100)*100)-(INT($H170/100)*60+$H170-INT($H170/100)*100))/60),1) -> 0 | L170: =IF($D170="DÖBELI",ROUND(IF(ISERR($I170/1)," ",((INT($I170/100)*60+$I170-INT($I170/100)*100)-(INT($H170/100)*60+$H170-INT($H170/100)*100))/60),1),"") | M170: =IF($D170="LEGRAS",ROUND(IF(ISERR($I170/1)," ",((INT($I170/100)*60+$I170-INT($I170/100)*100)-(INT($H170/100)*60+$H170-INT($H170/100)*100))/60),1),"") | N170: =IF($D170="ITEN",ROUND(IF(ISERR($I170/1)," ",((INT($I170/100)*60+$I170-INT($I170/100)*100)-(INT($H170/100)*60+$H170-INT($H170/100)*100))/60),1),"") | O170: =IF($D170="ZEMAULI",ROUND(IF(ISERR($I170/1)," ",((INT($I170/100)*60+$I170-INT($I170/100)*100)-(INT($H170/100)*60+$H170-INT($H170/100)*100))/60),1),"") | P170: =IF(H170>=1,1,"") | V170: 4
A171: =B171 -> 0 | B171: =C171 -> 0 | E171: =IF(D171="ITEN","Robert",IF(D171="DÖBELI","François",IF(D171="ZEMAULI","Marcel",""))) | G171: =IF($D171>=1,"LFTM","") | J171: =ROUND(IF(ISERR($I171/1)," ",((INT($I171/100)*60+$I171-INT($I171/100)*100)-(INT($H171/100)*60+$H171-INT($H171/100)*100))/60),1) -> 0 | L171: =IF($D171="DÖBELI",ROUND(IF(ISERR($I171/1)," ",((INT($I171/100)*60+$I171-INT($I171/100)*100)-(INT($H171/100)*60+$H171-INT($H171/100)*100))/60),1),"") | M171: =IF($D171="LEGRAS",ROUND(IF(ISERR($I171/1)," ",((INT($I171/100)*60+$I171-INT($I171/100)*100)-(INT($H171/100)*60+$H171-INT($H171/100)*100))/60),1),"") | N171: =IF($D171="ITEN",ROUND(IF(ISERR($I171/1)," ",((INT($I171/100)*60+$I171-INT($I171/100)*100)-(INT($H171/100)*60+$H171-INT($H171/100)*100))/60),1),"") | O171: =IF($D171="ZEMAULI",ROUND(IF(ISERR($I171/1)," ",((INT($I171/100)*60+$I171-INT($I171/100)*100)-(INT($H171/100)*60+$H171-INT($H171/100)*100))/60),1),"") | P171: =IF(H171>=1,1,"") | V171: 5
A172: =B172 -> 0 | B172: =C172 -> 0 | E172: =IF(D172="ITEN","Robert",IF(D172="DÖBELI","François",IF(D172="ZEMAULI","Marcel",""))) | G172: =IF($D172>=1,"LFTM","") | J172: =ROUND(IF(ISERR($I172/1)," ",((INT($I172/100)*60+$I172-INT($I172/100)*100)-(INT($H172/100)*60+$H172-INT($H172/100)*100))/60),1) -> 0 | L172: =IF($D172="DÖBELI",ROUND(IF(ISERR($I172/1)," ",((INT($I172/100)*60+$I172-INT($I172/100)*100)-(INT($H172/100)*60+$H172-INT($H172/100)*100))/60),1),"") | M172: =IF($D172="LEGRAS",ROUND(IF(ISERR($I172/1)," ",((INT($I172/100)*60+$I172-INT($I172/100)*100)-(INT($H172/100)*60+$H172-INT($H172/100)*100))/60),1),"") | N172: =IF($D172="ITEN",ROUND(IF(ISERR($I172/1)," ",((INT($I172/100)*60+$I172-INT($I172/100)*100)-(INT($H172/100)*60+$H172-INT($H172/100)*100))/60),1),"") | O172: =IF($D172="ZEMAULI",ROUND(IF(ISERR($I172/1)," ",((INT($I172/100)*60+$I172-INT($I172/100)*100)-(INT($H172/100)*60+$H172-INT($H172/100)*100))/60),1),"") | P172: =IF(H172>=1,1,"") | V172: 6
A173: =B173 -> 0 | B173: =C173 -> 0 | E173: =IF(D173="ITEN","Robert",IF(D173="DÖBELI","François",IF(D173="ZEMAULI","Marcel",""))) | G173: =IF($D173>=1,"LFTM","") | J173: =ROUND(IF(ISERR($I173/1)," ",((INT($I173/100)*60+$I173-INT($I173/100)*100)-(INT($H173/100)*60+$H173-INT($H173/100)*100))/60),1) -> 0 | L173: =IF($D173="DÖBELI",ROUND(IF(ISERR($I173/1)," ",((INT($I173/100)*60+$I173-INT($I173/100)*100)-(INT($H173/100)*60+$H173-INT($H173/100)*100))/60),1),"") | M173: =IF($D173="LEGRAS",ROUND(IF(ISERR($I173/1)," ",((INT($I173/100)*60+$I173-INT($I173/100)*100)-(INT($H173/100)*60+$H173-INT($H173/100)*100))/60),1),"") | N173: =IF($D173="ITEN",ROUND(IF(ISERR($I173/1)," ",((INT($I173/100)*60+$I173-INT($I173/100)*100)-(INT($H173/100)*60+$H173-INT($H173/100)*100))/60),1),"") | O173: =IF($D173="ZEMAULI",ROUND(IF(ISERR($I173/1)," ",((INT($I173/100)*60+$I173-INT($I173/100)*100)-(INT($H173/100)*60+$H173-INT($H173/100)*100))/60),1),"") | P173: =IF(H173>=1,1,"") | V173: 7
A174: =B174 -> 0 | B174: =C174 -> 0 | E174: =IF(D174="ITEN","Robert",IF(D174="DÖBELI","François",IF(D174="ZEMAULI","Marcel",""))) | G174: =IF($D174>=1,"LFTM","") | J174: =ROUND(IF(ISERR($I174/1)," ",((INT($I174/100)*60+$I174-INT($I174/100)*100)-(INT($H174/100)*60+$H174-INT($H174/100)*100))/60),1) -> 0 | L174: =IF($D174="DÖBELI",ROUND(IF(ISERR($I174/1)," ",((INT($I174/100)*60+$I174-INT($I174/100)*100)-(INT($H174/100)*60+$H174-INT($H174/100)*100))/60),1),"") | M174: =IF($D174="LEGRAS",ROUND(IF(ISERR($I174/1)," ",((INT($I174/100)*60+$I174-INT($I174/100)*100)-(INT($H174/100)*60+$H174-INT($H174/100)*100))/60),1),"") | N174: =IF($D174="ITEN",ROUND(IF(ISERR($I174/1)," ",((INT($I174/100)*60+$I174-INT($I174/100)*100)-(INT($H174/100)*60+$H174-INT($H174/100)*100))/60),1),"") | O174: =IF($D174="ZEMAULI",ROUND(IF(ISERR($I174/1)," ",((INT($I174/100)*60+$I174-INT($I174/100)*100)-(INT($H174/100)*60+$H174-INT($H174/100)*100))/60),1),"") | P174: =IF(H174>=1,1,"") | V174: 8
A175: =B175 -> 0 | B175: =C175 -> 0 | E175: =IF(D175="ITEN","Robert",IF(D175="DÖBELI","François",IF(D175="ZEMAULI","Marcel",""))) | G175: =IF($D175>=1,"LFTM","") | J175: =ROUND(IF(ISERR($I175/1)," ",((INT($I175/100)*60+$I175-INT($I175/100)*100)-(INT($H175/100)*60+$H175-INT($H175/100)*100))/60),1) -> 0 | L175: =IF($D175="DÖBELI",ROUND(IF(ISERR($I175/1)," ",((INT($I175/100)*60+$I175-INT($I175/100)*100)-(INT($H175/100)*60+$H175-INT($H175/100)*100))/60),1),"") | M175: =IF($D175="LEGRAS",ROUND(IF(ISERR($I175/1)," ",((INT($I175/100)*60+$I175-INT($I175/100)*100)-(INT($H175/100)*60+$H175-INT($H175/100)*100))/60),1),"") | N175: =IF($D175="ITEN",ROUND(IF(ISERR($I175/1)," ",((INT($I175/100)*60+$I175-INT($I175/100)*100)-(INT($H175/100)*60+$H175-INT($H175/100)*100))/60),1),"") | O175: =IF($D175="ZEMAULI",ROUND(IF(ISERR($I175/1)," ",((INT($I175/100)*60+$I175-INT($I175/100)*100)-(INT($H175/100)*60+$H175-INT($H175/100)*100))/60),1),"") | P175: =IF(H175>=1,1,"") | V175: 9
A176: =B176 -> 0 | B176: =C176 -> 0 | E176: =IF(D176="ITEN","Robert",IF(D176="DÖBELI","François",IF(D176="ZEMAULI","Marcel",""))) | G176: =IF($D176>=1,"LFTM","") | J176: =ROUND(IF(ISERR($I176/1)," ",((INT($I176/100)*60+$I176-INT($I176/100)*100)-(INT($H176/100)*60+$H176-INT($H176/100)*100))/60),1) -> 0 | L176: =IF($D176="DÖBELI",ROUND(IF(ISERR($I176/1)," ",((INT($I176/100)*60+$I176-INT($I176/100)*100)-(INT($H176/100)*60+$H176-INT($H176/100)*100))/60),1),"") | M176: =IF($D176="LEGRAS",ROUND(IF(ISERR($I176/1)," ",((INT($I176/100)*60+$I176-INT($I176/100)*100)-(INT($H176/100)*60+$H176-INT($H176/100)*100))/60),1),"") | N176: =IF($D176="ITEN",ROUND(IF(ISERR($I176/1)," ",((INT($I176/100)*60+$I176-INT($I176/100)*100)-(INT($H176/100)*60+$H176-INT($H176/100)*100))/60),1),"") | O176: =IF($D176="ZEMAULI",ROUND(IF(ISERR($I176/1)," ",((INT($I176/100)*60+$I176-INT($I176/100)*100)-(INT($H176/100)*60+$H176-INT($H176/100)*100))/60),1),"") | P176: =IF(H176>=1,1,"") | V176: 10
A177: =B177 -> 0 | B177: =C177 -> 0 | E177: =IF(D177="ITEN","Robert",IF(D177="DÖBELI","François",IF(D177="ZEMAULI","Marcel",""))) | G177: =IF($D177>=1,"LFTM","") | J177: =ROUND(IF(ISERR($I177/1)," ",((INT($I177/100)*60+$I177-INT($I177/100)*100)-(INT($H177/100)*60+$H177-INT($H177/100)*100))/60),1) -> 0 | L177: =IF($D177="DÖBELI",ROUND(IF(ISERR($I177/1)," ",((INT($I177/100)*60+$I177-INT($I177/100)*100)-(INT($H177/100)*60+$H177-INT($H177/100)*100))/60),1),"") | M177: =IF($D177="LEGRAS",ROUND(IF(ISERR($I177/1)," ",((INT($I177/100)*60+$I177-INT($I177/100)*100)-(INT($H177/100)*60+$H177-INT($H177/100)*100))/60),1),"") | N177: =IF($D177="ITEN",ROUND(IF(ISERR($I177/1)," ",((INT($I177/100)*60+$I177-INT($I177/100)*100)-(INT($H177/100)*60+$H177-INT($H177/100)*100))/60),1),"") | O177: =IF($D177="ZEMAULI",ROUND(IF(ISERR($I177/1)," ",((INT($I177/100)*60+$I177-INT($I177/100)*100)-(INT($H177/100)*60+$H177-INT($H177/100)*100))/60),1),"") | P177: =IF(H177>=1,1,"") | V177: 11
A178: =B178 -> 0 | B178: =C178 -> 0 | E178: =IF(D178="ITEN","Robert",IF(D178="DÖBELI","François",IF(D178="ZEMAULI","Marcel",""))) | G178: =IF($D178>=1,"LFTM","") | J178: =ROUND(IF(ISERR($I178/1)," ",((INT($I178/100)*60+$I178-INT($I178/100)*100)-(INT($H178/100)*60+$H178-INT($H178/100)*100))/60),1) -> 0 | L178: =IF($D178="DÖBELI",ROUND(IF(ISERR($I178/1)," ",((INT($I178/100)*60+$I178-INT($I178/100)*100)-(INT($H178/100)*60+$H178-INT($H178/100)*100))/60),1),"") | M178: =IF($D178="LEGRAS",ROUND(IF(ISERR($I178/1)," ",((INT($I178/100)*60+$I178-INT($I178/100)*100)-(INT($H178/100)*60+$H178-INT($H178/100)*100))/60),1),"") | N178: =IF($D178="ITEN",ROUND(IF(ISERR($I178/1)," ",((INT($I178/100)*60+$I178-INT($I178/100)*100)-(INT($H178/100)*60+$H178-INT($H178/100)*100))/60),1),"") | O178: =IF($D178="ZEMAULI",ROUND(IF(ISERR($I178/1)," ",((INT($I178/100)*60+$I178-INT($I178/100)*100)-(INT($H178/100)*60+$H178-INT($H178/100)*100))/60),1),"") | P178: =IF(H178>=1,1,"") | V178: 12
... A185: =B185 -> 0 | B185: =C185 -> 0 | E185: =IF(D185="ITEN","Robert",IF(D185="DÖBELI","François",IF(D185="ZEMAULI","Marcel",""))) | G185: =IF($D185>=1,"LFTM","") | J185: =ROUND(IF(ISERR($I185/1)," ",((INT($I185/100)*60+$I185-INT($I185/100)*100)-(INT($H185/100)*60+$H185-INT($H185/100)*100))/60),1) -> 0 | L185: =IF($D185="DÖBELI",ROUND(IF(ISERR($I185/1)," ",((INT($I185/100)*60+$I185-INT($I185/100)*100)-(INT($H185/100)*60+$H185-INT($H185/100)*100))/60),1),"") | M185: =IF($D185="LEGRAS",ROUND(IF(ISERR($I185/1)," ",((INT($I185/100)*60+$I185-INT($I185/100)*100)-(INT($H185/100)*60+$H185-INT($H185/100)*100))/60),1),"") | N185: =IF($D185="ITEN",ROUND(IF(ISERR($I185/1)," ",((INT($I185/100)*60+$I185-INT($I185/100)*100)-(INT($H185/100)*60+$H185-INT($H185/100)*100))/60),1),"") | O185: =IF($D185="ZEMAULI",ROUND(IF(ISERR($I185/1)," ",((INT($I185/100)*60+$I185-INT($I185/100)*100)-(INT($H185/100)*60+$H185-INT($H185/100)*100))/60),1),"") | P185: =IF(H185>=1,1,"") | V185: 19
A186: =B186 -> 0 | B186: =C186 -> 0 | E186: =IF(D186="ITEN","Robert",IF(D186="DÖBELI","François",IF(D186="ZEMAULI","Marcel",""))) | G186: =IF($D186>=1,"LFTM","") | J186: =ROUND(IF(ISERR($I186/1)," ",((INT($I186/100)*60+$I186-INT($I186/100)*100)-(INT($H186/100)*60+$H186-INT($H186/100)*100))/60),1) -> 0 | L186: =IF($D186="DÖBELI",ROUND(IF(ISERR($I186/1)," ",((INT($I186/100)*60+$I186-INT($I186/100)*100)-(INT($H186/100)*60+$H186-INT($H186/100)*100))/60),1),"") | M186: =IF($D186="LEGRAS",ROUND(IF(ISERR($I186/1)," ",((INT($I186/100)*60+$I186-INT($I186/100)*100)-(INT($H186/100)*60+$H186-INT($H186/100)*100))/60),1),"") | N186: =IF($D186="ITEN",ROUND(IF(ISERR($I186/1)," ",((INT($I186/100)*60+$I186-INT($I186/100)*100)-(INT($H186/100)*60+$H186-INT($H186/100)*100))/60),1),"") | O186: =IF($D186="ZEMAULI",ROUND(IF(ISERR($I186/1)," ",((INT($I186/100)*60+$I186-INT($I186/100)*100)-(INT($H186/100)*60+$H186-INT($H186/100)*100))/60),1),"") | P186: =IF(H186>=1,1,"")
A187: =B187 -> 0 | B187: =C187 -> 0 | E187: =IF(D187="ITEN","Robert",IF(D187="DÖBELI","François",IF(D187="ZEMAULI","Marcel",""))) | G187: =IF($D187>=1,"LFTM","") | J187: =ROUND(IF(ISERR($I187/1)," ",((INT($I187/100)*60+$I187-INT($I187/100)*100)-(INT($H187/100)*60+$H187-INT($H187/100)*100))/60),1) -> 0 | L187: =IF($D187="DÖBELI",ROUND(IF(ISERR($I187/1)," ",((INT($I187/100)*60+$I187-INT($I187/100)*100)-(INT($H187/100)*60+$H187-INT($H187/100)*100))/60),1),"") | M187: =IF($D187="LEGRAS",ROUND(IF(ISERR($I187/1)," ",((INT($I187/100)*60+$I187-INT($I187/100)*100)-(INT($H187/100)*60+$H187-INT($H187/100)*100))/60),1),"") | N187: =IF($D187="ITEN",ROUND(IF(ISERR($I187/1)," ",((INT($I187/100)*60+$I187-INT($I187/100)*100)-(INT($H187/100)*60+$H187-INT($H187/100)*100))/60),1),"") | O187: =IF($D187="ZEMAULI",ROUND(IF(ISERR($I187/1)," ",((INT($I187/100)*60+$I187-INT($I187/100)*100)-(INT($H187/100)*60+$H187-INT($H187/100)*100))/60),1),"") | P187: =IF(H187>=1,1,"")
A188: =B188 -> 0 | B188: =C188 -> 0 | E188: =IF(D188="ITEN","Robert",IF(D188="DÖBELI","François",IF(D188="ZEMAULI","Marcel",""))) | G188: =IF($D188>=1,"LFTM","") | J188: =ROUND(IF(ISERR($I188/1)," ",((INT($I188/100)*60+$I188-INT($I188/100)*100)-(INT($H188/100)*60+$H188-INT($H188/100)*100))/60),1) -> 0 | L188: =IF($D188="DÖBELI",ROUND(IF(ISERR($I188/1)," ",((INT($I188/100)*60+$I188-INT($I188/100)*100)-(INT($H188/100)*60+$H188-INT($H188/100)*100))/60),1),"") | M188: =IF($D188="LEGRAS",ROUND(IF(ISERR($I188/1)," ",((INT($I188/100)*60+$I188-INT($I188/100)*100)-(INT($H188/100)*60+$H188-INT($H188/100)*100))/60),1),"") | N188: =IF($D188="ITEN",ROUND(IF(ISERR($I188/1)," ",((INT($I188/100)*60+$I188-INT($I188/100)*100)-(INT($H188/100)*60+$H188-INT($H188/100)*100))/60),1),"") | O188: =IF($D188="ZEMAULI",ROUND(IF(ISERR($I188/1)," ",((INT($I188/100)*60+$I188-INT($I188/100)*100)-(INT($H188/100)*60+$H188-INT($H188/100)*100))/60),1),"") | P188: =IF(H188>=1,1,"")
A189: =B189 -> 0 | B189: =C189 -> 0 | E189: =IF(D189="ITEN","Robert",IF(D189="DÖBELI","François",IF(D189="ZEMAULI","Marcel",""))) | G189: =IF($D189>=1,"LFTM","") | J189: =ROUND(IF(ISERR($I189/1)," ",((INT($I189/100)*60+$I189-INT($I189/100)*100)-(INT($H189/100)*60+$H189-INT($H189/100)*100))/60),1) -> 0 | L189: =IF($D189="DÖBELI",ROUND(IF(ISERR($I189/1)," ",((INT($I189/100)*60+$I189-INT($I189/100)*100)-(INT($H189/100)*60+$H189-INT($H189/100)*100))/60),1),"") | M189: =IF($D189="LEGRAS",ROUND(IF(ISERR($I189/1)," ",((INT($I189/100)*60+$I189-INT($I189/100)*100)-(INT($H189/100)*60+$H189-INT($H189/100)*100))/60),1),"") | N189: =IF($D189="ITEN",ROUND(IF(ISERR($I189/1)," ",((INT($I189/100)*60+$I189-INT($I189/100)*100)-(INT($H189/100)*60+$H189-INT($H189/100)*100))/60),1),"") | O189: =IF($D189="ZEMAULI",ROUND(IF(ISERR($I189/1)," ",((INT($I189/100)*60+$I189-INT($I189/100)*100)-(INT($H189/100)*60+$H189-INT($H189/100)*100))/60),1),"") | P189: =IF(H189>=1,1,"")
A190: =B190 -> 0 | B190: =C190 -> 0 | E190: =IF(D190="ITEN","Robert",IF(D190="DÖBELI","François",IF(D190="ZEMAULI","Marcel",""))) | G190: =IF($D190>=1,"LFTM","") | J190: =ROUND(IF(ISERR($I190/1)," ",((INT($I190/100)*60+$I190-INT($I190/100)*100)-(INT($H190/100)*60+$H190-INT($H190/100)*100))/60),1) -> 0 | L190: =IF($D190="DÖBELI",ROUND(IF(ISERR($I190/1)," ",((INT($I190/100)*60+$I190-INT($I190/100)*100)-(INT($H190/100)*60+$H190-INT($H190/100)*100))/60),1),"") | M190: =IF($D190="LEGRAS",ROUND(IF(ISERR($I190/1)," ",((INT($I190/100)*60+$I190-INT($I190/100)*100)-(INT($H190/100)*60+$H190-INT($H190/100)*100))/60),1),"") | N190: =IF($D190="ITEN",ROUND(IF(ISERR($I190/1)," ",((INT($I190/100)*60+$I190-INT($I190/100)*100)-(INT($H190/100)*60+$H190-INT($H190/100)*100))/60),1),"") | O190: =IF($D190="ZEMAULI",ROUND(IF(ISERR($I190/1)," ",((INT($I190/100)*60+$I190-INT($I190/100)*100)-(INT($H190/100)*60+$H190-INT($H190/100)*100))/60),1),"") | P190: =IF(H190>=1,1,"")
A191: =B191 -> 0 | B191: =C191 -> 0 | E191: =IF(D191="ITEN","Robert",IF(D191="DÖBELI","François",IF(D191="ZEMAULI","Marcel",""))) | G191: =IF($D191>=1,"LFTM","") | J191: =ROUND(IF(ISERR($I191/1)," ",((INT($I191/100)*60+$I191-INT($I191/100)*100)-(INT($H191/100)*60+$H191-INT($H191/100)*100))/60),1) -> 0 | L191: =IF($D191="DÖBELI",ROUND(IF(ISERR($I191/1)," ",((INT($I191/100)*60+$I191-INT($I191/100)*100)-(INT($H191/100)*60+$H191-INT($H191/100)*100))/60),1),"") | M191: =IF($D191="LEGRAS",ROUND(IF(ISERR($I191/1)," ",((INT($I191/100)*60+$I191-INT($I191/100)*100)-(INT($H191/100)*60+$H191-INT($H191/100)*100))/60),1),"") | N191: =IF($D191="ITEN",ROUND(IF(ISERR($I191/1)," ",((INT($I191/100)*60+$I191-INT($I191/100)*100)-(INT($H191/100)*60+$H191-INT($H191/100)*100))/60),1),"") | O191: =IF($D191="ZEMAULI",ROUND(IF(ISERR($I191/1)," ",((INT($I191/100)*60+$I191-INT($I191/100)*100)-(INT($H191/100)*60+$H191-INT($H191/100)*100))/60),1),"") | P191: =IF(H191>=1,1,"")
A192: =B192 -> 0 | B192: =C192 -> 0 | E192: =IF(D192="ITEN","Robert",IF(D192="DÖBELI","François",IF(D192="ZEMAULI","Marcel",""))) | F192: =G191 | G192: =IF($D192>=1,"LFTM","") | J192: =ROUND(IF(ISERR($I192/1)," ",((INT($I192/100)*60+$I192-INT($I192/100)*100)-(INT($H192/100)*60+$H192-INT($H192/100)*100))/60),1) -> 0 | L192: =IF($D192="DÖBELI",ROUND(IF(ISERR($I192/1)," ",((INT($I192/100)*60+$I192-INT($I192/100)*100)-(INT($H192/100)*60+$H192-INT($H192/100)*100))/60),1),"") | M192: =IF($D192="LEGRAS",ROUND(IF(ISERR($I192/1)," ",((INT($I192/100)*60+$I192-INT($I192/100)*100)-(INT($H192/100)*60+$H192-INT($H192/100)*100))/60),1),"") | N192: =IF($D192="ITEN",ROUND(IF(ISERR($I192/1)," ",((INT($I192/100)*60+$I192-INT($I192/100)*100)-(INT($H192/100)*60+$H192-INT($H192/100)*100))/60),1),"") | O192: =IF($D192="ZEMAULI",ROUND(IF(ISERR($I192/1)," ",((INT($I192/100)*60+$I192-INT($I192/100)*100)-(INT($H192/100)*60+$H192-INT($H192/100)*100))/60),1),"") | P192: =IF(H192>=1,1,"")
A193: =B193 -> 0 | B193: =C193 -> 0 | E193: =IF(D193="ITEN","Robert",IF(D193="DÖBELI","François",IF(D193="ZEMAULI","Marcel",""))) | F193: =G192 | G193: =IF($D193>=1,"LFTM","") | J193: =ROUND(IF(ISERR($I193/1)," ",((INT($I193/100)*60+$I193-INT($I193/100)*100)-(INT($H193/100)*60+$H193-INT($H193/100)*100))/60),1) -> 0 | L193: =IF($D193="DÖBELI",ROUND(IF(ISERR($I193/1)," ",((INT($I193/100)*60+$I193-INT($I193/100)*100)-(INT($H193/100)*60+$H193-INT($H193/100)*100))/60),1),"") | M193: =IF($D193="LEGRAS",ROUND(IF(ISERR($I193/1)," ",((INT($I193/100)*60+$I193-INT($I193/100)*100)-(INT($H193/100)*60+$H193-INT($H193/100)*100))/60),1),"") | N193: =IF($D193="ITEN",ROUND(IF(ISERR($I193/1)," ",((INT($I193/100)*60+$I193-INT($I193/100)*100)-(INT($H193/100)*60+$H193-INT($H193/100)*100))/60),1),"") | O193: =IF($D193="ZEMAULI",ROUND(IF(ISERR($I193/1)," ",((INT($I193/100)*60+$I193-INT($I193/100)*100)-(INT($H193/100)*60+$H193-INT($H193/100)*100))/60),1),"") | P193: =IF(H193>=1,1,"")
A194: =B194 -> 0 | B194: =C194 -> 0 | E194: =IF(D194="ITEN","Robert",IF(D194="DÖBELI","François",IF(D194="ZEMAULI","Marcel",""))) | F194: =G193 | G194: =IF($D194>=1,"LFTM","") | J194: =ROUND(IF(ISERR($I194/1)," ",((INT($I194/100)*60+$I194-INT($I194/100)*100)-(INT($H194/100)*60+$H194-INT($H194/100)*100))/60),1) -> 0 | L194: =IF($D194="DÖBELI",ROUND(IF(ISERR($I194/1)," ",((INT($I194/100)*60+$I194-INT($I194/100)*100)-(INT($H194/100)*60+$H194-INT($H194/100)*100))/60),1),"") | M194: =IF($D194="LEGRAS",ROUND(IF(ISERR($I194/1)," ",((INT($I194/100)*60+$I194-INT($I194/100)*100)-(INT($H194/100)*60+$H194-INT($H194/100)*100))/60),1),"") | N194: =IF($D194="ITEN",ROUND(IF(ISERR($I194/1)," ",((INT($I194/100)*60+$I194-INT($I194/100)*100)-(INT($H194/100)*60+$H194-INT($H194/100)*100))/60),1),"") | O194: =IF($D194="ZEMAULI",ROUND(IF(ISERR($I194/1)," ",((INT($I194/100)*60+$I194-INT($I194/100)*100)-(INT($H194/100)*60+$H194-INT($H194/100)*100))/60),1),"") | P194: =IF(H194>=1,1,"")
...
